Workbook

Sheet Итого по видам (распредел.) 
A1: Сведения о предоставлении из бюджета Саратовской области межбюджетных трансфертов местным бюджетам за 2017 год
F2: тыс. рублей
A3: № п/п | B3: Наименование | C3: Код бюджетной классификации | D3: Закон Саратовской области «Об областном бюджете на 2017 год и на плановый период 2018 и 2019 годов» | F3: Исполнение
D4: первоначальный бюджет (ред. 164-ЗСО от 12.12.2016) | E4: уточненный бюджет (ред. 128-ЗСО от 20.12.2017) + бюджетная роспись
A5: 1 | B5: 2 | C5: 3 | D5: 4 | E5: 5 | F5: 6
A6: 1. | B6: Дотации - всего | D6: =SUM(D7:D10) -> 2514058.5 | E6: =SUM(E7:E10) -> 2776155 | F6: =SUM(F7:F10) -> 2776155
A7: 1.1. | B7: Дотации на выравнивание бюджетной обеспеченности муниципальных районов (городских округов) области | C7: 000 1401 6640170200 511 | D7: 2362516 | E7: 2358712.9 | F7: 2358712.9
A8: 1.2. | B8: Дотации на выравнивание бюджетной обеспеченности поселений области | C8: 000 1401 6640170100 511 | D8: 36906.5 | E8: 36906.5 | F8: 36906.5
A9: 1.3. | B9: Дотации бюджетам городских округов области, связанные с особым режимом безопасного функционирования закрытых административно-территориальных образований | C9: 000 1401 6640150100 511 | D9: 114636 | E9: 114636 | F9: 114636
A10: 1.4. | B10: Дотации на поддержку мер по обеспечению сбалансированности бюджетов | C10: 000 1401 6640170300 511 | D10: 0 | E10: 265899.6 | F10: 265899.6
A11: 2. | B11: Субсидии - всего | D11: =SUM(D12:D37) -> 4860 | E11: =SUM(E12:E37) -> 7035458.9 | F11: =SUM(F12:F37) -> 6832630.6
A12: 2.1. | B12: Субсидии на обеспечение деятельности муниципальных бизнес-инкубаторов | C12: 000 0412 5830171100 521 | D12: 4860 | E12: 4860 | F12: 4860
A13: 2.2. | B13: Субсидии на реализацию мероприятий по обеспечению доступности приоритетных объектов и услуг в приоритетных сферах жизнедеятельности инвалидов и других маломобильных групп населения | C13: 000 0113 6640572100 521 | D13: 0 | E13: 19128.2 | F13: 19015.507
A14: 2.3. | B14: Субсидии на закупку комплектов искусственных покрытий для футбольных полей для спортивных детско-юношеских школ области, включая их доставку и сертификацию полей | C14: 000 1102 56405R4950 521 | D14: 0 | E14: 11858.5 | F14: 11302.911
A15: 2.4. | B15: Субсидии на обеспечение мероприятий по переселению граждан из аварийного жилищного фонда | C15: 000 0501 5380109502 522 | D15: 0 | E15: 1801306.3 | F15: 1752905
A16: 2.5. | B16: Субсидии на поддержку творческой деятельности муниципальных театров в городах с численностью населения до 300 тысяч человек | C16: 000 0801 55206R5580 521 | D16: 0 | E16: 15690 | F16: 15690
A17: 2.6. | B17: Субсидии на создание в общеобразовательных организациях, расположенных в сельской местности, условий для занятий физической культурой и спортом | C17: 000 0702 51207R0970 521 | D17: 0 | E17: 23032 | F17: 23032
A18: 2.7. | B18: Субсидии на создание в дошкольных образовательных организациях (в том числе в организациях, осуществляющих образовательную деятельность по адаптированным основным общеобразовательным программам) условий для получения детьми-инвалидами качественного образования | C18: 000 0701 51107R0270 521 | D18: 0 | E18: 10367 | F18: 10367
A19: 2.8. | B19: Субсидии на реализацию мероприятий по содействию созданию (исходя из прогнозируемой потребности) новых мест в общеобразовательных организациях | C19: 000 0702 51801R5200 522 | D19: 0 | E19: 454458.3 | F19: 454458.3
A20: 2.9. | B20: Субсидии на обеспечение развития и укрепления материально-технической базы муниципальных домов культуры | C20: 000 0801 55А12R5580 521 | E20: 49042 | F20: 49042
A21: 2.10. | B21: Субсидии на обеспечение расходных обязательств, связанных с повышением оплаты труда отдельным категориям работников бюджетной сферы в целях реализации Указов Президента Российской Федерации от 7 мая 2012 года № 597 «О мероприятиях по реализации государственной социальной политики» и от 1 июня 2012 года № 761 «О национальной стратегии действий в интересах детей на 2012 - 2017 годы» | C21: 000 1403 6640171800 521 | D21: 0 | E21: 390335.8 | F21: 388373.56
A22: 2.11. | B22: Субсидии на осуществление дорожной деятельности в отношении автомобильных дорог общего пользования местного значения Саратовской агломерации в границах городских округов области в рамках приоритетного проекта «Безопасные и качественные дороги» за счет средств областного дорожного фонда | C22: 000 0409 602П1D7600 521 | D22: 0 | E22: 730369 | F22: 730369
A23: 2.12. | B23: Субсидии на осуществление дорожной деятельности в отношении автомобильных дорог общего пользования местного значения Саратовской агломерации в границах городских поселений области в рамках приоритетного проекта «Безопасные и качественные дороги» за счет средств областного дорожного фонда | C23: 000 0409 602П1D7700 521 | D23: 0 | E23: 269630 | F23: 269630
A24: 2.13. | B24: Субсидии на капитальный ремонт, ремонт и содержание автомобильных дорог общего пользования местного значения за счет средств областного дорожного фонда | C24: 000 0409 60207D7300 521 | D24: 0 | E24: 258634.6 | F24: 244783.85
A25: 2.14. | B25: Субсидии на комплексное обустройство объектами социальной и инженерной инфраструктуры населенных пунктов, расположенных в сельской местности, на строительство и реконструкцию автомобильных дорог | C25: 000 0409 61505R0180 522 000 0502 61505R0180 522 000 0702 61505R0180 522 000 1101 61505R0180 522 | D25: 0 | E25: 255654.2 | F25: 175859.78
A26: 2.15. | B26: Субсидии на исполнение муниципальных программ в целях реализации мероприятий подпрограммы «Стимулирование программ развития жилищного строительства субъектов Российской Федерации» федеральной целевой программы «Жилище» на 2015-2020 годы | C26: 000 1403 531П3R0210 522 | D26: 0 | E26: 701080.8 | F26: 669996.68
A27: 2.16. | B27: Субсидии на поддержку муниципальных программ формирования современной городской среды | C27: 000 0503 53ВП2R5550 522 | D27: 0 | E27: 588792.3 | F27: 568503.67
A28: 2.17. | B28: Субсидии на поддержку обустройства мест массового отдыха населения (городских парков) | C28: 000 0505 53В02R5600 521 | D28: 0 | E28: 17092.92 | F28: 17092.92
A29: 2.18. | B29: Субсидии на обеспечение жильем молодых семей | D29: 0 | E29: 65573.8 | F29: 61632.84
A30: 2.19. | B30: Субсидии на поддержку отрасли культуры на комплектование книжных фондов муниципальных общедоступных библиотек | C30: 000 0801 55402R5191 521 | D30: 0 | E30: 2242.7 | F30: 2242.7
A31: 2.20. | B31: Субсидии на поддержку отрасли культуры на государственную поддержку муниципальных учреждений культуры, находящихся на территории сельских поселений | C31: 000 0801 55Б04R5192 521 | D31: 0 | E31: 2500 | F31: 2500
A32: 2.21. | B32: Субсидии на поддержку отрасли культуры на подключение муниципальных общедоступных библиотек к информационно-телекоммуникационной сети «Интернет» и развитие библиотечного дела с учетом задачи расширения информационных технологий и оцифровки | C32: 000 0801 55405R5193 521 | D32: 0 | E32: 3755.4 | F32: 3755.4
A33: 2.22. | B33: Субсидии на поддержку отрасли культуры на государственную поддержку лучших работников муниципальных учреждений культуры, находящихся на территории сельских поселений | C33: 000 0801 55Б04R5194 521 | D33: 0 | E33: 1100 | F33: 1100
A34: 2.23. | B34: Субсидии на софинансирование расходных обязательств по реализации мероприятий муниципальных программ развития малого и среднего предпринимательства монопрофильных муниципальных образований | C34: 000 0412 58302R5270 521 | D34: 0 | E34: 8675 | F34: 8675
A35: 2.24. | B35: Субсидии на реализацию расходных обязательств, возникающих при выполнении полномочий по решению вопросов местного значения | C35: 000 1403 6640172200 521 | D35: 0 | E35: 1329759.2 | F35: 1329759.2
A36: 2.25. | B36: Субсидии на грантовую поддержку местных инициатив граждан, проживающих в сельской местности, в рамках реализации муниципальных программ по устойчивому развитию сельских территорий* | C36: 000 0405 61504R0180 521 | D36: 0 | E36: 587 | F36: 587
A37: 2.26. | B37: Субсидии на реализацию проектов развития муниципальных образований области, основанных на местных инициативах* | C37: 000 0113 6640572100 521 | D37: 0 | E37: 19933.906 | F37: 17096.33
A38: 3. | B38: Субвенции - всего | D38: =SUM(D39:D63) -> 16372309 | E38: =SUM(E39:E63) -> 16486852 | F38: =SUM(F39:F63) -> 16465913
A39: 3.1. | B39: Субвенции на финансовое обеспечение образовательной деятельности муниципальных дошкольных образовательных организаций | C39: 000 0701 5110676700 530 | D39: 4145570.8 | E39: 4145570.8 | F39: 4142130.6
A40: 3.2. | B40: Субвенции на компенсацию родительской платы за присмотр и уход за детьми в образовательных организациях, реализующих основную общеобразовательную программу дошкольного образования | C40: 000 1004 5110577900 530 | D40: 330427.1 | E40: 417986.9 | F40: 417797.12
A41: 3.3. | B41: Субвенции на организацию предоставления на компенсации родительской платы и расходы по оплате услуг почтовой связи и банковских услуг, оказываемых банками, по выплате за присмотр и уход за детьми в образовательных организациях, реализующих основную общеобразовательную программу дошкольного образования | C41: 000 0709 5110577800 530 | D41: 15045.8 | E41: 16365.8 | F41: 16246.851
A42: 3.4. | B42: Субвенции на финансовое обеспечение образовательной деятельности муниципальных общеобразовательных учреждений | C42: 000 0702 5121477000 530 | D42: 10423129 | E42: 10509868 | F42: 10507640
A43: 3.5. | B43: Субвенции на предоставление субсидии частным общеобразовательным организациям, осуществляющим образовательную деятельность по имеющим государственную аккредитацию основным общеобразовательным программам, на возмещение затрат на обеспечение образовательной деятельности | C43: 000 0702 5121477100 530 | D43: 74319.4 | E43: 74509 | F43: 74509
A44: 3.6. | B44: Субвенции на осуществление переданных полномочий по предоставлению субсидии частным общеобразовательным организациям, осуществляющим образовательную деятельность по имеющим государственную аккредитацию основным общеобразовательным программам, на возмещение затрат на обеспечение образовательной деятельности | C44: 000 0709 5121477500 530 | D44: 743.2 | E44: 745.3 | F44: 710.1
A45: 3.7. | B45: Субвенции на предоставление субсидии частным дошкольным образовательным организациям на возмещение затрат на обеспечение образовательной деятельности | C45: 000 0701 5110676800 530 | D45: 29823 | E45: 30025.1 | F45: 30025.1
A46: 3.8. | B46: Субвенции на организацию осуществления переданных полномочий по предоставлению субсидии частным дошкольным образовательным организациям на возмещение затрат на обеспечение образовательной деятельности | C46: 000 0709 5110677400 530 | D46: 298.2 | E46: 300.2 | F46: 296.7
A47: 3.9. | B47: Субвенции на предоставление питания отдельным категориям обучающихся в муниципальных образовательных организациях, реализующих образовательные программы начального общего, основного общего и среднего общего образования | C47: 000 0702 5121377200 530 | D47: 268349.5 | E47: 263389.7 | F47: 258683.59
A48: 3.10. | B48: Субвенции на частичное финансирование расходов на присмотр и уход за детьми дошкольного возраста в муниципальных образовательных организациях, реализующих основную общеобразовательную программу дошкольного образования | C48: 000 0701 5110576900 530 | D48: 72401 | E48: 71801.8 | F48: 69836.983
A49: 3.11. | B49: Субвенции на организацию предоставления питания отдельным категориям обучающихся в муниципальных образовательных организациях, реализующих образовательные программы начального общего, основного общего и среднего общего образования, и частичное финансирование расходов на присмотр и уход за детьми дошкольного возраста в муниципальных образовательных организациях, реализующих основную общеобразовательную программу дошкольного образования | C49: 000 0709 5121377300 530 | D49: 17010.9 | E49: 17222.1 | F49: 17194.389
A50: 3.12. | B50: Субвенции на осуществление органами местного самоуправления государственных полномочий по созданию и организации деятельности комиссий по делам несовершеннолетних и защите их прав | C50: 000 0113 6511076600 530 000 0113 9610076600 530 | D50: 17708.3 | E50: 17708.3 | F50: 17647.859
... A62: 3.24. | B62: Субвенции на осуществление органами местного самоуправления поселений и органами местного самоуправления городских округов полномочий по первичному воинскому учету на территориях, где отсутствуют военные комиссариаты | C62: 000 0203 9020051180 530 | D62: 35783.6 | E62: 35783.6 | F62: 35717.494
A63: 3.25. | B63: Субвенции на осуществление государственных полномочий по составлению (изменению) списков кандидатов в присяжные заседатели федеральных судов общей юрисдикции в Российской Федерации | C63: 000 0105 9020051200 530 | E63: 814.8 | F63: 721.0958
A64: 4. | B64: Иные межбюджетные трансферты | D64: =SUM(D65:D71) -> 0 | E64: =SUM(E65:E71) -> 739596.3 | F64: =SUM(F65:F71) -> 644187.71
A65: 4.1. | B65: Иные межбюджетные трансферты на погашение кредиторской задолженности за выполненные в 2016 году объемы работ по капитальному ремонту, ремонту и содержанию автомобильных дорог общего пользования местного значения за счет средств областного дорожного фонда | C65: 000 0409 99100D7500 540 | E65: 109291.68 | F65: 84336.077
A66: 4.2. | B66: Иные межбюджетные трансферты на осуществление дорожной деятельности в отношении автомобильных дорог общего пользования местного значения Саратовской агломерации в границах городских округов области в рамках приоритетного проекта «Безопасные и качественные дороги» за счет средств областного дорожного фонда | C66: 000 0409 602П153900 540 | E66: 100950 | F66: 100950
A67: 4.3. | B67: Иные межбюджетные трансферты в целях обеспечения надлежащего осуществления полномочий по решению вопросов местного значения | C67: 000 1403 6640179200 540 | E67: 409347.3 | F67: 409206.42
A68: 4.4. | B68: Иные межбюджетные трансферты на капитальный ремонт зданий муниципальных общеобразовательных учреждений | C68: 000 0702 9940056120 540 | E68: 9192.3 | F68: 6891.7689
A69: 4.5. | B69: Иные межбюджетные трансферты в целях проведения работ по благоустройству набережной и строительству эллингов, а также для благоустройства пешеходной зоны | C69: 000 0503 9930079100 540 | E69: 95000 | F69: 26988.416
A70: 4.6. | B70: Иные межбюджетные трансферты на премирование муниципальных образований - победителей всероссийского конкурса "Лучшая муниципальная практика" за счет средств резервного фонда Правительства Российской Федерации | C70: 000 1403 994005399F 540 | E70: 640 | F70: 640
A71: 4.7. | B71: Иные межбюджетные трансферты за счет средств, выделяемых из резервного фонда Правительства Саратовской области* | C71: 000 0406 6640379990 540 000 0502 6640379990 540 000 0702 6640379990 540 | E71: 15175.028 | F71: 15175.028
B72: ВСЕГО межбюджетных трансфертов местным бюджетам | D72: =D6+D11+D38+D64 -> 18891227 | E72: =E6+E11+E38+E64 -> 27038062 | F72: =F6+F11+F38+F64 -> 26718886
B74: * в соответствии с бюджетной росписью (с распределением, утвержденным правовым актом Правительства области)

Sheet Всего (с учетом нераспред)
A1: Сведения о предоставленных из бюджета Саратовской области межбюджетных трансфертах бюджетам муниципальных образований за 2017 год
T2: тыс.рублей
A3: Наименование муниципальных образований | B3: Всего | F3: в том числе
F4: Дотации | J4: Субсидии | N4: Субвенции | R4: Иные межбюджетные трансферты
B6: первоначаль-ный бюджет* | C6: бюджетная роспись + уточненный бюджет** | D6: исполнено | E6: % исполнения | F6: первоначаль-ный бюджет* | G6: уточненный бюджет** | H6: исполнено | I6: % исполнения | J6: первоначаль-ный бюджет* | K6: бюджетная роспись + уточненный бюджет** | L6: исполнено | M6: % исполнения | N6: первоначаль-ный бюджет* | O6: уточненный бюджет** | P6: исполнено | Q6: % исполнения | R6: первоначаль-ный бюджет* | S6: бюджетная роспись + уточненный бюджет** | T6: исполнено | U6: % исполнения
A7: Муниципальные районы области: | B7: =SUM(B8:B45) -> 13955332 | C7: =SUM(C8:C45) -> 18269739 | D7: =SUM(D8:D45) -> 18116168 | E7: =D7/C7% -> 99.159428 | F7: =SUM(F8:F45) -> 2299493.9 | G7: =SUM(G8:G45) -> 2560744.2 | H7: =SUM(H8:H45) -> 2560744.2 | I7: =H7/G7% -> 100 | J7: =SUM(J8:J45) -> 4860 | K7: =SUM(K8:K45) -> 3420363 | L7: =SUM(L8:L45) -> 3310218.9 | M7: =L7/K7% -> 96.779757 | N7: =SUM(N8:N45) -> 11650978 | O7: =SUM(O8:O45) -> 11737649 | P7: =SUM(P8:P45) -> 11721620 | Q7: =P7/O7% -> 99.863437 | R7: =SUM(R8:R45) -> 0 | S7: =SUM(S8:S45) -> 550982.3 | T7: =SUM(T8:T45) -> 523585.3 | U7: =T7/S7% -> 95.027607
A8: Александрово-Гайский | B8: =F8+J8+N8+R8 -> 232253.8 | C8: =G8+K8+O8+S8 -> 317976.39 | D8: =H8+L8+P8+T8 -> 314992.93 | E8: =D8/C8% -> 99.061736 | F8: =Дотации!B8 -> 50847 | G8: =Дотации!C8 -> 73835.2 | H8: =Дотации!D8 -> 73835.2 | I8: =Дотации!E8 -> 100 | J8: =Субсидии!B9 -> 0 | K8: =Субсидии!C9 -> 40740.593 | L8: =Субсидии!D9 -> 40317.67 | M8: =L8/K8% -> 98.961914 | N8: =Субвенции!B11 -> 181406.8 | O8: =Субвенции!C11 -> 177821.1 | P8: =Субвенции!D11 -> 177561.09 | Q8: =P8/O8% -> 99.853783 | R8: =Иные!B8 -> 0 | S8: =Иные!C8 -> 25579.5 | T8: =Иные!D8 -> 23278.969 | U8: =T8/S8% -> 91.006348
A9: Аркадакский | B9: =F9+J9+N9+R9 -> 238315.3 | C9: =G9+K9+O9+S9 -> 266010.8 | D9: =H9+L9+P9+T9 -> 265242.81 | E9: =D9/C9% -> 99.711297 | F9: =Дотации!B9 -> 65902.4 | G9: =Дотации!C9 -> 65902.4 | H9: =Дотации!D9 -> 65902.4 | I9: =Дотации!E9 -> 100 | J9: =Субсидии!B10 -> 0 | K9: =Субсидии!C10 -> 17299.357 | L9: =Субсидии!D10 -> 16593.804 | M9: =L9/K9% -> 95.921506 | N9: =Субвенции!B12 -> 172412.9 | O9: =Субвенции!C12 -> 176444.4 | P9: =Субвенции!D12 -> 176381.97 | Q9: =P9/O9% -> 99.964619 | R9: =Иные!B9 -> 0 | S9: =Иные!C9 -> 6364.6393 | T9: =Иные!D9 -> 6364.6393 | U9: =T9/S9% -> 100
A10: Аткарский | B10: =F10+J10+N10+R10 -> 361583.3 | C10: =G10+K10+O10+S10 -> 415316.63 | D10: =H10+L10+P10+T10 -> 411763.54 | E10: =D10/C10% -> 99.144485 | F10: =Дотации!B10 -> 84308.5 | G10: =Дотации!C10 -> 84308.5 | H10: =Дотации!D10 -> 84308.5 | I10: =Дотации!E10 -> 100 | J10: =Субсидии!B11 -> 0 | K10: =Субсидии!C11 -> 37681.431 | L10: =Субсидии!D11 -> 37681.41 | M10: =L10/K10% -> 99.999946 | N10: =Субвенции!B13 -> 277274.8 | O10: =Субвенции!C13 -> 285820 | P10: =Субвенции!D13 -> 285628.12 | Q10: =P10/O10% -> 99.932868 | R10: =Иные!B10 -> 0 | S10: =Иные!C10 -> 7506.7 | T10: =Иные!D10 -> 4145.5 | U10: =T10/S10% -> 55.224
A11: Базарно-Карабулакский | B11: =F11+J11+N11+R11 -> 308186.4 | C11: =G11+K11+O11+S11 -> 393751.3 | D11: =H11+L11+P11+T11 -> 393453.13 | E11: =D11/C11% -> 99.924277 | F11: =Дотации!B11 -> 62002.6 | G11: =Дотации!C11 -> 68754.1 | H11: =Дотации!D11 -> 68754.1 | I11: =Дотации!E11 -> 100 | J11: =Субсидии!B12 -> 0 | K11: =Субсидии!C12 -> 55776.055 | L11: =Субсидии!D12 -> 55622.847 | M11: =L11/K11% -> 99.725315 | N11: =Субвенции!B14 -> 246183.8 | O11: =Субвенции!C14 -> 249352.84 | P11: =Субвенции!D14 -> 249207.89 | Q11: =P11/O11% -> 99.941868 | R11: =Иные!B11 -> 0 | S11: =Иные!C11 -> 19868.3 | T11: =Иные!D11 -> 19868.3 | U11: =T11/S11% -> 100
A12: Балаковский | B12: =F12+J12+N12+R12 -> 1341912.9 | C12: =G12+K12+O12+S12 -> 1493573.4 | D12: =H12+L12+P12+T12 -> 1487439.4 | E12: =D12/C12% -> 99.589305 | F12: =Дотации!B12 -> 0 | G12: =Дотации!C12 -> 0 | H12: =Дотации!D12 -> 0 | I12: =Дотации!E12 | J12: =Субсидии!B13 -> 4860 | K12: =Субсидии!C13 -> 126067.4 | L12: =Субсидии!D13 -> 120256.86 | M12: =L12/K12% -> 95.390926 | N12: =Субвенции!B15 -> 1337052.9 | O12: =Субвенции!C15 -> 1363679.8 | P12: =Субвенции!D15 -> 1363356.3 | Q12: =P12/O12% -> 99.976278 | R12: =Иные!B12 -> 0 | S12: =Иные!C12 -> 3826.194 | T12: =Иные!D12 -> 3826.194 | U12: =T12/S12% -> 100
A13: Балашовский | B13: =F13+J13+N13+R13 -> 832315.1 | C13: =G13+K13+O13+S13 -> 1190065 | D13: =H13+L13+P13+T13 -> 1176252.1 | E13: =D13/C13% -> 98.839316 | F13: =Дотации!B13 -> 124929.6 | G13: =Дотации!C13 -> 124929.6 | H13: =Дотации!D13 -> 124929.6 | I13: =Дотации!E13 -> 100 | J13: =Субсидии!B14 -> 0 | K13: =Субсидии!C14 -> 299991.31 | L13: =Субсидии!D14 -> 289590.52 | M13: =L13/K13% -> 96.532972 | N13: =Субвенции!B16 -> 707385.5 | O13: =Субвенции!C16 -> 711858.6 | P13: =Субвенции!D16 -> 708557.96 | Q13: =P13/O13% -> 99.536335 | R13: =Иные!B13 -> 0 | S13: =Иные!C13 -> 53285.465 | T13: =Иные!D13 -> 53173.992 | U13: =T13/S13% -> 99.7908
A14: Балтайский | B14: =F14+J14+N14+R14 -> 137531.9 | C14: =G14+K14+O14+S14 -> 179928.7 | D14: =H14+L14+P14+T14 -> 179818.28 | E14: =D14/C14% -> 99.938634 | F14: =Дотации!B14 -> 35882.4 | G14: =Дотации!C14 -> 39732.3 | H14: =Дотации!D14 -> 39732.3 | I14: =Дотации!E14 -> 100 | J14: =Субсидии!B15 -> 0 | K14: =Субсидии!C15 -> 32854.999 | L14: =Субсидии!D15 -> 32849.38 | M14: =L14/K14% -> 99.982896 | N14: =Субвенции!B17 -> 101649.5 | O14: =Субвенции!C17 -> 102254.1 | P14: =Субвенции!D17 -> 102149.3 | Q14: =P14/O14% -> 99.897515 | R14: =Иные!B14 -> 0 | S14: =Иные!C14 -> 5087.3 | T14: =Иные!D14 -> 5087.3 | U14: =T14/S14% -> 100
A15: Вольский | B15: =F15+J15+N15+R15 -> 630932.8 | C15: =G15+K15+O15+S15 -> 885738.13 | D15: =H15+L15+P15+T15 -> 881334.96 | E15: =D15/C15% -> 99.502881 | F15: =Дотации!B15 -> 6757.4 | G15: =Дотации!C15 -> 67551.7 | H15: =Дотации!D15 -> 67551.7 | I15: =Дотации!E15 -> 100 | J15: =Субсидии!B16 -> 0 | K15: =Субсидии!C16 -> 162810.23 | L15: =Субсидии!D16 -> 162664.08 | M15: =L15/K15% -> 99.91023 | N15: =Субвенции!B18 -> 624175.4 | O15: =Субвенции!C18 -> 626651.6 | P15: =Субвенции!D18 -> 625464.41 | Q15: =P15/O15% -> 99.81055 | R15: =Иные!B15 -> 0 | S15: =Иные!C15 -> 28724.6 | T15: =Иные!D15 -> 25654.773 | U15: =T15/S15% -> 89.312898
A16: Воскресенский | B16: =F16+J16+N16+R16 -> 137564.2 | C16: =G16+K16+O16+S16 -> 205732.24 | D16: =H16+L16+P16+T16 -> 204986.02 | E16: =D16/C16% -> 99.637285 | F16: =Дотации!B16 -> 34748.8 | G16: =Дотации!C16 -> 34053.8 | H16: =Дотации!D16 -> 34053.8 | I16: =Дотации!E16 -> 100 | J16: =Субсидии!B17 -> 0 | K16: =Субсидии!C17 -> 49762.24 | L16: =Субсидии!D17 -> 49762.24 | M16: =L16/K16% -> 100 | N16: =Субвенции!B19 -> 102815.4 | O16: =Субвенции!C19 -> 98484.4 | P16: =Субвенции!D19 -> 97739.348 | Q16: =P16/O16% -> 99.243482 | R16: =Иные!B16 -> 0 | S16: =Иные!C16 -> 23431.8 | T16: =Иные!D16 -> 23430.63 | U16: =T16/S16% -> 99.995005
A17: Дергачевский | B17: =F17+J17+N17+R17 -> 250862.1 | C17: =G17+K17+O17+S17 -> 296673.89 | D17: =H17+L17+P17+T17 -> 295061 | E17: =D17/C17% -> 99.456343 | F17: =Дотации!B17 -> 76846.8 | G17: =Дотации!C17 -> 77180.9 | H17: =Дотации!D17 -> 77180.9 | I17: =Дотации!E17 -> 100 | J17: =Субсидии!B18 -> 0 | K17: =Субсидии!C18 -> 35706.782 | L17: =Субсидии!D18 -> 34531.12 | M17: =L17/K17% -> 96.707454 | N17: =Субвенции!B20 -> 174015.3 | O17: =Субвенции!C20 -> 178165.6 | P17: =Субвенции!D20 -> 177928.37 | Q17: =P17/O17% -> 99.86685 | R17: =Иные!B17 -> 0 | S17: =Иные!C17 -> 5620.603 | T17: =Иные!D17 -> 5420.603 | U17: =T17/S17% -> 96.441663
A18: Духовницкий | B18: =F18+J18+N18+R18 -> 131687 | C18: =G18+K18+O18+S18 -> 164303.29 | D18: =H18+L18+P18+T18 -> 164150.37 | E18: =D18/C18% -> 99.906933 | F18: =Дотации!B18 -> 28525.9 | G18: =Дотации!C18 -> 29138.8 | H18: =Дотации!D18 -> 29138.8 | I18: =Дотации!E18 -> 100 | J18: =Субсидии!B19 -> 0 | K18: =Субсидии!C19 -> 21004.327 | L18: =Субсидии!D19 -> 21004.327 | M18: =L18/K18% -> 100 | N18: =Субвенции!B21 -> 103161.1 | O18: =Субвенции!C21 -> 104267 | P18: =Субвенции!D21 -> 104114.09 | Q18: =P18/O18% -> 99.853345 | R18: =Иные!B18 -> 0 | S18: =Иные!C18 -> 9893.158 | T18: =Иные!D18 -> 9893.158 | U18: =T18/S18% -> 100
A19: Екатериновский | B19: =F19+J19+N19+R19 -> 203454.7 | C19: =G19+K19+O19+S19 -> 269675.62 | D19: =H19+L19+P19+T19 -> 269542.59 | E19: =D19/C19% -> 99.950671 | F19: =Дотации!B19 -> 27695.4 | G19: =Дотации!C19 -> 43653.8 | H19: =Дотации!D19 -> 43653.8 | I19: =Дотации!E19 -> 100 | J19: =Субсидии!B20 -> 0 | K19: =Субсидии!C20 -> 44097.447 | L19: =Субсидии!D20 -> 44092.035 | M19: =L19/K19% -> 99.987726 | N19: =Субвенции!B22 -> 175759.3 | O19: =Субвенции!C22 -> 174780.1 | P19: =Субвенции!D22 -> 174652.48 | Q19: =P19/O19% -> 99.926985 | R19: =Иные!B19 -> 0 | S19: =Иные!C19 -> 7144.2755 | T19: =Иные!D19 -> 7144.2755 | U19: =T19/S19% -> 100
... A40: Советский | B40: =F40+J40+N40+R40 -> 196040 | C40: =G40+K40+O40+S40 -> 303774.76 | D40: =H40+L40+P40+T40 -> 302799.54 | E40: =D40/C40% -> 99.678967 | F40: =Дотации!B40 -> 24729.7 | G40: =Дотации!C40 -> 41281.7 | H40: =Дотации!D40 -> 41281.7 | I40: =Дотации!E40 -> 100 | J40: =Субсидии!B41 -> 0 | K40: =Субсидии!C41 -> 72988.4 | L40: =Субсидии!D41 -> 72184.229 | M40: =L40/K40% -> 98.89822 | N40: =Субвенции!B43 -> 171310.3 | O40: =Субвенции!C43 -> 172185.4 | P40: =Субвенции!D43 -> 172107.46 | Q40: =P40/O40% -> 99.954732 | R40: =Иные!B40 -> 0 | S40: =Иные!C40 -> 17319.259 | T40: =Иные!D40 -> 17226.159 | U40: =T40/S40% -> 99.462448
A41: Татищевский | B41: =F41+J41+N41+R41 -> 221552 | C41: =G41+K41+O41+S41 -> 280347.03 | D41: =H41+L41+P41+T41 -> 278931.7 | E41: =D41/C41% -> 99.495153 | F41: =Дотации!B41 -> 0 | G41: =Дотации!C41 -> 0 | H41: =Дотации!D41 -> 0 | I41: =Дотации!E41 | J41: =Субсидии!B42 -> 0 | K41: =Субсидии!C42 -> 47617.727 | L41: =Субсидии!D42 -> 46243.399 | M41: =L41/K41% -> 97.113832 | N41: =Субвенции!B44 -> 221552 | O41: =Субвенции!C44 -> 232729.3 | P41: =Субвенции!D44 -> 232688.31 | Q41: =P41/O41% -> 99.982385 | R41: =Иные!B41 -> 0 | S41: =Иные!C41 -> 0 | T41: =Иные!D41 -> 0
A42: Турковский | B42: =F42+J42+N42+R42 -> 147107.8 | C42: =G42+K42+O42+S42 -> 172430.26 | D42: =H42+L42+P42+T42 -> 172342.91 | E42: =D42/C42% -> 99.949341 | F42: =Дотации!B42 -> 47128 | G42: =Дотации!C42 -> 61307.3 | H42: =Дотации!D42 -> 61307.3 | I42: =Дотации!E42 -> 100 | J42: =Субсидии!B43 -> 0 | K42: =Субсидии!C43 -> 14030.418 | L42: =Субсидии!D43 -> 14021.047 | M42: =L42/K42% -> 99.933209 | N42: =Субвенции!B45 -> 99979.8 | O42: =Субвенции!C45 -> 95082.3 | P42: =Субвенции!D45 -> 95004.32 | Q42: =P42/O42% -> 99.917987 | R42: =Иные!B42 -> 0 | S42: =Иные!C42 -> 2010.241 | T42: =Иные!D42 -> 2010.241 | U42: =T42/S42% -> 100
A43: Федоровский | B43: =F43+J43+N43+R43 -> 224007.2 | C43: =G43+K43+O43+S43 -> 289841.8 | D43: =H43+L43+P43+T43 -> 289330.2 | E43: =D43/C43% -> 99.823491 | F43: =Дотации!B43 -> 67377.4 | G43: =Дотации!C43 -> 67377.4 | H43: =Дотации!D43 -> 67377.4 | I43: =Дотации!E43 -> 100 | J43: =Субсидии!B44 -> 0 | K43: =Субсидии!C44 -> 43839 | L43: =Субсидии!D44 -> 43552.793 | M43: =L43/K43% -> 99.347142 | N43: =Субвенции!B46 -> 156629.8 | O43: =Субвенции!C46 -> 161214.7 | P43: =Субвенции!D46 -> 160989.31 | Q43: =P43/O43% -> 99.860193 | R43: =Иные!B43 -> 0 | S43: =Иные!C43 -> 17410.7 | T43: =Иные!D43 -> 17410.7 | U43: =T43/S43% -> 100
A44: Хвалынский | B44: =F44+J44+N44+R44 -> 226932 | C44: =G44+K44+O44+S44 -> 283539.39 | D44: =H44+L44+P44+T44 -> 280987.39 | E44: =D44/C44% -> 99.099947 | F44: =Дотации!B44 -> 62682.6 | G44: =Дотации!C44 -> 62682.6 | H44: =Дотации!D44 -> 62682.6 | I44: =Дотации!E44 -> 100 | J44: =Субсидии!B45 -> 0 | K44: =Субсидии!C45 -> 22962.287 | L44: =Субсидии!D45 -> 22138.6 | M44: =L44/K44% -> 96.41287 | N44: =Субвенции!B47 -> 164249.4 | O44: =Субвенции!C47 -> 163725.2 | P44: =Субвенции!D47 -> 163495.98 | Q44: =P44/O44% -> 99.859999 | R44: =Иные!B44 -> 0 | S44: =Иные!C44 -> 34169.307 | T44: =Иные!D44 -> 32670.205 | U44: =T44/S44% -> 95.612722
A45: Энгельсский | B45: =F45+J45+N45+R45 -> 1742401.4 | C45: =G45+K45+O45+S45 -> 3036039.5 | D45: =H45+L45+P45+T45 -> 2956580.3 | E45: =D45/C45% -> 97.382801 | F45: =Дотации!B45 -> 0 | G45: =Дотации!C45 -> 0 | H45: =Дотации!D45 -> 0 | I45: =Дотации!E45 | J45: =Субсидии!B46 -> 0 | K45: =Субсидии!C46 -> 1282442.4 | L45: =Субсидии!D46 -> 1203846.5 | M45: =L45/K45% -> 93.871389 | N45: =Субвенции!B48 -> 1742401.4 | O45: =Субвенции!C48 -> 1750000.8 | P45: =Субвенции!D48 -> 1749137.5 | Q45: =P45/O45% -> 99.950669 | R45: =Иные!B45 -> 0 | S45: =Иные!C45 -> 3596.3 | T45: =Иные!D45 -> 3596.3 | U45: =T45/S45% -> 100
A46: Городские округа области: | B46: =SUM(B47:B50) -> 4935895.5 | C46: =SUM(C47:C50) -> 8768323.3 | D46: =SUM(D47:D50) -> 8602718.1 | E46: =D46/C46% -> 98.111324 | F46: =SUM(F47:F50) -> 214564.6 | G46: =SUM(G47:G50) -> 215410.8 | H46: =SUM(H47:H50) -> 215410.8 | I46: =H46/G46% -> 100 | J46: =SUM(J47:J50) -> 0 | K46: =SUM(K47:K50) -> 3615096 | L46: =SUM(L47:L50) -> 3522411.7 | M46: =L46/K46% -> 97.436188 | N46: =SUM(N47:N50) -> 4721330.9 | O46: =SUM(O47:O50) -> 4749202.6 | P46: =SUM(P47:P50) -> 4744293.2 | Q46: =P46/O46% -> 99.896627 | R46: =SUM(R47:R50) -> 0 | S46: =SUM(S47:S50) -> 188614 | T46: =SUM(T47:T50) -> 120602.42 | U46: =T46/S46% -> 63.941391
A47: г. Саратов | B47: =F47+J47+N47+R47 -> 4580686.6 | C47: =G47+K47+O47+S47 -> 8405344.5 | D47: =H47+L47+P47+T47 -> 8241134 | E47: =D47/C47% -> 98.046356 | F47: =Дотации!B47 -> 36015.7 | G47: =Дотации!C47 -> 36015.7 | H47: =Дотации!D47 -> 36015.7 | I47: =Дотации!E47 -> 100 | J47: =Субсидии!B48 -> 0 | K47: =Субсидии!C48 -> 3604873.5 | L47: =Субсидии!D48 -> 3512189.2 | M47: =L47/K47% -> 97.428917 | N47: =Субвенции!B50 -> 4544670.9 | O47: =Субвенции!C50 -> 4575841.4 | P47: =Субвенции!D50 -> 4572326.7 | Q47: =P47/O47% -> 99.923192 | R47: =Иные!B47 -> 0 | S47: =Иные!C47 -> 188614 | T47: =Иные!D47 -> 120602.42 | U47: =T47/S47% -> 63.941391
A48: ЗАТО Михайловский | B48: =F48+J48+N48+R48 -> 78004.2 | C48: =G48+K48+O48+S48 -> 81688.7 | D48: =H48+L48+P48+T48 -> 81629.063 | E48: =D48/C48% -> 99.926995 | F48: =Дотации!B48 -> 55129.8 | G48: =Дотации!C48 -> 55976 | H48: =Дотации!D48 -> 55976 | I48: =Дотации!E48 -> 100 | J48: =Субсидии!B49 -> 0 | K48: =Субсидии!C49 -> 2758 | L48: =Субсидии!D49 -> 2758 | M48: =L48/K48% -> 100 | N48: =Субвенции!B51 -> 22874.4 | O48: =Субвенции!C51 -> 22954.7 | P48: =Субвенции!D51 -> 22895.063 | Q48: =P48/O48% -> 99.740197 | R48: =Иные!B48 -> 0 | S48: =Иные!C48 -> 0 | T48: =Иные!D48 -> 0
A49: ЗАТО Светлый | B49: =F49+J49+N49+R49 -> 149945.4 | C49: =G49+K49+O49+S49 -> 150756.3 | D49: =H49+L49+P49+T49 -> 149576.1 | E49: =D49/C49% -> 99.217146 | F49: =Дотации!B49 -> 54609.9 | G49: =Дотации!C49 -> 54609.9 | H49: =Дотации!D49 -> 54609.9 | I49: =Дотации!E49 -> 100 | J49: =Субсидии!B50 -> 0 | K49: =Субсидии!C50 -> 3852.3 | L49: =Субсидии!D50 -> 3852.3 | M49: =L49/K49% -> 100 | N49: =Субвенции!B52 -> 95335.5 | O49: =Субвенции!C52 -> 92294.1 | P49: =Субвенции!D52 -> 91113.898 | Q49: =P49/O49% -> 98.721259 | R49: =Иные!B49 -> 0 | S49: =Иные!C49 -> 0 | T49: =Иные!D49 -> 0
A50: ЗАТО Шиханы | B50: =F50+J50+N50+R50 -> 127259.3 | C50: =G50+K50+O50+S50 -> 130533.8 | D50: =H50+L50+P50+T50 -> 130378.89 | E50: =D50/C50% -> 99.881329 | F50: =Дотации!B50 -> 68809.2 | G50: =Дотации!C50 -> 68809.2 | H50: =Дотации!D50 -> 68809.2 | I50: =Дотации!E50 -> 100 | J50: =Субсидии!B51 -> 0 | K50: =Субсидии!C51 -> 3612.2 | L50: =Субсидии!D51 -> 3612.2 | M50: =L50/K50% -> 100 | N50: =Субвенции!B53 -> 58450.1 | O50: =Субвенции!C53 -> 58112.4 | P50: =Субвенции!D53 -> 57957.494 | Q50: =P50/O50% -> 99.733437 | R50: =Иные!B50 -> 0 | S50: =Иные!C50 -> 0 | T50: =Иные!D50 -> 0
A51: Не распределено*** | B51: =F51+J51+N51+R51 -> 258634.6 | C51: =G51+K51+O51+S51 -> 13.13978 | D51: =H51+L51+P51+T51 -> 0 | J51: =Субсидии!B52 -> 258634.6 | K51: =Субсидии!C52 -> 13.13978
A52: ИТОГО | B52: =F52+J52+N52+R52 -> 19149862 | C52: =G52+K52+O52+S52 -> 27038075 | D52: =H52+L52+P52+T52 -> 26718886 | E52: =D52/C52% -> 98.819484 | F52: =Дотации!B52 -> 2514058.5 | G52: =Дотации!C52 -> 2776155 | H52: =Дотации!D52 -> 2776155 | I52: =Дотации!E52 -> 100 | J52: =Субсидии!B53 -> 263494.6 | K52: =Субсидии!C53 -> 7035472.1 | L52: =Субсидии!D53 -> 6832630.6 | M52: =L52/K52% -> 97.116875 | N52: =Субвенции!B55 -> 16372309 | O52: =Субвенции!C55 -> 16486852 | P52: =Субвенции!D55 -> 16465913 | Q52: =P52/O52% -> 99.872998 | R52: =Иные!B52 -> 0 | S52: =Иные!C52 -> 739596.3 | T52: =Иные!D52 -> 644187.71 | U52: =T52/S52% -> 87.09991
A54: * Закон Саратовской области «Об областном бюджете на 2017 год и на плановый период 2018 и 2019 годов» в редакции от 12.12.2016 года
A55: ** Закон Саратовской области «Об областном бюджете на 2017 год и на плановый период 2018 и 2019 годов» в редакции от 20.12.2017 года и бюджетная роспись (распределение, утвержденное правовым актом Правительства области)
A56: *** заполняется, если в законе о бюджете утверждена общая сумма межбюджетного трансферта, но отсутствует распределение по муниципальным образованиям

Sheet Дотации
A1: Сведения о предоставлении из бюджета Саратовской области дотаций муниципальным образованиям за 2017 год
T3: тыс.рублей
A4: Наименование муниципальных образований | B4: Дотации, всего | F4: в том числе
F5: на выравнивание бюджетной обеспеченности муниципальных районов (городских округов) области | J5: на выравнивание бюджетной обеспеченности поселений области | N5: дотации, связанные с особым режимом безопасного функционирования закрытых административно-территориальных образований | R5: на поддержку мер по обеспечению сбалансированности бюджетов
B6: первоначаль-ный бюджет* | C6: уточненный бюджет** | D6: исполнено | E6: % исполнения | F6: первоначаль-ный бюджет* | G6: уточненный бюджет** | H6: исполнено | I6: % исполнения | J6: первоначаль-ный бюджет* | K6: уточненный бюджет** | L6: исполнено | M6: % исполнения | N6: первоначаль-ный бюджет* | O6: уточненный бюджет** | P6: исполнено | Q6: % исполнения | R6: первоначаль-ный бюджет* | S6: уточненный бюджет** | T6: исполнено | U6: % исполнения
A7: Муниципальные районы области: | B7: =SUM(B8:B45) -> 2299493.9 | C7: =SUM(C8:C45) -> 2560744.2 | D7: =SUM(D8:D45) -> 2560744.2 | E7: =C7/D7% -> 100 | F7: =SUM(F8:F45) -> 2299493.9 | G7: =SUM(G8:G45) -> 2295690.8 | H7: =SUM(H8:H45) -> 2295690.8 | I7: =G7/H7% -> 100 | J7: =SUM(J8:J45) -> 0 | K7: =SUM(K8:K45) -> 0 | L7: =SUM(L8:L45) -> 0 | N7: =SUM(N8:N45) -> 0 | O7: =SUM(O8:O45) -> 0 | P7: =SUM(P8:P45) -> 0 | R7: =SUM(R8:R45) -> 0 | S7: =SUM(S8:S45) -> 265053.4 | T7: =SUM(T8:T45) -> 265053.4 | U7: =S7/T7% -> 100
A8: Александрово-Гайский | B8: =F8+J8+N8+R8 -> 50847 | C8: =G8+K8+O8+S8 -> 73835.2 | D8: =H8+L8+P8+T8 -> 73835.2 | E8: =C8/D8% -> 100 | F8: 50847 | G8: 50847 | H8: 50847 | I8: =G8/H8% -> 100 | J8: 0 | K8: 0 | L8: 0 | N8: 0 | O8: 0 | P8: 0 | R8: 0 | S8: 22988.2 | T8: 22988.2 | U8: =S8/T8% -> 100
A9: Аркадакский | B9: =F9+J9+N9+R9 -> 65902.4 | C9: =G9+K9+O9+S9 -> 65902.4 | D9: =H9+L9+P9+T9 -> 65902.4 | E9: =C9/D9% -> 100 | F9: 65902.4 | G9: 65902.4 | H9: 65902.4 | I9: =G9/H9% -> 100 | J9: 0 | K9: 0 | L9: 0 | N9: 0 | O9: 0 | P9: 0 | R9: 0 | S9: 0 | T9: 0
A10: Аткарский | B10: =F10+J10+N10+R10 -> 84308.5 | C10: =G10+K10+O10+S10 -> 84308.5 | D10: =H10+L10+P10+T10 -> 84308.5 | E10: =C10/D10% -> 100 | F10: 84308.5 | G10: 84308.5 | H10: 84308.5 | I10: =G10/H10% -> 100 | J10: 0 | K10: 0 | L10: 0 | N10: 0 | O10: 0 | P10: 0 | R10: 0 | S10: 0 | T10: 0
A11: Базарно-Карабулакский | B11: =F11+J11+N11+R11 -> 62002.6 | C11: =G11+K11+O11+S11 -> 68754.1 | D11: =H11+L11+P11+T11 -> 68754.1 | E11: =C11/D11% -> 100 | F11: 62002.6 | G11: 62002.6 | H11: 62002.6 | I11: =G11/H11% -> 100 | J11: 0 | K11: 0 | L11: 0 | N11: 0 | O11: 0 | P11: 0 | R11: 0 | S11: 6751.5 | T11: 6751.5
A12: Балаковский | B12: =F12+J12+N12+R12 -> 0 | C12: =G12+K12+O12+S12 -> 0 | D12: =H12+L12+P12+T12 -> 0 | F12: 0 | G12: 0 | H12: 0 | J12: 0 | K12: 0 | L12: 0 | N12: 0 | O12: 0 | P12: 0 | R12: 0 | S12: 0 | T12: 0
A13: Балашовский | B13: =F13+J13+N13+R13 -> 124929.6 | C13: =G13+K13+O13+S13 -> 124929.6 | D13: =H13+L13+P13+T13 -> 124929.6 | E13: =C13/D13% -> 100 | F13: 124929.6 | G13: 124929.6 | H13: 124929.6 | I13: =G13/H13% -> 100 | J13: 0 | K13: 0 | L13: 0 | N13: 0 | O13: 0 | P13: 0 | R13: 0 | S13: 0 | T13: 0
A14: Балтайский | B14: =F14+J14+N14+R14 -> 35882.4 | C14: =G14+K14+O14+S14 -> 39732.3 | D14: =H14+L14+P14+T14 -> 39732.3 | E14: =C14/D14% -> 100 | F14: 35882.4 | G14: 35480.7 | H14: 35480.7 | I14: =G14/H14% -> 100 | J14: 0 | K14: 0 | L14: 0 | N14: 0 | O14: 0 | P14: 0 | R14: 0 | S14: 4251.6 | T14: 4251.6
A15: Вольский | B15: =F15+J15+N15+R15 -> 6757.4 | C15: =G15+K15+O15+S15 -> 67551.7 | D15: =H15+L15+P15+T15 -> 67551.7 | E15: =C15/D15% -> 100 | F15: 6757.4 | G15: 6757.4 | H15: 6757.4 | I15: =G15/H15% -> 100 | J15: 0 | K15: 0 | L15: 0 | N15: 0 | O15: 0 | P15: 0 | R15: 0 | S15: 60794.3 | T15: 60794.3
A16: Воскресенский | B16: =F16+J16+N16+R16 -> 34748.8 | C16: =G16+K16+O16+S16 -> 34053.8 | D16: =H16+L16+P16+T16 -> 34053.8 | E16: =C16/D16% -> 100 | F16: 34748.8 | G16: 34053.8 | H16: 34053.8 | I16: =G16/H16% -> 100 | J16: 0 | K16: 0 | L16: 0 | N16: 0 | O16: 0 | P16: 0 | R16: 0 | S16: 0 | T16: 0
A17: Дергачевский | B17: =F17+J17+N17+R17 -> 76846.8 | C17: =G17+K17+O17+S17 -> 77180.9 | D17: =H17+L17+P17+T17 -> 77180.9 | E17: =C17/D17% -> 100 | F17: 76846.8 | G17: 76067.2 | H17: 76067.2 | I17: =G17/H17% -> 100 | J17: 0 | K17: 0 | L17: 0 | N17: 0 | O17: 0 | P17: 0 | R17: 0 | S17: 1113.7 | T17: 1113.7 | U17: =S17/T17% -> 100
A18: Духовницкий | B18: =F18+J18+N18+R18 -> 28525.9 | C18: =G18+K18+O18+S18 -> 29138.8 | D18: =H18+L18+P18+T18 -> 29138.8 | E18: =C18/D18% -> 100 | F18: 28525.9 | G18: 27931.1 | H18: 27931.1 | I18: =G18/H18% -> 100 | J18: 0 | K18: 0 | L18: 0 | N18: 0 | O18: 0 | P18: 0 | R18: 0 | S18: 1207.7 | T18: 1207.7 | U18: =S18/T18% -> 100
A19: Екатериновский | B19: =F19+J19+N19+R19 -> 27695.4 | C19: =G19+K19+O19+S19 -> 43653.8 | D19: =H19+L19+P19+T19 -> 43653.8 | E19: =C19/D19% -> 100 | F19: 27695.4 | G19: 27695.4 | H19: 27695.4 | I19: =G19/H19% -> 100 | J19: 0 | K19: 0 | L19: 0 | N19: 0 | O19: 0 | P19: 0 | R19: 0 | S19: 15958.4 | T19: 15958.4 | U19: =S19/T19% -> 100
A20: Ершовский | B20: =F20+J20+N20+R20 -> 93682.6 | C20: =G20+K20+O20+S20 -> 93682.6 | D20: =H20+L20+P20+T20 -> 93682.6 | E20: =C20/D20% -> 100 | F20: 93682.6 | G20: 93682.6 | H20: 93682.6 | I20: =G20/H20% -> 100 | J20: 0 | K20: 0 | L20: 0 | N20: 0 | O20: 0 | P20: 0 | R20: 0 | S20: 0 | T20: 0
A21: Ивантеевский | B21: =F21+J21+N21+R21 -> 16049.3 | C21: =G21+K21+O21+S21 -> 65039.6 | D21: =H21+L21+P21+T21 -> 65039.6 | E21: =C21/D21% -> 100 | F21: 16049.3 | G21: 16049.3 | H21: 16049.3 | I21: =G21/H21% -> 100 | J21: 0 | K21: 0 | L21: 0 | N21: 0 | O21: 0 | P21: 0 | R21: 0 | S21: 48990.3 | T21: 48990.3 | U21: =S21/T21% -> 100
A22: Калининский | B22: =F22+J22+N22+R22 -> 77961.8 | C22: =G22+K22+O22+S22 -> 77961.8 | D22: =H22+L22+P22+T22 -> 77961.8 | E22: =C22/D22% -> 100 | F22: 77961.8 | G22: 77961.8 | H22: 77961.8 | I22: =G22/H22% -> 100 | J22: 0 | K22: 0 | L22: 0 | N22: 0 | O22: 0 | P22: 0 | R22: 0 | S22: 0 | T22: 0
A23: Красноармейский | B23: =F23+J23+N23+R23 -> 92950.8 | C23: =G23+K23+O23+S23 -> 92950.8 | D23: =H23+L23+P23+T23 -> 92950.8 | E23: =C23/D23% -> 100 | F23: 92950.8 | G23: 92950.8 | H23: 92950.8 | I23: =G23/H23% -> 100 | J23: 0 | K23: 0 | L23: 0 | N23: 0 | O23: 0 | P23: 0 | R23: 0 | S23: 0 | T23: 0
A24: Краснокутский | B24: =F24+J24+N24+R24 -> 72039 | C24: =G24+K24+O24+S24 -> 82015.2 | D24: =H24+L24+P24+T24 -> 82015.2 | E24: =C24/D24% -> 100 | F24: 72039 | G24: 71210.6 | H24: 71210.6 | I24: =G24/H24% -> 100 | J24: 0 | K24: 0 | L24: 0 | N24: 0 | O24: 0 | P24: 0 | R24: 0 | S24: 10804.6 | T24: 10804.6 | U24: =S24/T24% -> 100
A25: Краснопартизанский | B25: =F25+J25+N25+R25 -> 49423.1 | C25: =G25+K25+O25+S25 -> 49849.4 | D25: =H25+L25+P25+T25 -> 49849.4 | E25: =C25/D25% -> 100 | F25: 49423.1 | G25: 48919.5 | H25: 48919.5 | I25: =G25/H25% -> 100 | J25: 0 | K25: 0 | L25: 0 | N25: 0 | O25: 0 | P25: 0 | R25: 0 | S25: 929.9 | T25: 929.9 | U25: =S25/T25% -> 100
A26: Лысогорский | B26: =F26+J26+N26+R26 -> 53382.5 | C26: =G26+K26+O26+S26 -> 58890.2 | D26: =H26+L26+P26+T26 -> 58890.2 | E26: =C26/D26% -> 100 | F26: 53382.5 | G26: 53382.5 | H26: 53382.5 | I26: =G26/H26% -> 100 | J26: 0 | K26: 0 | L26: 0 | N26: 0 | O26: 0 | P26: 0 | R26: 0 | S26: 5507.7 | T26: 5507.7 | U26: =S26/T26% -> 100
A27: Марксовский | B27: =F27+J27+N27+R27 -> 148892.9 | C27: =G27+K27+O27+S27 -> 148892.9 | D27: =H27+L27+P27+T27 -> 148892.9 | E27: =C27/D27% -> 100 | F27: 148892.9 | G27: 148892.9 | H27: 148892.9 | I27: =G27/H27% -> 100 | J27: 0 | K27: 0 | L27: 0 | N27: 0 | O27: 0 | P27: 0 | R27: 0 | S27: 0 | T27: 0
A28: Новобурасский | B28: =F28+J28+N28+R28 -> 55226.6 | C28: =G28+K28+O28+S28 -> 97535.5 | D28: =H28+L28+P28+T28 -> 97535.5 | E28: =C28/D28% -> 100 | F28: 55226.6 | G28: 55226.6 | H28: 55226.6 | I28: =G28/H28% -> 100 | J28: 0 | K28: 0 | L28: 0 | N28: 0 | O28: 0 | P28: 0 | R28: 0 | S28: 42308.9 | T28: 42308.9 | U28: =S28/T28% -> 100
A29: Новоузенский | B29: =F29+J29+N29+R29 -> 126699.9 | C29: =G29+K29+O29+S29 -> 126699.9 | D29: =H29+L29+P29+T29 -> 126699.9 | E29: =C29/D29% -> 100 | F29: 126699.9 | G29: 126699.9 | H29: 126699.9 | I29: =G29/H29% -> 100 | J29: 0 | K29: 0 | L29: 0 | N29: 0 | O29: 0 | P29: 0 | R29: 0 | S29: 0 | T29: 0
A30: Озинский | B30: =F30+J30+N30+R30 -> 78815.8 | C30: =G30+K30+O30+S30 -> 78815.8 | D30: =H30+L30+P30+T30 -> 78815.8 | E30: =C30/D30% -> 100 | F30: 78815.8 | G30: 78815.8 | H30: 78815.8 | I30: =G30/H30% -> 100 | J30: 0 | K30: 0 | L30: 0 | N30: 0 | O30: 0 | P30: 0 | R30: 0 | S30: 0 | T30: 0
A31: Перелюбский | B31: =F31+J31+N31+R31 -> 42321 | C31: =G31+K31+O31+S31 -> 42321 | D31: =H31+L31+P31+T31 -> 42321 | E31: =C31/D31% -> 100 | F31: 42321 | G31: 42321 | H31: 42321 | I31: =G31/H31% -> 100 | J31: 0 | K31: 0 | L31: 0 | N31: 0 | O31: 0 | P31: 0 | R31: 0 | S31: 0 | T31: 0
A32: Петровский | B32: =F32+J32+N32+R32 -> 115087.6 | C32: =G32+K32+O32+S32 -> 115087.6 | D32: =H32+L32+P32+T32 -> 115087.6 | E32: =C32/D32% -> 100 | F32: 115087.6 | G32: 115087.6 | H32: 115087.6 | I32: =G32/H32% -> 100 | J32: 0 | K32: 0 | L32: 0 | N32: 0 | O32: 0 | P32: 0 | R32: 0 | S32: 0 | T32: 0
A33: Питерский | B33: =F33+J33+N33+R33 -> 58287.5 | C33: =G33+K33+O33+S33 -> 71002.8 | D33: =H33+L33+P33+T33 -> 71002.8 | E33: =C33/D33% -> 100 | F33: 58287.5 | G33: 58287.5 | H33: 58287.5 | I33: =G33/H33% -> 100 | J33: 0 | K33: 0 | L33: 0 | N33: 0 | O33: 0 | P33: 0 | R33: 0 | S33: 12715.3 | T33: 12715.3 | U33: =S33/T33% -> 100
A34: Пугачевский | B34: =F34+J34+N34+R34 -> 134329 | C34: =G34+K34+O34+S34 -> 134329 | D34: =H34+L34+P34+T34 -> 134329 | E34: =C34/D34% -> 100 | F34: 134329 | G34: 134329 | H34: 134329 | I34: =G34/H34% -> 100 | J34: 0 | K34: 0 | L34: 0 | N34: 0 | O34: 0 | P34: 0 | R34: 0 | S34: 0 | T34: 0
A35: Ровенский | B35: =F35+J35+N35+R35 -> 73644.4 | C35: =G35+K35+O35+S35 -> 73644.4 | D35: =H35+L35+P35+T35 -> 73644.4 | E35: =C35/D35% -> 100 | F35: 73644.4 | G35: 73644.4 | H35: 73644.4 | I35: =G35/H35% -> 100 | J35: 0 | K35: 0 | L35: 0 | N35: 0 | O35: 0 | P35: 0 | R35: 0 | S35: 0 | T35: 0
A36: Романовский | B36: =F36+J36+N36+R36 -> 47145.5 | C36: =G36+K36+O36+S36 -> 47145.5 | D36: =H36+L36+P36+T36 -> 47145.5 | E36: =C36/D36% -> 100 | F36: 47145.5 | G36: 47145.5 | H36: 47145.5 | I36: =G36/H36% -> 100 | J36: 0 | K36: 0 | L36: 0 | N36: 0 | O36: 0 | P36: 0 | R36: 0 | S36: 0 | T36: 0
A37: Ртищевский | B37: =F37+J37+N37+R37 -> 116001.5 | C37: =G37+K37+O37+S37 -> 116001.5 | D37: =H37+L37+P37+T37 -> 116001.5 | E37: =C37/D37% -> 100 | F37: 116001.5 | G37: 116001.5 | H37: 116001.5 | I37: =G37/H37% -> 100 | J37: 0 | K37: 0 | L37: 0 | N37: 0 | O37: 0 | P37: 0 | R37: 0 | S37: 0 | T37: 0
A38: Самойловский | B38: =F38+J38+N38+R38 -> 47188.6 | C38: =G38+K38+O38+S38 -> 47188.6 | D38: =H38+L38+P38+T38 -> 47188.6 | E38: =C38/D38% -> 100 | F38: 47188.6 | G38: 47188.6 | H38: 47188.6 | I38: =G38/H38% -> 100 | J38: 0 | K38: 0 | L38: 0 | N38: 0 | O38: 0 | P38: 0 | R38: 0 | S38: 0 | T38: 0
A39: Саратовский | B39: =F39+J39+N39+R39 -> 0 | C39: =G39+K39+O39+S39 -> 0 | D39: =H39+L39+P39+T39 -> 0 | F39: 0 | G39: 0 | H39: 0 | J39: 0 | K39: 0 | L39: 0 | N39: 0 | O39: 0 | P39: 0 | R39: 0 | S39: 0 | T39: 0
A40: Советский | B40: =F40+J40+N40+R40 -> 24729.7 | C40: =G40+K40+O40+S40 -> 41281.7 | D40: =H40+L40+P40+T40 -> 41281.7 | E40: =C40/D40% -> 100 | F40: 24729.7 | G40: 24729.7 | H40: 24729.7 | I40: =G40/H40% -> 100 | J40: 0 | K40: 0 | L40: 0 | N40: 0 | O40: 0 | P40: 0 | R40: 0 | S40: 16552 | T40: 16552 | U40: =S40/T40% -> 100
A41: Татищевский | B41: =F41+J41+N41+R41 -> 0 | C41: =G41+K41+O41+S41 -> 0 | D41: =H41+L41+P41+T41 -> 0 | F41: 0 | G41: 0 | H41: 0 | J41: 0 | K41: 0 | L41: 0 | N41: 0 | O41: 0 | P41: 0 | R41: 0 | S41: 0 | T41: 0
A42: Турковский | B42: =F42+J42+N42+R42 -> 47128 | C42: =G42+K42+O42+S42 -> 61307.3 | D42: =H42+L42+P42+T42 -> 61307.3 | E42: =C42/D42% -> 100 | F42: 47128 | G42: 47128 | H42: 47128 | I42: =G42/H42% -> 100 | J42: 0 | K42: 0 | L42: 0 | N42: 0 | O42: 0 | P42: 0 | R42: 0 | S42: 14179.3 | T42: 14179.3 | U42: =S42/T42% -> 100
A43: Федоровский | B43: =F43+J43+N43+R43 -> 67377.4 | C43: =G43+K43+O43+S43 -> 67377.4 | D43: =H43+L43+P43+T43 -> 67377.4 | E43: =C43/D43% -> 100 | F43: 67377.4 | G43: 67377.4 | H43: 67377.4 | I43: =G43/H43% -> 100 | J43: 0 | K43: 0 | L43: 0 | N43: 0 | O43: 0 | P43: 0 | R43: 0 | S43: 0 | T43: 0
A44: Хвалынский | B44: =F44+J44+N44+R44 -> 62682.6 | C44: =G44+K44+O44+S44 -> 62682.6 | D44: =H44+L44+P44+T44 -> 62682.6 | E44: =C44/D44% -> 100 | F44: 62682.6 | G44: 62682.6 | H44: 62682.6 | I44: =G44/H44% -> 100 | J44: 0 | K44: 0 | L44: 0 | N44: 0 | O44: 0 | P44: 0 | R44: 0 | S44: 0 | T44: 0
A45: Энгельсский | B45: =F45+J45+N45+R45 -> 0 | C45: =G45+K45+O45+S45 -> 0 | D45: =H45+L45+P45+T45 -> 0 | F45: 0 | G45: 0 | H45: 0 | J45: 0 | K45: 0 | L45: 0 | N45: 0 | O45: 0 | P45: 0 | R45: 0 | S45: 0 | T45: 0
A46: Городские округа области: | B46: =SUM(B47:B50) -> 214564.6 | C46: =SUM(C47:C50) -> 215410.8 | D46: =SUM(D47:D50) -> 215410.8 | E46: =C46/D46% -> 100 | F46: =SUM(F47:F50) -> 63022.1 | G46: =SUM(G47:G50) -> 63022.1 | H46: =SUM(H47:H50) -> 63022.1 | I46: =G46/H46% -> 100 | J46: =SUM(J47:J50) -> 36906.5 | K46: =SUM(K47:K50) -> 36906.5 | L46: =SUM(L47:L50) -> 36906.5 | M46: =K46/L46% -> 100 | N46: =SUM(N47:N50) -> 114636 | O46: =SUM(O47:O50) -> 114636 | P46: =SUM(P47:P50) -> 114636 | Q46: =O46/P46% -> 100 | R46: =SUM(R47:R50) -> 0 | S46: =SUM(S47:S50) -> 846.2 | T46: =SUM(T47:T50) -> 846.2 | U46: =S46/T46% -> 100
A47: г. Саратов | B47: =F47+J47+N47+R47 -> 36015.7 | C47: =G47+K47+O47+S47 -> 36015.7 | D47: =H47+L47+P47+T47 -> 36015.7 | E47: =C47/D47% -> 100 | F47: 0 | G47: 0 | H47: 0 | J47: 36015.7 | K47: 36015.7 | L47: 36015.7 | M47: =K47/L47% -> 100 | N47: 0 | O47: 0 | P47: 0 | R47: 0 | S47: 0 | T47: 0
A48: ЗАТО Михайловский | B48: =F48+J48+N48+R48 -> 55129.8 | C48: =G48+K48+O48+S48 -> 55976 | D48: =H48+L48+P48+T48 -> 55976 | E48: =C48/D48% -> 100 | F48: 23235.5 | G48: 23235.5 | H48: 23235.5 | I48: =G48/H48% -> 100 | J48: 110.3 | K48: 110.3 | L48: 110.3 | M48: =K48/L48% -> 100 | N48: 31784 | O48: 31784 | P48: 31784 | Q48: =O48/P48% -> 100 | R48: 0 | S48: 846.2 | T48: 846.2 | U48: =S48/T48% -> 100
A49: ЗАТО Светлый | B49: =F49+J49+N49+R49 -> 54609.9 | C49: =G49+K49+O49+S49 -> 54609.9 | D49: =H49+L49+P49+T49 -> 54609.9 | E49: =C49/D49% -> 100 | F49: 14550.4 | G49: 14550.4 | H49: 14550.4 | I49: =G49/H49% -> 100 | J49: 535.5 | K49: 535.5 | L49: 535.5 | M49: =K49/L49% -> 100 | N49: 39524 | O49: 39524 | P49: 39524 | Q49: =O49/P49% -> 100 | R49: 0 | S49: 0 | T49: 0
A50: ЗАТО Шиханы | B50: =F50+J50+N50+R50 -> 68809.2 | C50: =G50+K50+O50+S50 -> 68809.2 | D50: =H50+L50+P50+T50 -> 68809.2 | E50: =C50/D50% -> 100 | F50: 25236.2 | G50: 25236.2 | H50: 25236.2 | I50: =G50/H50% -> 100 | J50: 245 | K50: 245 | L50: 245 | M50: =K50/L50% -> 100 | N50: 43328 | O50: 43328 | P50: 43328 | Q50: =O50/P50% -> 100 | R50: 0 | S50: 0 | T50: 0
A51: Не распределено***
A52: ИТОГО | B52: =F52+J52+N52+R52 -> 2514058.5 | C52: =G52+K52+O52+S52 -> 2776155 | D52: =H52+L52+P52+T52 -> 2776155 | E52: =C52/D52% -> 100 | F52: =SUM(F8:F45,F47:F50) -> 2362516 | G52: =SUM(G8:G45,G47:G50) -> 2358712.9 | H52: =SUM(H8:H45,H47:H50) -> 2358712.9 | I52: =G52/H52% -> 100 | J52: =SUM(J8:J45,J47:J50) -> 36906.5 | K52: =SUM(K8:K45,K47:K50) -> 36906.5 | L52: =SUM(L8:L45,L47:L50) -> 36906.5 | M52: =K52/L52% -> 100 | N52: =SUM(N8:N45,N47:N50) -> 114636 | O52: =SUM(O8:O45,O47:O50) -> 114636 | P52: =SUM(P8:P45,P47:P50) -> 114636 | Q52: =O52/P52% -> 100 | S52: =SUM(S8:S45,S47:S50) -> 265899.6 | T52: =SUM(T8:T45,T47:T50) -> 265899.6 | U52: =S52/T52% -> 100
A54: * Закон Саратовской области «Об областном бюджете на 2017 год и на плановый период 2018 и 2019 годов» в редакции от 12.12.2016 года
A55: ** Закон Саратовской области «Об областном бюджете на 2017 год и на плановый период 2018 и 2019 годов» в редакции от 20.12.2017 года
A56: *** заполняется, если в законе о бюджете утверждена общая сумма межбюджетного трансферта, но отсутствует распределение по муниципальным образованиям

Sheet Субсидии
AN1: Продолжение таблицы | BH1: Продолжение таблицы | CB1: Продолжение таблицы | CV1: Продолжение таблицы | DE1: Продолжение таблицы
B2: Сведения о предоставлении из бюджета Саратовской области субсидий муниципальным образованиям за 2017 год | W2: Сведения о предоставлении из бюджета Саратовской области субсидий муниципальным образованиям за 2017 год | AQ2: Сведения о предоставлении из бюджета Саратовской области субсидий муниципальным образованиям за 2017 год | BJ2: Сведения о предоставлении из бюджета Саратовской области субсидий муниципальным образованиям за 2017 год | CD2: Сведения о предоставлении из бюджета Саратовской области субсидий муниципальным образованиям за 2017 год | CX2: Сведения о предоставлении из бюджета Саратовской области субсидий муниципальным образованиям за 2017 год
U4: тыс.рублей | AO4: тыс.рублей | BI4: тыс.рублей | CC4: тыс.рублей | CV4: тыс.рублей | DE4: тыс.рублей
A5: Наименование муниципальных образований | B5: Субсидии, всего | F5: в том числе | V5: в том числе | AP5: в том числе | BJ5: в том числе | CD5: в том числе | DB5: в том числе
F6: на обеспечение деятельности муниципальных бизнес-инкубаторов | J6: на реализацию мероприятий по обеспечению доступности приоритетных объектов и услуг в приоритетных сферах жизнедеятельности инвалидов и других маломобильных групп населения | N6: на закупку комплектов искусственных покрытий для футбольных полей для спортивных детско-юношеских школ области, включая их доставку и сертификацию полей | R6: на обеспечение мероприятий по переселению граждан из аварийного жилищного фонда | V6: на поддержку творческой деятельности муниципальных театров в городах с численностью населения до 300 тысяч человек | Z6: на создание в общеобразовательных организациях, расположенных в сельской местности, условий для занятий физической культурой и спортом | AD6: на создание в дошкольных образовательных организациях (в том числе в организациях, осуществляющих образовательную деятельность по адаптированным основным общеобразовательным программам) условий для получения детьми-инвалидами качественного образования | AH6: на реализацию мероприятий по содействию созданию (исходя из прогнозируемой потребности) новых мест в общеобразовательных организациях | AL6: на обеспечение развития и укрепления материально-технической базы муниципальных домов культуры | AP6: на обеспечение расходных обязательств, связанных с повышением оплаты труда отдельным категориям работников бюджетной сферы в целях реализации Указов Президента Российской Федерации от 7 мая 2012 года № 597 «О мероприятиях по реализации государственной социальной политики» и от 1 июня 2012 года № 761 «О национальной стратегии действий в интересах детей на 2012 - 2017 годы» | AT6: на осуществление дорожной деятельности в отношении автомобильных дорог общего пользования местного значения Саратовской агломерации в границах городских округов области в рамках приоритетного проекта «Безопасные и качественные дороги» за счет средств областного дорожного фонда | AX6: на осуществление дорожной деятельности в отношении автомобильных дорог общего пользования местного значения Саратовской агломерации в границах городских поселений области в рамках приоритетного проекта «Безопасные и качественные дороги» за счет средств областного дорожного фонда | BB6: на капитальный ремонт, ремонт и содержание автомобильных дорог общего пользования местного значения за счет средств областного дорожного фонда | BF6: на комплексное обустройство объектами социальной и инженерной инфраструктуры населенных пунктов, расположенных в сельской местности, на строительство и реконструкцию автомобильных дорог | BJ6: на исполнение муниципальных программ в целях реализации мероприятий подпрограммы «Стимулирование программ развития жилищного строительства субъектов Российской Федерации» федеральной целевой программы «Жилище» на 2015-2020 годы | BN6: на поддержку муниципальных программ формирования современной городской среды | BR6: на поддержку обустройства мест массового отдыха населения (городских парков) | BV6: на обеспечение жильем молодых семей | BZ6: на поддержку отрасли культуры на комплектование книжных фондов муниципальных общедоступных библиотек | CD6: на поддержку отрасли культуры на государственную поддержку муниципальных учреждений культуры, находящихся на территории сельских поселений | CH6: на поддержку отрасли культуры на подключение муниципальных общедоступных библиотек к информационно-теле­коммуникационной сети «Интернет» и развитие библиотечного дела с учетом задачи расширения информационных технологий и оцифровки | CL6: на поддержку отрасли культуры на государственную поддержку лучших работников муниципальных учреждений культуры, находящихся на территории сельских поселений | CP6: на софинансирование расходных обязательств по реализации мероприятий муниципальных программ развития малого и среднего предпринимательства монопрофильных муниципальных образований | CT6: на реализацию расходных обязательств, возникающих при выполнении полномочий по решению вопросов местного значения | CX6: на грантовую поддержку местных инициатив граждан, проживающих в сельской местности, в рамках реализации муниципальных программ по устойчивому развитию сельских территорий | DB6: на реализацию проектов развития муниципальных образований области, основанных на местных инициативах
B7: первоначаль-ный бюджет* | C7: уточненный бюджет** и бюджетная роспись*** | D7: исполнено | E7: % исполнения | F7: первоначаль-ный бюджет* | G7: уточненный бюджет** | H7: исполнено | I7: % исполнения | J7: первоначаль-ный бюджет* | K7: уточненный бюджет** | L7: исполнено | M7: % исполнения | N7: первоначаль-ный бюджет* | O7: уточненный бюджет** | P7: исполнено | Q7: % исполнения | R7: первоначаль-ный бюджет* | S7: уточненный бюджет** | T7: исполнено | U7: % исполнения | V7: первоначаль-ный бюджет* | W7: уточненный бюджет** | X7: исполнено | Y7: % исполнения | Z7: первоначаль-ный бюджет* | AA7: уточненный бюджет** | AB7: исполнено | AC7: % исполнения | AD7: первоначаль-ный бюджет* | AE7: уточненный бюджет** | AF7: исполнено | AG7: % исполнения | AH7: первоначаль-ный бюджет* | AI7: уточненный бюджет** | AJ7: исполнено | AK7: % исполнения | AL7: первоначаль-ный бюджет* | AM7: уточненный бюджет** | AN7: исполнено | AO7: % исполнения | AP7: первоначаль-ный бюджет* | AQ7: уточненный бюджет** | AR7: исполнено | AS7: % исполнения | AT7: первоначаль-ный бюджет* | AU7: уточненный бюджет** | AV7: исполнено | AW7: % исполнения | AX7: первоначаль-ный бюджет* | AY7: уточненный бюджет** | AZ7: исполнено | BA7: % исполнения | BB7: первоначаль-ный бюджет* | BC7: уточненный бюджет** | BD7: исполнено | BE7: % исполнения | BF7: первоначаль-ный бюджет* | BG7: уточненный бюджет** | BH7: исполнено | BI7: % исполнения | BJ7: первоначаль-ный бюджет* | BK7: уточненный бюджет** | BL7: исполнено | BM7: % исполнения | BN7: первоначаль-ный бюджет* | BO7: уточненный бюджет** | BP7: исполнено | BQ7: % исполнения | BR7: первоначаль-ный бюджет* | BS7: уточненный бюджет** | BT7: исполнено | BU7: % исполнения | BV7: первоначаль-ный бюджет* | BW7: уточненный бюджет** | BX7: исполнено | BY7: % исполнения | BZ7: первоначаль-ный бюджет* | CA7: уточненный бюджет** | CB7: исполнено | CC7: % исполнения | CD7: первоначаль-ный бюджет* | CE7: уточненный бюджет** | CF7: исполнено | CG7: % исполнения | CH7: первоначаль-ный бюджет* | CI7: уточненный бюджет** | CJ7: исполнено | CK7: % исполнения | CL7: первоначаль-ный бюджет* | CM7: уточненный бюджет** | CN7: исполнено | CO7: % исполнения | CP7: первоначаль-ный бюджет* | CQ7: уточненный бюджет** | CR7: исполнено | CS7: % исполнения | CT7: первоначаль-ный бюджет* | CU7: уточненный бюджет** | CV7: исполнено | CW7: % исполнения | CX7: первоначаль-ный бюджет* | CY7: бюджетная роспись*** | CZ7: исполнено | DA7: % исполнения | DB7: первоначаль-ный бюджет* | DC7: уточненный бюджет** | DD7: бюджетная роспись*** | DE7: исполнено | DF7: % исполнения
A8: Муниципальные районы области: | B8: =SUM(B9:B46) -> 4860 | C8: =SUM(C9:C46) -> 3420363 | D8: =SUM(D9:D46) -> 3310218.9 | E8: =D8/C8% -> 96.779757 | F8: =SUM(F9:F46) -> 4860 | G8: =SUM(G9:G46) -> 4860 | H8: =SUM(H9:H46) -> 4860 | I8: =H8/G8% -> 100 | J8: =SUM(J9:J46) -> 0 | K8: =SUM(K9:K46) -> 16621.2 | L8: =SUM(L9:L46) -> 16508.507 | M8: =L8/K8% -> 99.321993 | N8: =SUM(N9:N46) -> 0 | O8: =SUM(O9:O46) -> 11858.5 | P8: =SUM(P9:P46) -> 11302.911 | Q8: =P8/O8% -> 95.314848 | R8: =SUM(R9:R46) -> 0 | S8: =SUM(S9:S46) -> 594683.89 | T8: =SUM(T9:T46) -> 592265.87 | U8: =T8/S8% -> 99.593394 | V8: =SUM(V9:V46) -> 0 | W8: =SUM(W9:W46) -> 15690 | X8: =SUM(X9:X46) -> 15690 | Y8: =X8/W8% -> 100 | Z8: =SUM(Z9:Z46) -> 0 | AA8: =SUM(AA9:AA46) -> 23032 | AB8: =SUM(AB9:AB46) -> 23032 | AC8: =AB8/AA8% -> 100 | AD8: =SUM(AD9:AD46) -> 0 | AE8: =SUM(AE9:AE46) -> 7405 | AF8: =SUM(AF9:AF46) -> 7405 | AG8: =AF8/AE8% -> 100 | AH8: =SUM(AH9:AH46) -> 0 | AI8: =SUM(AI9:AI46) -> 0 | AJ8: =SUM(AJ9:AJ46) -> 0 | AK8: =AJ8/AI8% -> #DIV/0! | AL8: =SUM(AL9:AL46) -> 0 | AM8: =SUM(AM9:AM46) -> 49042 | AN8: =SUM(AN9:AN46) -> 49042 | AO8: =AN8/AM8% -> 100 | AP8: =SUM(AP9:AP46) -> 0 | AQ8: =SUM(AQ9:AQ46) -> 382036.9 | AR8: =SUM(AR9:AR46) -> 380074.66 | AS8: =AR8/AQ8% -> 99.486375 | AT8: =SUM(AT9:AT46) -> 0 | AU8: =SUM(AU9:AU46) -> 0 | AV8: =SUM(AV9:AV46) -> 0 | AX8: =SUM(AX9:AX46) -> 0 | AY8: =SUM(AY9:AY46) -> 269630 | AZ8: =SUM(AZ9:AZ46) -> 269630 | BA8: =AZ8/AY8% -> 100 | BB8: =SUM(BB9:BB46) -> 0 | BC8: =SUM(BC9:BC46) -> 258634.6 | BD8: =SUM(BD9:BD46) -> 244783.85 | BE8: =BD8/BC8% -> 94.644665 | BF8: =SUM(BF9:BF46) -> 0 | BG8: =SUM(BG9:BG46) -> 255654.2 | BH8: =SUM(BH9:BH46) -> 175859.78 | BI8: =BH8/BG8% -> 68.788143 | BJ8: =SUM(BJ9:BJ46) -> 0 | BK8: =SUM(BK9:BK46) -> 0 | BL8: =SUM(BL9:BL46) -> 0 | BN8: =SUM(BN9:BN46) -> 0 | BO8: =SUM(BO9:BO46) -> 196101.9 | BP8: =SUM(BP9:BP46) -> 190490.9 | BQ8: =BP8/BO8% -> 97.138732 | BR8: =SUM(BR9:BR46) -> 0 | BS8: =SUM(BS9:BS46) -> 17092.92 | BT8: =SUM(BT9:BT46) -> 17092.92 | BU8: =BT8/BS8% -> 100 | BV8: =SUM(BV9:BV46) -> 0 | BW8: =SUM(BW9:BW46) -> 54435.732 | BX8: =SUM(BX9:BX46) -> 51434.006 | BY8: =BX8/BW8% -> 94.485742 | BZ8: =SUM(BZ9:BZ46) -> 0 | CA8: =SUM(CA9:CA46) -> 1462.1 | CB8: =SUM(CB9:CB46) -> 1462.1 | CC8: =CB8/CA8% -> 100 | CD8: =SUM(CD9:CD46) -> 0 | CE8: =SUM(CE9:CE46) -> 2500 | CF8: =SUM(CF9:CF46) -> 2500 | CG8: =CF8/CE8% -> 100 | CH8: =SUM(CH9:CH46) -> 0 | CI8: =SUM(CI9:CI46) -> 3755.4 | CJ8: =SUM(CJ9:CJ46) -> 3755.4 | CK8: =CJ8/CI8% -> 100 | CL8: =SUM(CL9:CL46) -> 0 | CM8: =SUM(CM9:CM46) -> 1100 | CN8: =SUM(CN9:CN46) -> 1100 | CO8: =CN8/CM8% -> 100 | CP8: =SUM(CP9:CP46) -> 0 | CQ8: =SUM(CQ9:CQ46) -> 8675 | CR8: =SUM(CR9:CR46) -> 8675 | CS8: =CR8/CQ8% -> 100 | CU8: =SUM(CU9:CU46) -> 1225570.7 | CV8: =SUM(CV9:CV46) -> 1225570.7 | CW8: =CV8/CU8% -> 100 | CX8: =SUM(CX9:CX46) -> 0 | CY8: =SUM(CY9:CY46) -> 587 | CZ8: =SUM(CZ9:CZ46) -> 587 | DA8: =CZ8/CY8% -> 100 | DB8: =SUM(DB9:DB46) -> 0 | DD8: =SUM(DD9:DD46) -> 19933.906 | DE8: =SUM(DE9:DE46) -> 17096.33 | DF8: =DE8/DD8% -> 85.765079
A9: Александрово-Гайский | B9: =F9+J9+N9+R9+V9+Z9+AD9+AH9+AL9+AP9+AT9+AX9+BB9+BF9+BJ9+BN9+BR9+BV9+BZ9+CD9+CH9+CL9+CP9+CT9+CX9+DB9 -> 0 | C9: =G9+K9+O9+S9+W9+AA9+AE9+AI9+AM9+AQ9+AU9+AY9+BC9+BG9+BK9+BO9+BS9+BW9+CA9+CE9+CI9+CM9+CQ9+CU9+CY9+DD9 -> 40740.593 | D9: =H9+L9+P9+T9+X9+AB9+AF9+AJ9+AN9+AR9+AV9+AZ9+BD9+BH9+BL9+BP9+BT9+BX9+CB9+CF9+CJ9+CN9+CR9+CV9+CZ9+DE9 -> 40317.67 | E9: =D9/C9% -> 98.961914 | F9: 0 | G9: 0 | H9: 0 | J9: 0 | K9: 85 | L9: 85 | M9: =L9/K9% -> 100 | N9: 0 | O9: 0 | P9: 0 | R9: 0 | S9: 0 | T9: 0 | V9: 0 | W9: 0 | X9: 0 | Z9: 0 | AA9: 0 | AB9: 0 | AD9: 0 | AE9: 0 | AF9: 0 | AH9: 0 | AI9: 0 | AJ9: 0 | AL9: 0 | AM9: 2300 | AN9: 2300 | AO9: =AN9/AM9% -> 100 | AP9: 0 | AQ9: 9644 | AR9: 9221.0774 | AS9: =AR9/AQ9% -> 95.614656 | AT9: 0 | AU9: 0 | AV9: 0 | AX9: 0 | AY9: 0 | AZ9: 0 | BB9: 0 | BC9: 10500.6 | BD9: 10500.6 | BE9: =BD9/BC9% -> 100 | BF9: 0 | BG9: 0 | BH9: 0 | BJ9: 0 | BK9: 0 | BL9: 0 | BN9: 0 | BO9: 0 | BP9: 0 | BR9: 0 | BS9: 0 | BT9: 0 | BV9: 0 | BW9: 0 | BX9: 0 | BZ9: 0 | CA9: 14.2 | CB9: 14.2 | CC9: =CB9/CA9% -> 100 | CD9: 0 | CE9: 0 | CF9: 0 | CH9: 0 | CI9: 0 | CJ9: 0 | CL9: 0 | CM9: 0 | CN9: 0 | CP9: 0 | CQ9: 0 | CR9: 0 | CT9: 0 | CU9: 17840.7 | CV9: 17840.7 | CW9: =CV9/CU9% -> 100 | CX9: 0 | CY9: 0 | CZ9: 0 | DB9: 0 | DD9: 356.093 | DE9: 356.093 | DF9: =DE9/DD9% -> 100
A10: Аркадакский | B10: =F10+J10+N10+R10+V10+Z10+AD10+AH10+AL10+AP10+AT10+AX10+BB10+BF10+BJ10+BN10+BR10+BV10+BZ10+CD10+CH10+CL10+CP10+CT10+CX10+DB10 -> 0 | C10: =G10+K10+O10+S10+W10+AA10+AE10+AI10+AM10+AQ10+AU10+AY10+BC10+BG10+BK10+BO10+BS10+BW10+CA10+CE10+CI10+CM10+CQ10+CU10+CY10+DD10 -> 17299.357 | D10: =H10+L10+P10+T10+X10+AB10+AF10+AJ10+AN10+AR10+AV10+AZ10+BD10+BH10+BL10+BP10+BT10+BX10+CB10+CF10+CJ10+CN10+CR10+CV10+CZ10+DE10 -> 16593.804 | E10: =D10/C10% -> 95.921506 | F10: 0 | G10: 0 | H10: 0 | J10: 0 | K10: 0 | L10: 0 | N10: 0 | O10: 0 | P10: 0 | R10: 0 | S10: 0 | T10: 0 | V10: 0 | W10: 0 | X10: 0 | Z10: 0 | AA10: 1300 | AB10: 1300 | AC10: =AB10/AA10% -> 100 | AD10: 0 | AE10: 0 | AF10: 0 | AH10: 0 | AI10: 0 | AJ10: 0 | AL10: 0 | AM10: 0 | AN10: 0 | AP10: 0 | AQ10: 6139.4 | AR10: 6088.1767 | AS10: =AR10/AQ10% -> 99.165662 | AT10: 0 | AU10: 0 | AV10: 0 | AX10: 0 | AY10: 0 | AZ10: 0 | BB10: 0 | BC10: 7164.2 | BD10: 6509.87 | BE10: =BD10/BC10% -> 90.866671 | BF10: 0 | BG10: 0 | BH10: 0 | BJ10: 0 | BK10: 0 | BL10: 0 | BN10: 0 | BO10: 0 | BP10: 0 | BR10: 0 | BS10: 720.55692 | BT10: 720.55692 | BU10: =BT10/BS10% -> 100 | BV10: 0 | BW10: 0 | BX10: 0 | BZ10: 0 | CA10: 20.4 | CB10: 20.4 | CC10: =CB10/CA10% -> 100 | CD10: 0 | CE10: 100 | CF10: 100 | CG10: =CF10/CE10% -> 100 | CH10: 0 | CI10: 91.6 | CJ10: 91.6 | CK10: =CJ10/CI10% -> 100 | CL10: 0 | CM10: 50 | CN10: 50 | CO10: =CN10/CM10% -> 100 | CP10: 0 | CQ10: 0 | CR10: 0 | CT10: 0 | CU10: 1513.2 | CV10: 1513.2 | CW10: =CV10/CU10% -> 100 | CX10: 0 | CY10: 0 | CZ10: 0 | DB10: 0 | DD10: 200 | DE10: 200 | DF10: =DE10/DD10% -> 100
A11: Аткарский | B11: =F11+J11+N11+R11+V11+Z11+AD11+AH11+AL11+AP11+AT11+AX11+BB11+BF11+BJ11+BN11+BR11+BV11+BZ11+CD11+CH11+CL11+CP11+CT11+CX11+DB11 -> 0 | C11: =G11+K11+O11+S11+W11+AA11+AE11+AI11+AM11+AQ11+AU11+AY11+BC11+BG11+BK11+BO11+BS11+BW11+CA11+CE11+CI11+CM11+CQ11+CU11+CY11+DD11 -> 37681.431 | D11: =H11+L11+P11+T11+X11+AB11+AF11+AJ11+AN11+AR11+AV11+AZ11+BD11+BH11+BL11+BP11+BT11+BX11+CB11+CF11+CJ11+CN11+CR11+CV11+CZ11+DE11 -> 37681.41 | E11: =D11/C11% -> 99.999946 | F11: 0 | G11: 0 | H11: 0 | J11: 0 | K11: 369.6 | L11: 369.57972 | M11: =L11/K11% -> 99.994513 | N11: 0 | O11: 0 | P11: 0 | R11: 0 | S11: 0 | T11: 0 | V11: 0 | W11: 0 | X11: 0 | Z11: 0 | AA11: 1300 | AB11: 1300 | AC11: =AB11/AA11% -> 100 | AD11: 0 | AE11: 0 | AF11: 0 | AH11: 0 | AI11: 0 | AJ11: 0 | AL11: 0 | AM11: 0 | AN11: 0 | AP11: 0 | AQ11: 11310.7 | AR11: 11310.7 | AS11: =AR11/AQ11% -> 100 | AT11: 0 | AU11: 0 | AV11: 0 | AX11: 0 | AY11: 0 | AZ11: 0 | BB11: 0 | BC11: 9828.1 | BD11: 9828.1 | BE11: =BD11/BC11% -> 100 | BF11: 0 | BG11: 0 | BH11: 0 | BJ11: 0 | BK11: 0 | BL11: 0 | BN11: 0 | BO11: 0 | BP11: 0 | BR11: 0 | BS11: 1520.9307 | BT11: 1520.9307 | BU11: =BT11/BS11% -> 100 | BV11: 0 | BW11: 355.4 | BX11: 355.4 | BY11: =BX11/BW11% -> 100 | BZ11: 0 | CA11: 36.5 | CB11: 36.5 | CC11: =CB11/CA11% -> 100 | CD11: 0 | CE11: 100 | CF11: 100 | CG11: =CF11/CE11% -> 100 | CH11: 0 | CI11: 91.6 | CJ11: 91.6 | CK11: =CJ11/CI11% -> 100 | CL11: 0 | CM11: 0 | CN11: 0 | CP11: 0 | CQ11: 0 | CR11: 0 | CT11: 0 | CU11: 12141.5 | CV11: 12141.5 | CW11: =CV11/CU11% -> 100 | CX11: 0 | CY11: 0 | CZ11: 0 | DB11: 0 | DD11: 627.1 | DE11: 627.1 | DF11: =DE11/DD11% -> 100
A12: Базарно-Карабулакский | B12: =F12+J12+N12+R12+V12+Z12+AD12+AH12+AL12+AP12+AT12+AX12+BB12+BF12+BJ12+BN12+BR12+BV12+BZ12+CD12+CH12+CL12+CP12+CT12+CX12+DB12 -> 0 | C12: =G12+K12+O12+S12+W12+AA12+AE12+AI12+AM12+AQ12+AU12+AY12+BC12+BG12+BK12+BO12+BS12+BW12+CA12+CE12+CI12+CM12+CQ12+CU12+CY12+DD12 -> 55776.055 | D12: =H12+L12+P12+T12+X12+AB12+AF12+AJ12+AN12+AR12+AV12+AZ12+BD12+BH12+BL12+BP12+BT12+BX12+CB12+CF12+CJ12+CN12+CR12+CV12+CZ12+DE12 -> 55622.847 | E12: =D12/C12% -> 99.725315 | F12: 0 | G12: 0 | H12: 0 | J12: 0 | K12: 0 | L12: 0 | N12: 0 | O12: 0 | P12: 0 | R12: 0 | S12: 0 | T12: 0 | V12: 0 | W12: 0 | X12: 0 | Z12: 0 | AA12: 0 | AB12: 0 | AD12: 0 | AE12: 0 | AF12: 0 | AH12: 0 | AI12: 0 | AJ12: 0 | AL12: 0 | AM12: 2042 | AN12: 2042 | AO12: =AN12/AM12% -> 100 | AP12: 0 | AQ12: 9856.7 | AR12: 9856.7 | AS12: =AR12/AQ12% -> 100 | AT12: 0 | AU12: 0 | AV12: 0 | AX12: 0 | AY12: 0 | AZ12: 0 | BB12: 0 | BC12: 6336.5 | BD12: 6336.5 | BE12: =BD12/BC12% -> 100 | BF12: 0 | BG12: 0 | BH12: 0 | BJ12: 0 | BK12: 0 | BL12: 0 | BN12: 0 | BO12: 0 | BP12: 0 | BR12: 0 | BS12: 0 | BT12: 0 | BV12: 0 | BW12: 456.1205 | BX12: 364.235 | BY12: =BX12/BW12% -> 79.854994 | BZ12: 0 | CA12: 26.1 | CB12: 26.1 | CC12: =CB12/CA12% -> 100 | CD12: 0 | CE12: 0 | CF12: 0 | CH12: 0 | CI12: 91.6 | CJ12: 91.6 | CK12: =CJ12/CI12% -> 100 | CL12: 0 | CM12: 0 | CN12: 0 | CP12: 0 | CQ12: 0 | CR12: 0 | CT12: 0 | CU12: 36623.2 | CV12: 36623.2 | CW12: =CV12/CU12% -> 100 | CX12: 0 | CY12: 0 | CZ12: 0 | DB12: 0 | DD12: 343.83442 | DE12: 282.51159 | DF12: =DE12/DD12% -> 82.165011
A13: Балаковский | B13: =F13+J13+N13+R13+V13+Z13+AD13+AH13+AL13+AP13+AT13+AX13+BB13+BF13+BJ13+BN13+BR13+BV13+BZ13+CD13+CH13+CL13+CP13+CT13+CX13+DB13 -> 4860 | C13: =G13+K13+O13+S13+W13+AA13+AE13+AI13+AM13+AQ13+AU13+AY13+BC13+BG13+BK13+BO13+BS13+BW13+CA13+CE13+CI13+CM13+CQ13+CU13+CY13+DD13 -> 126067.4 | D13: =H13+L13+P13+T13+X13+AB13+AF13+AJ13+AN13+AR13+AV13+AZ13+BD13+BH13+BL13+BP13+BT13+BX13+CB13+CF13+CJ13+CN13+CR13+CV13+CZ13+DE13 -> 120256.86 | E13: =D13/C13% -> 95.390926 | F13: 4860 | G13: 4860 | H13: 4860 | I13: =H13/G13% -> 100 | J13: 0 | K13: 14579 | L13: 14472.424 | M13: =L13/K13% -> 99.268978 | N13: 0 | O13: 0 | P13: 0 | R13: 0 | S13: 0 | T13: 0 | V13: 0 | W13: 6500 | X13: 6500 | Y13: =X13/W13% -> 100 | Z13: 0 | AA13: 0 | AB13: 0 | AD13: 0 | AE13: 2962 | AF13: 2962 | AG13: =AF13/AE13% -> 100 | AH13: 0 | AI13: 0 | AJ13: 0 | AL13: 0 | AM13: 0 | AN13: 0 | AP13: 0 | AQ13: 13467.1 | AR13: 13467.1 | AS13: =AR13/AQ13% -> 100 | AT13: 0 | AU13: 0 | AV13: 0 | AX13: 0 | AY13: 0 | AZ13: 0 | BB13: 0 | BC13: 9724.8 | BD13: 9724.8 | BE13: =BD13/BC13% -> 100 | BF13: 0 | BG13: 9464 | BH13: 9429.5976 | BI13: =BH13/BG13% -> 99.636492 | BJ13: 0 | BK13: 0 | BL13: 0 | BN13: 0 | BO13: 58879.3 | BP13: 53268.303 | BQ13: =BP13/BO13% -> 90.47034 | BR13: 0 | BS13: 0 | BT13: 0 | BV13: 0 | BW13: 4771 | BX13: 4712.4347 | BY13: =BX13/BW13% -> 98.772474 | BZ13: 0 | CA13: 191.3 | CB13: 191.3 | CC13: =CB13/CA13% -> 100 | CD13: 0 | CE13: 100 | CF13: 100 | CG13: =CF13/CE13% -> 100 | CH13: 0 | CI13: 183.2 | CJ13: 183.2 | CK13: =CJ13/CI13% -> 100 | CL13: 0 | CM13: 0 | CN13: 0 | CP13: 0 | CQ13: 0 | CR13: 0 | CT13: 0 | CU13: 385.7 | CV13: 385.7 | CW13: =CV13/CU13% -> 100 | CX13: 0 | CY13: 0 | CZ13: 0 | DB13: 0 | DD13: 0 | DE13: 0
A14: Балашовский | B14: =F14+J14+N14+R14+V14+Z14+AD14+AH14+AL14+AP14+AT14+AX14+BB14+BF14+BJ14+BN14+BR14+BV14+BZ14+CD14+CH14+CL14+CP14+CT14+CX14+DB14 -> 0 | C14: =G14+K14+O14+S14+W14+AA14+AE14+AI14+AM14+AQ14+AU14+AY14+BC14+BG14+BK14+BO14+BS14+BW14+CA14+CE14+CI14+CM14+CQ14+CU14+CY14+DD14 -> 299991.31 | D14: =H14+L14+P14+T14+X14+AB14+AF14+AJ14+AN14+AR14+AV14+AZ14+BD14+BH14+BL14+BP14+BT14+BX14+CB14+CF14+CJ14+CN14+CR14+CV14+CZ14+DE14 -> 289590.52 | E14: =D14/C14% -> 96.532972 | F14: 0 | G14: 0 | H14: 0 | J14: 0 | K14: 85 | L14: 85 | M14: =L14/K14% -> 100 | N14: 0 | O14: 11858.5 | P14: 11302.911 | Q14: =P14/O14% -> 95.314848 | R14: 0 | S14: 820.1624 | T14: 820.1624 | U14: =T14/S14% -> 100 | V14: 0 | W14: 9190 | X14: 9190 | Y14: =X14/W14% -> 100 | Z14: 0 | AA14: 0 | AB14: 0 | AD14: 0 | AE14: 0 | AF14: 0 | AH14: 0 | AI14: 0 | AJ14: 0 | AL14: 0 | AM14: 0 | AN14: 0 | AP14: 0 | AQ14: 38655.7 | AR14: 38357.51 | AS14: =AR14/AQ14% -> 99.2286 | AT14: 0 | AU14: 0 | AV14: 0 | AX14: 0 | AY14: 0 | AZ14: 0 | BB14: 0 | BC14: 9440.2 | BD14: 0 | BE14: =BD14/BC14% -> 0 | BF14: 0 | BG14: 0 | BH14: 0 | BJ14: 0 | BK14: 0 | BL14: 0 | BN14: 0 | BO14: 25790.1 | BP14: 25790.1 | BQ14: =BP14/BO14% -> 100 | BR14: 0 | BS14: 0 | BT14: 0 | BV14: 0 | BW14: 3378.548 | BX14: 3378.548 | BY14: =BX14/BW14% -> 100 | BZ14: 0 | CA14: 97 | CB14: 97 | CC14: =CB14/CA14% -> 100 | CD14: 0 | CE14: 200 | CF14: 200 | CG14: =CF14/CE14% -> 100 | CH14: 0 | CI14: 183.2 | CJ14: 183.2 | CK14: =CJ14/CI14% -> 100 | CL14: 0 | CM14: 0 | CN14: 0 | CP14: 0 | CQ14: 0 | CR14: 0 | CT14: 0 | CU14: 200000 | CV14: 200000 | CW14: =CV14/CU14% -> 100 | CX14: 0 | CY14: 0 | CZ14: 0 | DB14: 0 | DD14: 292.895 | DE14: 186.09207 | DF14: =DE14/DD14% -> 63.535421
A15: Балтайский | B15: =F15+J15+N15+R15+V15+Z15+AD15+AH15+AL15+AP15+AT15+AX15+BB15+BF15+BJ15+BN15+BR15+BV15+BZ15+CD15+CH15+CL15+CP15+CT15+CX15+DB15 -> 0 | C15: =G15+K15+O15+S15+W15+AA15+AE15+AI15+AM15+AQ15+AU15+AY15+BC15+BG15+BK15+BO15+BS15+BW15+CA15+CE15+CI15+CM15+CQ15+CU15+CY15+DD15 -> 32854.999 | D15: =H15+L15+P15+T15+X15+AB15+AF15+AJ15+AN15+AR15+AV15+AZ15+BD15+BH15+BL15+BP15+BT15+BX15+CB15+CF15+CJ15+CN15+CR15+CV15+CZ15+DE15 -> 32849.38 | E15: =D15/C15% -> 99.982896 | F15: 0 | G15: 0 | H15: 0 | J15: 0 | K15: 0 | L15: 0 | N15: 0 | O15: 0 | P15: 0 | R15: 0 | S15: 0 | T15: 0 | V15: 0 | W15: 0 | X15: 0 | Z15: 0 | AA15: 1000 | AB15: 1000 | AC15: =AB15/AA15% -> 100 | AD15: 0 | AE15: 0 | AF15: 0 | AH15: 0 | AI15: 0 | AJ15: 0 | AL15: 0 | AM15: 0 | AN15: 0 | AP15: 0 | AQ15: 3026.6 | AR15: 3026.5959 | AS15: =AR15/AQ15% -> 99.999866 | AT15: 0 | AU15: 0 | AV15: 0 | AX15: 0 | AY15: 0 | AZ15: 0 | BB15: 0 | BC15: 3129.5 | BD15: 3123.8845 | BE15: =BD15/BC15% -> 99.820562 | BF15: 0 | BG15: 0 | BH15: 0 | BJ15: 0 | BK15: 0 | BL15: 0 | BN15: 0 | BO15: 0 | BP15: 0 | BR15: 0 | BS15: 0 | BT15: 0 | BV15: 0 | BW15: 0 | BX15: 0 | BZ15: 0 | CA15: 10.2 | CB15: 10.2 | CC15: =CB15/CA15% -> 100 | CD15: 0 | CE15: 200 | CF15: 200 | CG15: =CF15/CE15% -> 100 | CH15: 0 | CI15: 0 | CJ15: 0 | CL15: 0 | CM15: 50 | CN15: 50 | CO15: =CN15/CM15% -> 100 | CP15: 0 | CQ15: 0 | CR15: 0 | CT15: 0 | CU15: 25023.7 | CV15: 25023.7 | CW15: =CV15/CU15% -> 100 | CX15: 0 | CY15: 0 | CZ15: 0 | DB15: 0 | DD15: 414.99912 | DE15: 414.99912 | DF15: =DE15/DD15% -> 100
A16: Вольский | B16: =F16+J16+N16+R16+V16+Z16+AD16+AH16+AL16+AP16+AT16+AX16+BB16+BF16+BJ16+BN16+BR16+BV16+BZ16+CD16+CH16+CL16+CP16+CT16+CX16+DB16 -> 0 | C16: =G16+K16+O16+S16+W16+AA16+AE16+AI16+AM16+AQ16+AU16+AY16+BC16+BG16+BK16+BO16+BS16+BW16+CA16+CE16+CI16+CM16+CQ16+CU16+CY16+DD16 -> 162810.23 | D16: =H16+L16+P16+T16+X16+AB16+AF16+AJ16+AN16+AR16+AV16+AZ16+BD16+BH16+BL16+BP16+BT16+BX16+CB16+CF16+CJ16+CN16+CR16+CV16+CZ16+DE16 -> 162664.08 | E16: =D16/C16% -> 99.91023 | F16: 0 | G16: 0 | H16: 0 | J16: 0 | K16: 110.2 | L16: 109.9222 | M16: =L16/K16% -> 99.747913 | N16: 0 | O16: 0 | P16: 0 | R16: 0 | S16: 0 | T16: 0 | V16: 0 | W16: 0 | X16: 0 | Z16: 0 | AA16: 1150 | AB16: 1150 | AC16: =AB16/AA16% -> 100 | AD16: 0 | AE16: 0 | AF16: 0 | AH16: 0 | AI16: 0 | AJ16: 0 | AL16: 0 | AM16: 0 | AN16: 0 | AP16: 0 | AQ16: 11766.3 | AR16: 11766.3 | AS16: =AR16/AQ16% -> 100 | AT16: 0 | AU16: 0 | AV16: 0 | AX16: 0 | AY16: 0 | AZ16: 0 | BB16: 0 | BC16: 9569.5 | BD16: 9569.5 | BE16: =BD16/BC16% -> 100 | BF16: 0 | BG16: 831 | BH16: 831 | BI16: =BH16/BG16% -> 100 | BJ16: 0 | BK16: 0 | BL16: 0 | BN16: 0 | BO16: 37468.6 | BP16: 37468.6 | BQ16: =BP16/BO16% -> 100 | BR16: 0 | BS16: 0 | BT16: 0 | BV16: 0 | BW16: 3695.6198 | BX16: 3695.6198 | BY16: =BX16/BW16% -> 100 | BZ16: 0 | CA16: 81.2 | CB16: 81.2 | CC16: =CB16/CA16% -> 100 | CD16: 0 | CE16: 200 | CF16: 200 | CG16: =CF16/CE16% -> 100 | CH16: 0 | CI16: 91.6 | CJ16: 91.6 | CK16: =CJ16/CI16% -> 100 | CL16: 0 | CM16: 50 | CN16: 50 | CO16: =CN16/CM16% -> 100 | CP16: 0 | CQ16: 5151 | CR16: 5151 | CS16: =CR16/CQ16% -> 100 | CT16: 0 | CU16: 92049.8 | CV16: 92049.8 | CW16: =CV16/CU16% -> 100 | CX16: 0 | CY16: 0 | CZ16: 0 | DB16: 0 | DD16: 595.413 | DE16: 449.53682 | DF16: =DE16/DD16% -> 75.500001
A17: Воскресенский | B17: =F17+J17+N17+R17+V17+Z17+AD17+AH17+AL17+AP17+AT17+AX17+BB17+BF17+BJ17+BN17+BR17+BV17+BZ17+CD17+CH17+CL17+CP17+CT17+CX17+DB17 -> 0 | C17: =G17+K17+O17+S17+W17+AA17+AE17+AI17+AM17+AQ17+AU17+AY17+BC17+BG17+BK17+BO17+BS17+BW17+CA17+CE17+CI17+CM17+CQ17+CU17+CY17+DD17 -> 49762.24 | D17: =H17+L17+P17+T17+X17+AB17+AF17+AJ17+AN17+AR17+AV17+AZ17+BD17+BH17+BL17+BP17+BT17+BX17+CB17+CF17+CJ17+CN17+CR17+CV17+CZ17+DE17 -> 49762.24 | E17: =D17/C17% -> 100 | F17: 0 | G17: 0 | H17: 0 | J17: 0 | K17: 0 | L17: 0 | N17: 0 | O17: 0 | P17: 0 | R17: 0 | S17: 0 | T17: 0 | V17: 0 | W17: 0 | X17: 0 | Z17: 0 | AA17: 1150 | AB17: 1150 | AC17: =AB17/AA17% -> 100 | AD17: 0 | AE17: 0 | AF17: 0 | AH17: 0 | AI17: 0 | AJ17: 0 | AL17: 0 | AM17: 0 | AN17: 0 | AP17: 0 | AQ17: 2601.4 | AR17: 2601.4 | AS17: =AR17/AQ17% -> 100 | AT17: 0 | AU17: 0 | AV17: 0 | AX17: 0 | AY17: 0 | AZ17: 0 | BB17: 0 | BC17: 3232.9 | BD17: 3232.9 | BE17: =BD17/BC17% -> 100 | BF17: 0 | BG17: 0 | BH17: 0 | BJ17: 0 | BK17: 0 | BL17: 0 | BN17: 0 | BO17: 0 | BP17: 0 | BR17: 0 | BS17: 0 | BT17: 0 | BV17: 0 | BW17: 280.24 | BX17: 280.24 | BY17: =BX17/BW17% -> 100 | BZ17: 0 | CA17: 0 | CB17: 0 | CD17: 0 | CE17: 0 | CF17: 0 | CH17: 0 | CI17: 0 | CJ17: 0 | CL17: 0 | CM17: 0 | CN17: 0 | CP17: 0 | CQ17: 0 | CR17: 0 | CT17: 0 | CU17: 42497.7 | CV17: 42497.7 | CW17: =CV17/CU17% -> 100 | CX17: 0 | CY17: 0 | CZ17: 0 | DB17: 0 | DD17: 0 | DE17: 0
A18: Дергачевский | B18: =F18+J18+N18+R18+V18+Z18+AD18+AH18+AL18+AP18+AT18+AX18+BB18+BF18+BJ18+BN18+BR18+BV18+BZ18+CD18+CH18+CL18+CP18+CT18+CX18+DB18 -> 0 | C18: =G18+K18+O18+S18+W18+AA18+AE18+AI18+AM18+AQ18+AU18+AY18+BC18+BG18+BK18+BO18+BS18+BW18+CA18+CE18+CI18+CM18+CQ18+CU18+CY18+DD18 -> 35706.782 | D18: =H18+L18+P18+T18+X18+AB18+AF18+AJ18+AN18+AR18+AV18+AZ18+BD18+BH18+BL18+BP18+BT18+BX18+CB18+CF18+CJ18+CN18+CR18+CV18+CZ18+DE18 -> 34531.12 | E18: =D18/C18% -> 96.707454 | F18: 0 | G18: 0 | H18: 0 | J18: 0 | K18: 0 | L18: 0 | N18: 0 | O18: 0 | P18: 0 | R18: 0 | S18: 0 | T18: 0 | V18: 0 | W18: 0 | X18: 0 | Z18: 0 | AA18: 0 | AB18: 0 | AD18: 0 | AE18: 0 | AF18: 0 | AH18: 0 | AI18: 0 | AJ18: 0 | AL18: 0 | AM18: 2000 | AN18: 2000 | AO18: =AN18/AM18% -> 100 | AP18: 0 | AQ18: 6292.8 | AR18: 6292.8 | AS18: =AR18/AQ18% -> 100 | AT18: 0 | AU18: 0 | AV18: 0 | AX18: 0 | AY18: 0 | AZ18: 0 | BB18: 0 | BC18: 5664.1 | BD18: 4729.088 | BE18: =BD18/BC18% -> 83.492311 | BF18: 0 | BG18: 0 | BH18: 0 | BJ18: 0 | BK18: 0 | BL18: 0 | BN18: 0 | BO18: 0 | BP18: 0 | BR18: 0 | BS18: 0 | BT18: 0 | BV18: 0 | BW18: 2505.0824 | BX18: 2264.4323 | BY18: =BX18/BW18% -> 90.393524 | BZ18: 0 | CA18: 16.9 | CB18: 16.9 | CC18: =CB18/CA18% -> 100 | CD18: 0 | CE18: 100 | CF18: 100 | CG18: =CF18/CE18% -> 100 | CH18: 0 | CI18: 91.6 | CJ18: 91.6 | CK18: =CJ18/CI18% -> 100 | CL18: 0 | CM18: 0 | CN18: 0 | CP18: 0 | CQ18: 0 | CR18: 0 | CT18: 0 | CU18: 19036.3 | CV18: 19036.3 | CW18: =CV18/CU18% -> 100 | CX18: 0 | CY18: 0 | CZ18: 0 | DB18: 0 | DD18: 0 | DE18: 0
A19: Духовницкий | B19: =F19+J19+N19+R19+V19+Z19+AD19+AH19+AL19+AP19+AT19+AX19+BB19+BF19+BJ19+BN19+BR19+BV19+BZ19+CD19+CH19+CL19+CP19+CT19+CX19+DB19 -> 0 | C19: =G19+K19+O19+S19+W19+AA19+AE19+AI19+AM19+AQ19+AU19+AY19+BC19+BG19+BK19+BO19+BS19+BW19+CA19+CE19+CI19+CM19+CQ19+CU19+CY19+DD19 -> 21004.327 | D19: =H19+L19+P19+T19+X19+AB19+AF19+AJ19+AN19+AR19+AV19+AZ19+BD19+BH19+BL19+BP19+BT19+BX19+CB19+CF19+CJ19+CN19+CR19+CV19+CZ19+DE19 -> 21004.327 | E19: =D19/C19% -> 100 | F19: 0 | G19: 0 | H19: 0 | J19: 0 | K19: 0 | L19: 0 | N19: 0 | O19: 0 | P19: 0 | R19: 0 | S19: 0 | T19: 0 | V19: 0 | W19: 0 | X19: 0 | Z19: 0 | AA19: 1145 | AB19: 1145 | AC19: =AB19/AA19% -> 100 | AD19: 0 | AE19: 0 | AF19: 0 | AH19: 0 | AI19: 0 | AJ19: 0 | AL19: 0 | AM19: 0 | AN19: 0 | AP19: 0 | AQ19: 5876.6 | AR19: 5876.6 | AS19: =AR19/AQ19% -> 100 | AT19: 0 | AU19: 0 | AV19: 0 | AX19: 0 | AY19: 0 | AZ19: 0 | BB19: 0 | BC19: 3207.1 | BD19: 3207.1 | BE19: =BD19/BC19% -> 100 | BF19: 0 | BG19: 0 | BH19: 0 | BJ19: 0 | BK19: 0 | BL19: 0 | BN19: 0 | BO19: 0 | BP19: 0 | BR19: 0 | BS19: 0 | BT19: 0 | BV19: 0 | BW19: 274.0273 | BX19: 274.0273 | BY19: =BX19/BW19% -> 100 | BZ19: 0 | CA19: 10.7 | CB19: 10.7 | CC19: =CB19/CA19% -> 100 | CD19: 0 | CE19: 100 | CF19: 100 | CG19: =CF19/CE19% -> 100 | CH19: 0 | CI19: 91.6 | CJ19: 91.6 | CK19: =CJ19/CI19% -> 100 | CL19: 0 | CM19: 0 | CN19: 0 | CP19: 0 | CQ19: 0 | CR19: 0 | CT19: 0 | CU19: 10299.3 | CV19: 10299.3 | CW19: =CV19/CU19% -> 100 | CX19: 0 | CY19: 0 | CZ19: 0 | DB19: 0 | DD19: 0 | DE19: 0
A20: Екатериновский | B20: =F20+J20+N20+R20+V20+Z20+AD20+AH20+AL20+AP20+AT20+AX20+BB20+BF20+BJ20+BN20+BR20+BV20+BZ20+CD20+CH20+CL20+CP20+CT20+CX20+DB20 -> 0 | C20: =G20+K20+O20+S20+W20+AA20+AE20+AI20+AM20+AQ20+AU20+AY20+BC20+BG20+BK20+BO20+BS20+BW20+CA20+CE20+CI20+CM20+CQ20+CU20+CY20+DD20 -> 44097.447 | D20: =H20+L20+P20+T20+X20+AB20+AF20+AJ20+AN20+AR20+AV20+AZ20+BD20+BH20+BL20+BP20+BT20+BX20+CB20+CF20+CJ20+CN20+CR20+CV20+CZ20+DE20 -> 44092.035 | E20: =D20/C20% -> 99.987726 | F20: 0 | G20: 0 | H20: 0 | J20: 0 | K20: 0 | L20: 0 | N20: 0 | O20: 0 | P20: 0 | R20: 0 | S20: 0 | T20: 0 | V20: 0 | W20: 0 | X20: 0 | Z20: 0 | AA20: 1300 | AB20: 1300 | AC20: =AB20/AA20% -> 100 | AD20: 0 | AE20: 0 | AF20: 0 | AH20: 0 | AI20: 0 | AJ20: 0 | AL20: 0 | AM20: 0 | AN20: 0 | AP20: 0 | AQ20: 11242.4 | AR20: 11236.988 | AS20: =AR20/AQ20% -> 99.951857 | AT20: 0 | AU20: 0 | AV20: 0 | AX20: 0 | AY20: 0 | AZ20: 0 | BB20: 0 | BC20: 4914.1 | BD20: 4914.1 | BE20: =BD20/BC20% -> 100 | BF20: 0 | BG20: 0 | BH20: 0 | BJ20: 0 | BK20: 0 | BL20: 0 | BN20: 0 | BO20: 0 | BP20: 0 | BR20: 0 | BS20: 0 | BT20: 0 | BV20: 0 | BW20: 210.64 | BX20: 210.64 | BY20: =BX20/BW20% -> 100 | BZ20: 0 | CA20: 16.9 | CB20: 16.9 | CC20: =CB20/CA20% -> 100 | CD20: 0 | CE20: 100 | CF20: 100 | CG20: =CF20/CE20% -> 100 | CH20: 0 | CI20: 91.6 | CJ20: 91.6 | CK20: =CJ20/CI20% -> 100 | CL20: 0 | CM20: 50 | CN20: 50 | CO20: =CN20/CM20% -> 100 | CP20: 0 | CQ20: 0 | CR20: 0 | CT20: 0 | CU20: 25468.3 | CV20: 25468.3 | CW20: =CV20/CU20% -> 100 | CX20: 0 | CY20: 0 | CZ20: 0 | DB20: 0 | DD20: 703.50734 | DE20: 703.50734 | DF20: =DE20/DD20% -> 100
A21: Ершовский | B21: =F21+J21+N21+R21+V21+Z21+AD21+AH21+AL21+AP21+AT21+AX21+BB21+BF21+BJ21+BN21+BR21+BV21+BZ21+CD21+CH21+CL21+CP21+CT21+CX21+DB21 -> 0 | C21: =G21+K21+O21+S21+W21+AA21+AE21+AI21+AM21+AQ21+AU21+AY21+BC21+BG21+BK21+BO21+BS21+BW21+CA21+CE21+CI21+CM21+CQ21+CU21+CY21+DD21 -> 44689.49 | D21: =H21+L21+P21+T21+X21+AB21+AF21+AJ21+AN21+AR21+AV21+AZ21+BD21+BH21+BL21+BP21+BT21+BX21+CB21+CF21+CJ21+CN21+CR21+CV21+CZ21+DE21 -> 44689.49 | E21: =D21/C21% -> 100 | F21: 0 | G21: 0 | H21: 0 | J21: 0 | K21: 0 | L21: 0 | N21: 0 | O21: 0 | P21: 0 | R21: 0 | S21: 0 | T21: 0 | V21: 0 | W21: 0 | X21: 0 | Z21: 0 | AA21: 0 | AB21: 0 | AC21: =AB21/AA21% -> #DIV/0! | AD21: 0 | AE21: 0 | AF21: 0 | AH21: 0 | AI21: 0 | AJ21: 0 | AL21: 0 | AM21: 2100 | AN21: 2100 | AO21: =AN21/AM21% -> 100 | AP21: 0 | AQ21: 11584.8 | AR21: 11584.8 | AS21: =AR21/AQ21% -> 100 | AT21: 0 | AU21: 0 | AV21: 0 | AX21: 0 | AY21: 0 | AZ21: 0 | BB21: 0 | BC21: 7707.3 | BD21: 7707.3 | BE21: =BD21/BC21% -> 100 | BF21: 0 | BG21: 0 | BH21: 0 | BJ21: 0 | BK21: 0 | BL21: 0 | BN21: 0 | BO21: 0 | BP21: 0 | BR21: 0 | BS21: 1209.4722 | BT21: 1209.4722 | BU21: =BT21/BS21% -> 100 | BV21: 0 | BW21: 393.92 | BX21: 393.92 | BY21: =BX21/BW21% -> 100 | BZ21: 0 | CA21: 33.7 | CB21: 33.7 | CC21: =CB21/CA21% -> 100 | CD21: 0 | CE21: 0 | CF21: 0 | CH21: 0 | CI21: 91.6 | CJ21: 91.6 | CK21: =CJ21/CI21% -> 100 | CL21: 0 | CM21: 0 | CN21: 0 | CP21: 0 | CQ21: 0 | CR21: 0 | CT21: 0 | CU21: 20986.4 | CV21: 20986.4 | CW21: =CV21/CU21% -> 100 | CX21: 0 | CY21: 0 | CZ21: 0 | DB21: 0 | DD21: 582.2983 | DE21: 582.2983 | DF21: =DE21/DD21% -> 100
A22: Ивантеевский | B22: =F22+J22+N22+R22+V22+Z22+AD22+AH22+AL22+AP22+AT22+AX22+BB22+BF22+BJ22+BN22+BR22+BV22+BZ22+CD22+CH22+CL22+CP22+CT22+CX22+DB22 -> 0 | C22: =G22+K22+O22+S22+W22+AA22+AE22+AI22+AM22+AQ22+AU22+AY22+BC22+BG22+BK22+BO22+BS22+BW22+CA22+CE22+CI22+CM22+CQ22+CU22+CY22+DD22 -> 35726.7 | D22: =H22+L22+P22+T22+X22+AB22+AF22+AJ22+AN22+AR22+AV22+AZ22+BD22+BH22+BL22+BP22+BT22+BX22+CB22+CF22+CJ22+CN22+CR22+CV22+CZ22+DE22 -> 35726.7 | E22: =D22/C22% -> 100 | F22: 0 | G22: 0 | H22: 0 | J22: 0 | K22: 85 | L22: 85 | M22: =L22/K22% -> 100 | N22: 0 | O22: 0 | P22: 0 | R22: 0 | S22: 0 | T22: 0 | V22: 0 | W22: 0 | X22: 0 | Z22: 0 | AA22: 1150 | AB22: 1150 | AC22: =AB22/AA22% -> 100 | AD22: 0 | AE22: 1481 | AF22: 1481 | AG22: =AF22/AE22% -> 100 | AH22: 0 | AI22: 0 | AJ22: 0 | AL22: 0 | AM22: 0 | AN22: 0 | AP22: 0 | AQ22: 7059.8 | AR22: 7059.8 | AS22: =AR22/AQ22% -> 100 | AT22: 0 | AU22: 0 | AV22: 0 | AX22: 0 | AY22: 0 | AZ22: 0 | BB22: 0 | BC22: 5302 | BD22: 5302 | BE22: =BD22/BC22% -> 100 | BF22: 0 | BG22: 0 | BH22: 0 | BJ22: 0 | BK22: 0 | BL22: 0 | BN22: 0 | BO22: 0 | BP22: 0 | BR22: 0 | BS22: 0 | BT22: 0 | BV22: 0 | BW22: 0 | BX22: 0 | BZ22: 0 | CA22: 12.4 | CB22: 12.4 | CC22: =CB22/CA22% -> 100 | CD22: 0 | CE22: 100 | CF22: 100 | CG22: =CF22/CE22% -> 100 | CH22: 0 | CI22: 91.6 | CJ22: 91.6 | CK22: =CJ22/CI22% -> 100 | CL22: 0 | CM22: 150 | CN22: 150 | CO22: =CN22/CM22% -> 100 | CP22: 0 | CQ22: 0 | CR22: 0 | CT22: 0 | CU22: 20294.9 | CV22: 20294.9 | CW22: =CV22/CU22% -> 100 | CX22: 0 | CY22: 0 | CZ22: 0 | DB22: 0 | DD22: 0 | DE22: 0
A23: Калининский | B23: =F23+J23+N23+R23+V23+Z23+AD23+AH23+AL23+AP23+AT23+AX23+BB23+BF23+BJ23+BN23+BR23+BV23+BZ23+CD23+CH23+CL23+CP23+CT23+CX23+DB23 -> 0 | C23: =G23+K23+O23+S23+W23+AA23+AE23+AI23+AM23+AQ23+AU23+AY23+BC23+BG23+BK23+BO23+BS23+BW23+CA23+CE23+CI23+CM23+CQ23+CU23+CY23+DD23 -> 81288.54 | D23: =H23+L23+P23+T23+X23+AB23+AF23+AJ23+AN23+AR23+AV23+AZ23+BD23+BH23+BL23+BP23+BT23+BX23+CB23+CF23+CJ23+CN23+CR23+CV23+CZ23+DE23 -> 79944.501 | E23: =D23/C23% -> 98.346583 | F23: 0 | G23: 0 | H23: 0 | J23: 0 | K23: 509.9 | L23: 509.775 | M23: =L23/K23% -> 99.975485 | N23: 0 | O23: 0 | P23: 0 | R23: 0 | S23: 0 | T23: 0 | V23: 0 | W23: 0 | X23: 0 | Z23: 0 | AA23: 0 | AB23: 0 | AD23: 0 | AE23: 0 | AF23: 0 | AH23: 0 | AI23: 0 | AJ23: 0 | AL23: 0 | AM23: 2000 | AN23: 2000 | AO23: =AN23/AM23% -> 100 | AP23: 0 | AQ23: 5639.7 | AR23: 5639.7 | AS23: =AR23/AQ23% -> 100 | AT23: 0 | AU23: 0 | AV23: 0 | AX23: 0 | AY23: 0 | AZ23: 0 | BB23: 0 | BC23: 7448.7 | BD23: 7448.7 | BE23: =BD23/BC23% -> 100 | BF23: 0 | BG23: 24399.7 | BH23: 23055.787 | BI23: =BH23/BG23% -> 94.492091 | BJ23: 0 | BK23: 0 | BL23: 0 | BN23: 0 | BO23: 0 | BP23: 0 | BR23: 0 | BS23: 945.93959 | BT23: 945.93959 | BU23: =BT23/BS23% -> 100 | BV23: 0 | BW23: 226.5 | BX23: 226.5 | BY23: =BX23/BW23% -> 100 | BZ23: 0 | CA23: 28 | CB23: 28 | CC23: =CB23/CA23% -> 100 | CD23: 0 | CE23: 0 | CF23: 0 | CH23: 0 | CI23: 91.6 | CJ23: 91.6 | CK23: =CJ23/CI23% -> 100 | CL23: 0 | CM23: 0 | CN23: 0 | CP23: 0 | CQ23: 0 | CR23: 0 | CT23: 0 | CU23: 38998.5 | CV23: 38998.5 | CW23: =CV23/CU23% -> 100 | CX23: 0 | CY23: 0 | CZ23: 0 | DB23: 0 | DD23: 1000 | DE23: 1000 | DF23: =DE23/DD23% -> 100
A24: Красноармейский | B24: =F24+J24+N24+R24+V24+Z24+AD24+AH24+AL24+AP24+AT24+AX24+BB24+BF24+BJ24+BN24+BR24+BV24+BZ24+CD24+CH24+CL24+CP24+CT24+CX24+DB24 -> 0 | C24: =G24+K24+O24+S24+W24+AA24+AE24+AI24+AM24+AQ24+AU24+AY24+BC24+BG24+BK24+BO24+BS24+BW24+CA24+CE24+CI24+CM24+CQ24+CU24+CY24+DD24 -> 88746.672 | D24: =H24+L24+P24+T24+X24+AB24+AF24+AJ24+AN24+AR24+AV24+AZ24+BD24+BH24+BL24+BP24+BT24+BX24+CB24+CF24+CJ24+CN24+CR24+CV24+CZ24+DE24 -> 88345.063 | E24: =D24/C24% -> 99.547466 | F24: 0 | G24: 0 | H24: 0 | J24: 0 | K24: 0 | L24: 0 | N24: 0 | O24: 0 | P24: 0 | R24: 0 | S24: 0 | T24: 0 | V24: 0 | W24: 0 | X24: 0 | Z24: 0 | AA24: 0 | AB24: 0 | AD24: 0 | AE24: 0 | AF24: 0 | AH24: 0 | AI24: 0 | AJ24: 0 | AL24: 0 | AM24: 2500 | AN24: 2500 | AO24: =AN24/AM24% -> 100 | AP24: 0 | AQ24: 10444.2 | AR24: 10042.591 | AS24: =AR24/AQ24% -> 96.154717 | AT24: 0 | AU24: 0 | AV24: 0 | AX24: 0 | AY24: 0 | AZ24: 0 | BB24: 0 | BC24: 9440.2 | BD24: 9440.2 | BE24: =BD24/BC24% -> 100 | BF24: 0 | BG24: 0 | BH24: 0 | BJ24: 0 | BK24: 0 | BL24: 0 | BN24: 0 | BO24: 0 | BP24: 0 | BR24: 0 | BS24: 1563.4321 | BT24: 1563.4321 | BU24: =BT24/BS24% -> 100 | BV24: 0 | BW24: 708.44 | BX24: 708.44 | BY24: =BX24/BW24% -> 100 | BZ24: 0 | CA24: 41.9 | CB24: 41.9 | CC24: =CB24/CA24% -> 100 | CD24: 0 | CE24: 0 | CF24: 0 | CH24: 0 | CI24: 91.6 | CJ24: 91.6 | CK24: =CJ24/CI24% -> 100 | CL24: 0 | CM24: 50 | CN24: 50 | CO24: =CN24/CM24% -> 100 | CP24: 0 | CQ24: 0 | CR24: 0 | CT24: 0 | CU24: 62778.5 | CV24: 62778.5 | CW24: =CV24/CU24% -> 100 | CX24: 0 | CY24: 0 | CZ24: 0 | DB24: 0 | DD24: 1128.4 | DE24: 1128.4 | DF24: =DE24/DD24% -> 100
A25: Краснокутский | B25: =F25+J25+N25+R25+V25+Z25+AD25+AH25+AL25+AP25+AT25+AX25+BB25+BF25+BJ25+BN25+BR25+BV25+BZ25+CD25+CH25+CL25+CP25+CT25+CX25+DB25 -> 0 | C25: =G25+K25+O25+S25+W25+AA25+AE25+AI25+AM25+AQ25+AU25+AY25+BC25+BG25+BK25+BO25+BS25+BW25+CA25+CE25+CI25+CM25+CQ25+CU25+CY25+DD25 -> 27322.468 | D25: =H25+L25+P25+T25+X25+AB25+AF25+AJ25+AN25+AR25+AV25+AZ25+BD25+BH25+BL25+BP25+BT25+BX25+CB25+CF25+CJ25+CN25+CR25+CV25+CZ25+DE25 -> 27223.715 | E25: =D25/C25% -> 99.638567 | F25: 0 | G25: 0 | H25: 0 | J25: 0 | K25: 0 | L25: 0 | N25: 0 | O25: 0 | P25: 0 | R25: 0 | S25: 0 | T25: 0 | V25: 0 | W25: 0 | X25: 0 | Z25: 0 | AA25: 1100 | AB25: 1100 | AC25: =AB25/AA25% -> 100 | AD25: 0 | AE25: 0 | AF25: 0 | AH25: 0 | AI25: 0 | AJ25: 0 | AL25: 0 | AM25: 0 | AN25: 0 | AP25: 0 | AQ25: 15410 | AR25: 15410 | AS25: =AR25/AQ25% -> 100 | AT25: 0 | AU25: 0 | AV25: 0 | AX25: 0 | AY25: 0 | AZ25: 0 | BB25: 0 | BC25: 5715.8 | BD25: 5715.8 | BE25: =BD25/BC25% -> 100 | BF25: 0 | BG25: 0 | BH25: 0 | BJ25: 0 | BK25: 0 | BL25: 0 | BN25: 0 | BO25: 0 | BP25: 0 | BR25: 0 | BS25: 880.60783 | BT25: 880.60783 | BU25: =BT25/BS25% -> 100 | BV25: 0 | BW25: 983.525 | BX25: 884.7725 | BY25: =BX25/BW25% -> 89.95933 | BZ25: 0 | CA25: 30.7 | CB25: 30.7 | CC25: =CB25/CA25% -> 100 | CD25: 0 | CE25: 100 | CF25: 100 | CG25: =CF25/CE25% -> 100 | CH25: 0 | CI25: 91.6 | CJ25: 91.6 | CK25: =CJ25/CI25% -> 100 | CL25: 0 | CM25: 50 | CN25: 50 | CO25: =CN25/CM25% -> 100 | CP25: 0 | CQ25: 0 | CR25: 0 | CT25: 0 | CU25: 2725 | CV25: 2725 | CW25: =CV25/CU25% -> 100 | CX25: 0 | CY25: 0 | CZ25: 0 | DB25: 0 | DD25: 235.2348 | DE25: 235.2348 | DF25: =DE25/DD25% -> 100
A26: Краснопартизанский | B26: =F26+J26+N26+R26+V26+Z26+AD26+AH26+AL26+AP26+AT26+AX26+BB26+BF26+BJ26+BN26+BR26+BV26+BZ26+CD26+CH26+CL26+CP26+CT26+CX26+DB26 -> 0 | C26: =G26+K26+O26+S26+W26+AA26+AE26+AI26+AM26+AQ26+AU26+AY26+BC26+BG26+BK26+BO26+BS26+BW26+CA26+CE26+CI26+CM26+CQ26+CU26+CY26+DD26 -> 36298.777 | D26: =H26+L26+P26+T26+X26+AB26+AF26+AJ26+AN26+AR26+AV26+AZ26+BD26+BH26+BL26+BP26+BT26+BX26+CB26+CF26+CJ26+CN26+CR26+CV26+CZ26+DE26 -> 35524.97 | E26: =D26/C26% -> 97.868229 | F26: 0 | G26: 0 | H26: 0 | J26: 0 | K26: 119.3 | L26: 114.08582 | M26: =L26/K26% -> 95.629355 | N26: 0 | O26: 0 | P26: 0 | R26: 0 | S26: 8050.2864 | T26: 7282.6631 | U26: =T26/S26% -> 90.464647 | V26: 0 | W26: 0 | X26: 0 | Z26: 0 | AA26: 1146 | AB26: 1146 | AC26: =AB26/AA26% -> 100 | AD26: 0 | AE26: 0 | AF26: 0 | AH26: 0 | AI26: 0 | AJ26: 0 | AL26: 0 | AM26: 2100 | AN26: 2100 | AO26: =AN26/AM26% -> 100 | AP26: 0 | AQ26: 5287.2 | AR26: 5286.7344 | AS26: =AR26/AQ26% -> 99.991193 | AT26: 0 | AU26: 0 | AV26: 0 | AX26: 0 | AY26: 0 | AZ26: 0 | BB26: 0 | BC26: 2560.5 | BD26: 2560.5 | BE26: =BD26/BC26% -> 100 | BF26: 0 | BG26: 0 | BH26: 0 | BJ26: 0 | BK26: 0 | BL26: 0 | BN26: 0 | BO26: 0 | BP26: 0 | BR26: 0 | BS26: 0 | BT26: 0 | BV26: 0 | BW26: 0 | BX26: 0 | BZ26: 0 | CA26: 12.4 | CB26: 12.4 | CC26: =CB26/CA26% -> 100 | CD26: 0 | CE26: 0 | CF26: 0 | CH26: 0 | CI26: 91.6 | CJ26: 91.6 | CK26: =CJ26/CI26% -> 100 | CL26: 0 | CM26: 0 | CN26: 0 | CP26: 0 | CQ26: 0 | CR26: 0 | CT26: 0 | CU26: 16552.1 | CV26: 16552.1 | CW26: =CV26/CU26% -> 100 | CX26: 0 | CY26: 0 | CZ26: 0 | DB26: 0 | DD26: 379.39038 | DE26: 378.88657 | DF26: =DE26/DD26% -> 99.867205
A27: Лысогорский | B27: =F27+J27+N27+R27+V27+Z27+AD27+AH27+AL27+AP27+AT27+AX27+BB27+BF27+BJ27+BN27+BR27+BV27+BZ27+CD27+CH27+CL27+CP27+CT27+CX27+DB27 -> 0 | C27: =G27+K27+O27+S27+W27+AA27+AE27+AI27+AM27+AQ27+AU27+AY27+BC27+BG27+BK27+BO27+BS27+BW27+CA27+CE27+CI27+CM27+CQ27+CU27+CY27+DD27 -> 28546.726 | D27: =H27+L27+P27+T27+X27+AB27+AF27+AJ27+AN27+AR27+AV27+AZ27+BD27+BH27+BL27+BP27+BT27+BX27+CB27+CF27+CJ27+CN27+CR27+CV27+CZ27+DE27 -> 28546.726 | E27: =D27/C27% -> 100 | F27: 0 | G27: 0 | H27: 0 | J27: 0 | K27: 0 | L27: 0 | N27: 0 | O27: 0 | P27: 0 | R27: 0 | S27: 0 | T27: 0 | V27: 0 | W27: 0 | X27: 0 | Z27: 0 | AA27: 0 | AB27: 0 | AD27: 0 | AE27: 0 | AF27: 0 | AH27: 0 | AI27: 0 | AJ27: 0 | AL27: 0 | AM27: 2000 | AN27: 2000 | AO27: =AN27/AM27% -> 100 | AP27: 0 | AQ27: 5899.8 | AR27: 5899.8 | AS27: =AR27/AQ27% -> 100 | AT27: 0 | AU27: 0 | AV27: 0 | AX27: 0 | AY27: 0 | AZ27: 0 | BB27: 0 | BC27: 4810.6 | BD27: 4810.6 | BE27: =BD27/BC27% -> 100 | BF27: 0 | BG27: 0 | BH27: 0 | BJ27: 0 | BK27: 0 | BL27: 0 | BN27: 0 | BO27: 0 | BP27: 0 | BR27: 0 | BS27: 0 | BT27: 0 | BV27: 0 | BW27: 188.8 | BX27: 188.8 | BY27: =BX27/BW27% -> 100 | BZ27: 0 | CA27: 17.5 | CB27: 17.5 | CC27: =CB27/CA27% -> 100 | CD27: 0 | CE27: 0 | CF27: 0 | CH27: 0 | CI27: 457.8 | CJ27: 457.8 | CK27: =CJ27/CI27% -> 100 | CL27: 0 | CM27: 0 | CN27: 0 | CP27: 0 | CQ27: 0 | CR27: 0 | CT27: 0 | CU27: 14492.6 | CV27: 14492.6 | CW27: =CV27/CU27% -> 100 | CX27: 0 | CY27: 0 | CZ27: 0 | DB27: 0 | DD27: 679.626 | DE27: 679.626 | DF27: =DE27/DD27% -> 100
A28: Марксовский | B28: =F28+J28+N28+R28+V28+Z28+AD28+AH28+AL28+AP28+AT28+AX28+BB28+BF28+BJ28+BN28+BR28+BV28+BZ28+CD28+CH28+CL28+CP28+CT28+CX28+DB28 -> 0 | C28: =G28+K28+O28+S28+W28+AA28+AE28+AI28+AM28+AQ28+AU28+AY28+BC28+BG28+BK28+BO28+BS28+BW28+CA28+CE28+CI28+CM28+CQ28+CU28+CY28+DD28 -> 69743.89 | D28: =H28+L28+P28+T28+X28+AB28+AF28+AJ28+AN28+AR28+AV28+AZ28+BD28+BH28+BL28+BP28+BT28+BX28+CB28+CF28+CJ28+CN28+CR28+CV28+CZ28+DE28 -> 69497.904 | E28: =D28/C28% -> 99.647301 | F28: 0 | G28: 0 | H28: 0 | J28: 0 | K28: 0 | L28: 0 | N28: 0 | O28: 0 | P28: 0 | R28: 0 | S28: 0 | T28: 0 | V28: 0 | W28: 0 | X28: 0 | Z28: 0 | AA28: 0 | AB28: 0 | AD28: 0 | AE28: 0 | AF28: 0 | AH28: 0 | AI28: 0 | AJ28: 0 | AL28: 0 | AM28: 1800 | AN28: 1800 | AO28: =AN28/AM28% -> 100 | AP28: 0 | AQ28: 23762.9 | AR28: 23762.9 | AS28: =AR28/AQ28% -> 100 | AT28: 0 | AU28: 0 | AV28: 0 | AX28: 0 | AY28: 0 | AZ28: 0 | BB28: 0 | BC28: 10448.8 | BD28: 10448.8 | BE28: =BD28/BC28% -> 100 | BF28: 0 | BG28: 0 | BH28: 0 | BJ28: 0 | BK28: 0 | BL28: 0 | BN28: 0 | BO28: 0 | BP28: 0 | BR28: 0 | BS28: 1899.3899 | BT28: 1899.3899 | BU28: =BT28/BS28% -> 100 | BV28: 0 | BW28: 2205.3 | BX28: 1959.3141 | BY28: =BX28/BW28% -> 88.845695 | BZ28: 0 | CA28: 57.5 | CB28: 57.5 | CC28: =CB28/CA28% -> 100 | CD28: 0 | CE28: 100 | CF28: 100 | CG28: =CF28/CE28% -> 100 | CH28: 0 | CI28: 91.6 | CJ28: 91.6 | CK28: =CJ28/CI28% -> 100 | CL28: 0 | CM28: 50 | CN28: 50 | CO28: =CN28/CM28% -> 100 | CP28: 0 | CQ28: 0 | CR28: 0 | CT28: 0 | CU28: 28728.4 | CV28: 28728.4 | CW28: =CV28/CU28% -> 100 | CX28: 0 | CY28: 0 | CZ28: 0 | DB28: 0 | DD28: 600 | DE28: 600 | DF28: =DE28/DD28% -> 100
A29: Новобурасский | B29: =F29+J29+N29+R29+V29+Z29+AD29+AH29+AL29+AP29+AT29+AX29+BB29+BF29+BJ29+BN29+BR29+BV29+BZ29+CD29+CH29+CL29+CP29+CT29+CX29+DB29 -> 0 | C29: =G29+K29+O29+S29+W29+AA29+AE29+AI29+AM29+AQ29+AU29+AY29+BC29+BG29+BK29+BO29+BS29+BW29+CA29+CE29+CI29+CM29+CQ29+CU29+CY29+DD29 -> 26665.4 | D29: =H29+L29+P29+T29+X29+AB29+AF29+AJ29+AN29+AR29+AV29+AZ29+BD29+BH29+BL29+BP29+BT29+BX29+CB29+CF29+CJ29+CN29+CR29+CV29+CZ29+DE29 -> 26665.4 | E29: =D29/C29% -> 100 | F29: 0 | G29: 0 | H29: 0 | J29: 0 | K29: 0 | L29: 0 | N29: 0 | O29: 0 | P29: 0 | R29: 0 | S29: 0 | T29: 0 | V29: 0 | W29: 0 | X29: 0 | Z29: 0 | AA29: 0 | AB29: 0 | AD29: 0 | AE29: 0 | AF29: 0 | AH29: 0 | AI29: 0 | AJ29: 0 | AL29: 0 | AM29: 2000 | AN29: 2000 | AO29: =AN29/AM29% -> 100 | AP29: 0 | AQ29: 9093.1 | AR29: 9093.1 | AS29: =AR29/AQ29% -> 100 | AT29: 0 | AU29: 0 | AV29: 0 | AX29: 0 | AY29: 0 | AZ29: 0 | BB29: 0 | BC29: 5664.1 | BD29: 5664.1 | BE29: =BD29/BC29% -> 100 | BF29: 0 | BG29: 0 | BH29: 0 | BJ29: 0 | BK29: 0 | BL29: 0 | BN29: 0 | BO29: 0 | BP29: 0 | BR29: 0 | BS29: 0 | BT29: 0 | BV29: 0 | BW29: 273.5 | BX29: 273.5 | BY29: =BX29/BW29% -> 100 | BZ29: 0 | CA29: 14.6 | CB29: 14.6 | CC29: =CB29/CA29% -> 100 | CD29: 0 | CE29: 100 | CF29: 100 | CG29: =CF29/CE29% -> 100 | CH29: 0 | CI29: 91.6 | CJ29: 91.6 | CK29: =CJ29/CI29% -> 100 | CL29: 0 | CM29: 50 | CN29: 50 | CO29: =CN29/CM29% -> 100 | CP29: 0 | CQ29: 0 | CR29: 0 | CT29: 0 | CU29: 8888.5 | CV29: 8888.5 | CW29: =CV29/CU29% -> 100 | CX29: 0 | CY29: 0 | CZ29: 0 | DB29: 0 | DD29: 490 | DE29: 490 | DF29: =DE29/DD29% -> 100
A30: Новоузенский | B30: =F30+J30+N30+R30+V30+Z30+AD30+AH30+AL30+AP30+AT30+AX30+BB30+BF30+BJ30+BN30+BR30+BV30+BZ30+CD30+CH30+CL30+CP30+CT30+CX30+DB30 -> 0 | C30: =G30+K30+O30+S30+W30+AA30+AE30+AI30+AM30+AQ30+AU30+AY30+BC30+BG30+BK30+BO30+BS30+BW30+CA30+CE30+CI30+CM30+CQ30+CU30+CY30+DD30 -> 77346.323 | D30: =H30+L30+P30+T30+X30+AB30+AF30+AJ30+AN30+AR30+AV30+AZ30+BD30+BH30+BL30+BP30+BT30+BX30+CB30+CF30+CJ30+CN30+CR30+CV30+CZ30+DE30 -> 77290.766 | E30: =D30/C30% -> 99.928171 | F30: 0 | G30: 0 | H30: 0 | J30: 0 | K30: 0 | L30: 0 | N30: 0 | O30: 0 | P30: 0 | R30: 0 | S30: 0 | T30: 0 | V30: 0 | W30: 0 | X30: 0 | Z30: 0 | AA30: 1100 | AB30: 1100 | AC30: =AB30/AA30% -> 100 | AD30: 0 | AE30: 0 | AF30: 0 | AH30: 0 | AI30: 0 | AJ30: 0 | AL30: 0 | AM30: 1000 | AN30: 1000 | AO30: =AN30/AM30% -> 100 | AP30: 0 | AQ30: 6137.1 | AR30: 6137.1 | AS30: =AR30/AQ30% -> 100 | AT30: 0 | AU30: 0 | AV30: 0 | AX30: 0 | AY30: 0 | AZ30: 0 | BB30: 0 | BC30: 9647.1 | BD30: 9591.543 | BE30: =BD30/BC30% -> 99.424107 | BF30: 0 | BG30: 0 | BH30: 0 | BJ30: 0 | BK30: 0 | BL30: 0 | BN30: 0 | BO30: 0 | BP30: 0 | BR30: 0 | BS30: 955.83473 | BT30: 955.83473 | BU30: =BT30/BS30% -> 100 | BV30: 0 | BW30: 417.588 | BX30: 417.588 | BY30: =BX30/BW30% -> 100 | BZ30: 0 | CA30: 27 | CB30: 27 | CC30: =CB30/CA30% -> 100 | CD30: 0 | CE30: 0 | CF30: 0 | CH30: 0 | CI30: 91.6 | CJ30: 91.6 | CK30: =CJ30/CI30% -> 100 | CL30: 0 | CM30: 0 | CN30: 0 | CP30: 0 | CQ30: 0 | CR30: 0 | CT30: 0 | CU30: 57115.1 | CV30: 57115.1 | CW30: =CV30/CU30% -> 100 | CX30: 0 | CY30: 0 | CZ30: 0 | DB30: 0 | DD30: 855 | DE30: 855 | DF30: =DE30/DD30% -> 100
A31: Озинский | B31: =F31+J31+N31+R31+V31+Z31+AD31+AH31+AL31+AP31+AT31+AX31+BB31+BF31+BJ31+BN31+BR31+BV31+BZ31+CD31+CH31+CL31+CP31+CT31+CX31+DB31 -> 0 | C31: =G31+K31+O31+S31+W31+AA31+AE31+AI31+AM31+AQ31+AU31+AY31+BC31+BG31+BK31+BO31+BS31+BW31+CA31+CE31+CI31+CM31+CQ31+CU31+CY31+DD31 -> 40594.034 | D31: =H31+L31+P31+T31+X31+AB31+AF31+AJ31+AN31+AR31+AV31+AZ31+BD31+BH31+BL31+BP31+BT31+BX31+CB31+CF31+CJ31+CN31+CR31+CV31+CZ31+DE31 -> 40363.743 | E31: =D31/C31% -> 99.432698 | F31: 0 | G31: 0 | H31: 0 | J31: 0 | K31: 174.2 | L31: 174.144 | M31: =L31/K31% -> 99.967853 | N31: 0 | O31: 0 | P31: 0 | R31: 0 | S31: 0 | T31: 0 | V31: 0 | W31: 0 | X31: 0 | Z31: 0 | AA31: 0 | AB31: 0 | AD31: 0 | AE31: 0 | AF31: 0 | AH31: 0 | AI31: 0 | AJ31: 0 | AL31: 0 | AM31: 2100 | AN31: 2100 | AO31: =AN31/AM31% -> 100 | AP31: 0 | AQ31: 6516.9 | AR31: 6516.9 | AS31: =AR31/AQ31% -> 100 | AT31: 0 | AU31: 0 | AV31: 0 | AX31: 0 | AY31: 0 | AZ31: 0 | BB31: 0 | BC31: 5508.9 | BD31: 5508.9 | BE31: =BD31/BC31% -> 100 | BF31: 0 | BG31: 0 | BH31: 0 | BJ31: 0 | BK31: 0 | BL31: 0 | BN31: 0 | BO31: 0 | BP31: 0 | BR31: 0 | BS31: 0 | BT31: 0 | BV31: 0 | BW31: 376 | BX31: 145.76536 | BY31: =BX31/BW31% -> 38.767383 | BZ31: 0 | CA31: 15.8 | CB31: 15.8 | CC31: =CB31/CA31% -> 100 | CD31: 0 | CE31: 0 | CF31: 0 | CH31: 0 | CI31: 91.6 | CJ31: 91.6 | CK31: =CJ31/CI31% -> 100 | CL31: 0 | CM31: 50 | CN31: 50 | CO31: =CN31/CM31% -> 100 | CP31: 0 | CQ31: 0 | CR31: 0 | CT31: 0 | CU31: 25292.2 | CV31: 25292.2 | CW31: =CV31/CU31% -> 100 | CX31: 0 | CY31: 0 | CZ31: 0 | DB31: 0 | DD31: 468.434 | DE31: 468.434 | DF31: =DE31/DD31% -> 100
A32: Перелюбский | B32: =F32+J32+N32+R32+V32+Z32+AD32+AH32+AL32+AP32+AT32+AX32+BB32+BF32+BJ32+BN32+BR32+BV32+BZ32+CD32+CH32+CL32+CP32+CT32+CX32+DB32 -> 0 | C32: =G32+K32+O32+S32+W32+AA32+AE32+AI32+AM32+AQ32+AU32+AY32+BC32+BG32+BK32+BO32+BS32+BW32+CA32+CE32+CI32+CM32+CQ32+CU32+CY32+DD32 -> 51914.9 | D32: =H32+L32+P32+T32+X32+AB32+AF32+AJ32+AN32+AR32+AV32+AZ32+BD32+BH32+BL32+BP32+BT32+BX32+CB32+CF32+CJ32+CN32+CR32+CV32+CZ32+DE32 -> 51914.9 | E32: =D32/C32% -> 100 | F32: 0 | G32: 0 | H32: 0 | J32: 0 | K32: 0 | L32: 0 | N32: 0 | O32: 0 | P32: 0 | R32: 0 | S32: 0 | T32: 0 | V32: 0 | W32: 0 | X32: 0 | Z32: 0 | AA32: 1145 | AB32: 1145 | AC32: =AB32/AA32% -> 100 | AD32: 0 | AE32: 0 | AF32: 0 | AH32: 0 | AI32: 0 | AJ32: 0 | AL32: 0 | AM32: 2000 | AN32: 2000 | AO32: =AN32/AM32% -> 100 | AP32: 0 | AQ32: 8351.8 | AR32: 8351.8 | AS32: =AR32/AQ32% -> 100 | AT32: 0 | AU32: 0 | AV32: 0 | AX32: 0 | AY32: 0 | AZ32: 0 | BB32: 0 | BC32: 7965.9 | BD32: 7965.9 | BE32: =BD32/BC32% -> 100 | BF32: 0 | BG32: 13210 | BH32: 13210 | BI32: =BH32/BG32% -> 100 | BJ32: 0 | BK32: 0 | BL32: 0 | BN32: 0 | BO32: 0 | BP32: 0 | BR32: 0 | BS32: 0 | BT32: 0 | BV32: 0 | BW32: 199.3 | BX32: 199.3 | BY32: =BX32/BW32% -> 100 | BZ32: 0 | CA32: 12.1 | CB32: 12.1 | CC32: =CB32/CA32% -> 100 | CD32: 0 | CE32: 0 | CF32: 0 | CH32: 0 | CI32: 91.6 | CJ32: 91.6 | CK32: =CJ32/CI32% -> 100 | CL32: 0 | CM32: 50 | CN32: 50 | CO32: =CN32/CM32% -> 100 | CP32: 0 | CQ32: 0 | CR32: 0 | CT32: 0 | CU32: 17890.2 | CV32: 17890.2 | CW32: =CV32/CU32% -> 100 | CX32: 0 | CY32: 0 | CZ32: 0 | DB32: 0 | DD32: 999 | DE32: 999 | DF32: =DE32/DD32% -> 100
A33: Петровский | B33: =F33+J33+N33+R33+V33+Z33+AD33+AH33+AL33+AP33+AT33+AX33+BB33+BF33+BJ33+BN33+BR33+BV33+BZ33+CD33+CH33+CL33+CP33+CT33+CX33+DB33 -> 0 | C33: =G33+K33+O33+S33+W33+AA33+AE33+AI33+AM33+AQ33+AU33+AY33+BC33+BG33+BK33+BO33+BS33+BW33+CA33+CE33+CI33+CM33+CQ33+CU33+CY33+DD33 -> 78761.375 | D33: =H33+L33+P33+T33+X33+AB33+AF33+AJ33+AN33+AR33+AV33+AZ33+BD33+BH33+BL33+BP33+BT33+BX33+CB33+CF33+CJ33+CN33+CR33+CV33+CZ33+DE33 -> 78678.436 | E33: =D33/C33% -> 99.894696 | F33: 0 | G33: 0 | H33: 0 | J33: 0 | K33: 0 | L33: 0 | N33: 0 | O33: 0 | P33: 0 | R33: 0 | S33: 0 | T33: 0 | V33: 0 | W33: 0 | X33: 0 | Z33: 0 | AA33: 1000 | AB33: 1000 | AC33: =AB33/AA33% -> 100 | AD33: 0 | AE33: 0 | AF33: 0 | AH33: 0 | AI33: 0 | AJ33: 0 | AL33: 0 | AM33: 0 | AN33: 0 | AP33: 0 | AQ33: 9579.3 | AR33: 9573.0695 | AS33: =AR33/AQ33% -> 99.934959 | AT33: 0 | AU33: 0 | AV33: 0 | AX33: 0 | AY33: 0 | AZ33: 0 | BB33: 0 | BC33: 7836.6 | BD33: 7797.317 | BE33: =BD33/BC33% -> 99.498724 | BF33: 0 | BG33: 0 | BH33: 0 | BJ33: 0 | BK33: 0 | BL33: 0 | BN33: 0 | BO33: 6325.8 | BP33: 6325.8 | BQ33: =BP33/BO33% -> 100 | BR33: 0 | BS33: 0 | BT33: 0 | BV33: 0 | BW33: 7009.875 | BX33: 6972.45 | BY33: =BX33/BW33% -> 99.46611 | BZ33: 0 | CA33: 38.3 | CB33: 38.3 | CC33: =CB33/CA33% -> 100 | CD33: 0 | CE33: 100 | CF33: 100 | CG33: =CF33/CE33% -> 100 | CH33: 0 | CI33: 91.6 | CJ33: 91.6 | CK33: =CJ33/CI33% -> 100 | CL33: 0 | CM33: 0 | CN33: 0 | CP33: 0 | CQ33: 3524 | CR33: 3524 | CS33: =CR33/CQ33% -> 100 | CT33: 0 | CU33: 42198.6 | CV33: 42198.6 | CW33: =CV33/CU33% -> 100 | CX33: 0 | CY33: 0 | CZ33: 0 | DB33: 0 | DD33: 1057.3 | DE33: 1057.3 | DF33: =DE33/DD33% -> 100
A34: Питерский | B34: =F34+J34+N34+R34+V34+Z34+AD34+AH34+AL34+AP34+AT34+AX34+BB34+BF34+BJ34+BN34+BR34+BV34+BZ34+CD34+CH34+CL34+CP34+CT34+CX34+DB34 -> 0 | C34: =G34+K34+O34+S34+W34+AA34+AE34+AI34+AM34+AQ34+AU34+AY34+BC34+BG34+BK34+BO34+BS34+BW34+CA34+CE34+CI34+CM34+CQ34+CU34+CY34+DD34 -> 39138.775 | D34: =H34+L34+P34+T34+X34+AB34+AF34+AJ34+AN34+AR34+AV34+AZ34+BD34+BH34+BL34+BP34+BT34+BX34+CB34+CF34+CJ34+CN34+CR34+CV34+CZ34+DE34 -> 39138.775 | E34: =D34/C34% -> 100 | F34: 0 | G34: 0 | H34: 0 | J34: 0 | K34: 0 | L34: 0 | N34: 0 | O34: 0 | P34: 0 | R34: 0 | S34: 0 | T34: 0 | V34: 0 | W34: 0 | X34: 0 | Z34: 0 | AA34: 1100 | AB34: 1100 | AC34: =AB34/AA34% -> 100 | AD34: 0 | AE34: 0 | AF34: 0 | AH34: 0 | AI34: 0 | AJ34: 0 | AL34: 0 | AM34: 2200 | AN34: 2200 | AO34: =AN34/AM34% -> 100 | AP34: 0 | AQ34: 11567.7 | AR34: 11567.7 | AS34: =AR34/AQ34% -> 100 | AT34: 0 | AU34: 0 | AV34: 0 | AX34: 0 | AY34: 0 | AZ34: 0 | BB34: 0 | BC34: 3879.5 | BD34: 3879.5 | BE34: =BD34/BC34% -> 100 | BF34: 0 | BG34: 0 | BH34: 0 | BJ34: 0 | BK34: 0 | BL34: 0 | BN34: 0 | BO34: 0 | BP34: 0 | BR34: 0 | BS34: 0 | BT34: 0 | BV34: 0 | BW34: 457.775 | BX34: 457.775 | BY34: =BX34/BW34% -> 100 | BZ34: 0 | CA34: 14.9 | CB34: 14.9 | CC34: =CB34/CA34% -> 100 | CD34: 0 | CE34: 100 | CF34: 100 | CG34: =CF34/CE34% -> 100 | CH34: 0 | CI34: 91.6 | CJ34: 91.6 | CK34: =CJ34/CI34% -> 100 | CL34: 0 | CM34: 50 | CN34: 50 | CO34: =CN34/CM34% -> 100 | CP34: 0 | CQ34: 0 | CR34: 0 | CT34: 0 | CU34: 18678.8 | CV34: 18678.8 | CW34: =CV34/CU34% -> 100 | CX34: 0 | CY34: 0 | CZ34: 0 | DB34: 0 | DD34: 998.5 | DE34: 998.5 | DF34: =DE34/DD34% -> 100
A35: Пугачевский | B35: =F35+J35+N35+R35+V35+Z35+AD35+AH35+AL35+AP35+AT35+AX35+BB35+BF35+BJ35+BN35+BR35+BV35+BZ35+CD35+CH35+CL35+CP35+CT35+CX35+DB35 -> 0 | C35: =G35+K35+O35+S35+W35+AA35+AE35+AI35+AM35+AQ35+AU35+AY35+BC35+BG35+BK35+BO35+BS35+BW35+CA35+CE35+CI35+CM35+CQ35+CU35+CY35+DD35 -> 137411.62 | D35: =H35+L35+P35+T35+X35+AB35+AF35+AJ35+AN35+AR35+AV35+AZ35+BD35+BH35+BL35+BP35+BT35+BX35+CB35+CF35+CJ35+CN35+CR35+CV35+CZ35+DE35 -> 135398.5 | E35: =D35/C35% -> 98.534972 | F35: 0 | G35: 0 | H35: 0 | J35: 0 | K35: 0 | L35: 0 | N35: 0 | O35: 0 | P35: 0 | R35: 0 | S35: 2450.1851 | T35: 2450.1851 | U35: =T35/S35% -> 100 | V35: 0 | W35: 0 | X35: 0 | Z35: 0 | AA35: 1146 | AB35: 1146 | AC35: =AB35/AA35% -> 100 | AD35: 0 | AE35: 0 | AF35: 0 | AH35: 0 | AI35: 0 | AJ35: 0 | AL35: 0 | AM35: 2100 | AN35: 2100 | AO35: =AN35/AM35% -> 100 | AP35: 0 | AQ35: 16546.1 | AR35: 16546.1 | AS35: =AR35/AQ35% -> 100 | AT35: 0 | AU35: 0 | AV35: 0 | AX35: 0 | AY35: 0 | AZ35: 0 | BB35: 0 | BC35: 12285.1 | BD35: 12285.1 | BE35: =BD35/BC35% -> 100 | BF35: 0 | BG35: 24608.7 | BH35: 22595.581 | BI35: =BH35/BG35% -> 91.819484 | BJ35: 0 | BK35: 0 | BL35: 0 | BN35: 0 | BO35: 0 | BP35: 0 | BR35: 0 | BS35: 4273.23 | BT35: 4273.23 | BU35: =BT35/BS35% -> 100 | BV35: 0 | BW35: 3566.1 | BX35: 3566.1 | BY35: =BX35/BW35% -> 100 | BZ35: 0 | CA35: 53.2 | CB35: 53.2 | CC35: =CB35/CA35% -> 100 | CD35: 0 | CE35: 0 | CF35: 0 | CH35: 0 | CI35: 91.6 | CJ35: 91.6 | CK35: =CJ35/CI35% -> 100 | CL35: 0 | CM35: 50 | CN35: 50 | CO35: =CN35/CM35% -> 100 | CP35: 0 | CQ35: 0 | CR35: 0 | CT35: 0 | CU35: 70041.4 | CV35: 70041.4 | CW35: =CV35/CU35% -> 100 | CX35: 0 | CY35: 0 | CZ35: 0 | DB35: 0 | DD35: 200 | DE35: 200 | DF35: =DE35/DD35% -> 100
A36: Ровенский | B36: =F36+J36+N36+R36+V36+Z36+AD36+AH36+AL36+AP36+AT36+AX36+BB36+BF36+BJ36+BN36+BR36+BV36+BZ36+CD36+CH36+CL36+CP36+CT36+CX36+DB36 -> 0 | C36: =G36+K36+O36+S36+W36+AA36+AE36+AI36+AM36+AQ36+AU36+AY36+BC36+BG36+BK36+BO36+BS36+BW36+CA36+CE36+CI36+CM36+CQ36+CU36+CY36+DD36 -> 24297.975 | D36: =H36+L36+P36+T36+X36+AB36+AF36+AJ36+AN36+AR36+AV36+AZ36+BD36+BH36+BL36+BP36+BT36+BX36+CB36+CF36+CJ36+CN36+CR36+CV36+CZ36+DE36 -> 23306.149 | E36: =D36/C36% -> 95.918071 | F36: 0 | G36: 0 | H36: 0 | J36: 0 | K36: 0 | L36: 0 | N36: 0 | O36: 0 | P36: 0 | R36: 0 | S36: 0 | T36: 0 | V36: 0 | W36: 0 | X36: 0 | Z36: 0 | AA36: 1100 | AB36: 1100 | AC36: =AB36/AA36% -> 100 | AD36: 0 | AE36: 0 | AF36: 0 | AH36: 0 | AI36: 0 | AJ36: 0 | AL36: 0 | AM36: 0 | AN36: 0 | AP36: 0 | AQ36: 3001.6 | AR36: 3001.6 | AS36: =AR36/AQ36% -> 100 | AT36: 0 | AU36: 0 | AV36: 0 | AX36: 0 | AY36: 0 | AZ36: 0 | BB36: 0 | BC36: 3595 | BD36: 3595 | BE36: =BD36/BC36% -> 100 | BF36: 0 | BG36: 4938.8836 | BH36: 4938.8836 | BI36: =BH36/BG36% -> 100 | BJ36: 0 | BK36: 0 | BL36: 0 | BN36: 0 | BO36: 0 | BP36: 0 | BR36: 0 | BS36: 0 | BT36: 0 | BV36: 0 | BW36: 248.575 | BX36: 248.575 | BY36: =BX36/BW36% -> 100 | BZ36: 0 | CA36: 15.6 | CB36: 15.6 | CC36: =CB36/CA36% -> 100 | CD36: 0 | CE36: 100 | CF36: 100 | CG36: =CF36/CE36% -> 100 | CH36: 0 | CI36: 91.6 | CJ36: 91.6 | CK36: =CJ36/CI36% -> 100 | CL36: 0 | CM36: 50 | CN36: 50 | CO36: =CN36/CM36% -> 100 | CP36: 0 | CQ36: 0 | CR36: 0 | CT36: 0 | CU36: 9477.9 | CV36: 9477.9 | CW36: =CV36/CU36% -> 100 | CX36: 0 | CY36: 0 | CZ36: 0 | DB36: 0 | DD36: 1678.8162 | DE36: 686.99 | DF36: =DE36/DD36% -> 40.921098
A37: Романовский | B37: =F37+J37+N37+R37+V37+Z37+AD37+AH37+AL37+AP37+AT37+AX37+BB37+BF37+BJ37+BN37+BR37+BV37+BZ37+CD37+CH37+CL37+CP37+CT37+CX37+DB37 -> 0 | C37: =G37+K37+O37+S37+W37+AA37+AE37+AI37+AM37+AQ37+AU37+AY37+BC37+BG37+BK37+BO37+BS37+BW37+CA37+CE37+CI37+CM37+CQ37+CU37+CY37+DD37 -> 21320.8 | D37: =H37+L37+P37+T37+X37+AB37+AF37+AJ37+AN37+AR37+AV37+AZ37+BD37+BH37+BL37+BP37+BT37+BX37+CB37+CF37+CJ37+CN37+CR37+CV37+CZ37+DE37 -> 20381.169 | E37: =D37/C37% -> 95.592892 | F37: 0 | G37: 0 | H37: 0 | J37: 0 | K37: 0 | L37: 0 | N37: 0 | O37: 0 | P37: 0 | R37: 0 | S37: 0 | T37: 0 | V37: 0 | W37: 0 | X37: 0 | Z37: 0 | AA37: 0 | AB37: 0 | AD37: 0 | AE37: 0 | AF37: 0 | AH37: 0 | AI37: 0 | AJ37: 0 | AL37: 0 | AM37: 2000 | AN37: 2000 | AO37: =AN37/AM37% -> 100 | AP37: 0 | AQ37: 4531.1 | AR37: 3777.5946 | AS37: =AR37/AQ37% -> 83.370364 | AT37: 0 | AU37: 0 | AV37: 0 | AX37: 0 | AY37: 0 | AZ37: 0 | BB37: 0 | BC37: 4319.2 | BD37: 4133.0747 | BE37: =BD37/BC37% -> 95.690746 | BF37: 0 | BG37: 0 | BH37: 0 | BJ37: 0 | BK37: 0 | BL37: 0 | BN37: 0 | BO37: 0 | BP37: 0 | BR37: 0 | BS37: 0 | BT37: 0 | BV37: 0 | BW37: 998 | BX37: 998 | BY37: =BX37/BW37% -> 100 | BZ37: 0 | CA37: 13 | CB37: 13 | CC37: =CB37/CA37% -> 100 | CD37: 0 | CE37: 0 | CF37: 0 | CH37: 0 | CI37: 0 | CJ37: 0 | CL37: 0 | CM37: 50 | CN37: 50 | CO37: =CN37/CM37% -> 100 | CP37: 0 | CQ37: 0 | CR37: 0 | CT37: 0 | CU37: 9409.5 | CV37: 9409.5 | CW37: =CV37/CU37% -> 100 | CX37: 0 | CY37: 0 | CZ37: 0 | DB37: 0 | DD37: 0 | DE37: 0
A38: Ртищевский | B38: =F38+J38+N38+R38+V38+Z38+AD38+AH38+AL38+AP38+AT38+AX38+BB38+BF38+BJ38+BN38+BR38+BV38+BZ38+CD38+CH38+CL38+CP38+CT38+CX38+DB38 -> 0 | C38: =G38+K38+O38+S38+W38+AA38+AE38+AI38+AM38+AQ38+AU38+AY38+BC38+BG38+BK38+BO38+BS38+BW38+CA38+CE38+CI38+CM38+CQ38+CU38+CY38+DD38 -> 39396.29 | D38: =H38+L38+P38+T38+X38+AB38+AF38+AJ38+AN38+AR38+AV38+AZ38+BD38+BH38+BL38+BP38+BT38+BX38+CB38+CF38+CJ38+CN38+CR38+CV38+CZ38+DE38 -> 39382.601 | E38: =D38/C38% -> 99.965253 | F38: 0 | G38: 0 | H38: 0 | J38: 0 | K38: 504 | L38: 503.576 | M38: =L38/K38% -> 99.915873 | N38: 0 | O38: 0 | P38: 0 | R38: 0 | S38: 0 | T38: 0 | V38: 0 | W38: 0 | X38: 0 | Z38: 0 | AA38: 0 | AB38: 0 | AD38: 0 | AE38: 0 | AF38: 0 | AH38: 0 | AI38: 0 | AJ38: 0 | AL38: 0 | AM38: 2000 | AN38: 2000 | AO38: =AN38/AM38% -> 100 | AP38: 0 | AQ38: 16112.6 | AR38: 16099.335 | AS38: =AR38/AQ38% -> 99.917672 | AT38: 0 | AU38: 0 | AV38: 0 | AX38: 0 | AY38: 0 | AZ38: 0 | BB38: 0 | BC38: 9543.6 | BD38: 9543.6 | BE38: =BD38/BC38% -> 100 | BF38: 0 | BG38: 0 | BH38: 0 | BJ38: 0 | BK38: 0 | BL38: 0 | BN38: 0 | BO38: 0 | BP38: 0 | BR38: 0 | BS38: 2361.2426 | BT38: 2361.2426 | BU38: =BT38/BS38% -> 100 | BV38: 0 | BW38: 437.1472 | BX38: 437.1472 | BZ38: 0 | CA38: 49.7 | CB38: 49.7 | CC38: =CB38/CA38% -> 100 | CD38: 0 | CE38: 0 | CF38: 0 | CH38: 0 | CI38: 183.2 | CJ38: 183.2 | CK38: =CJ38/CI38% -> 100 | CL38: 0 | CM38: 0 | CN38: 0 | CP38: 0 | CQ38: 0 | CR38: 0 | CT38: 0 | CU38: 8204.8 | CV38: 8204.8 | CW38: =CV38/CU38% -> 100 | CX38: 0 | CY38: 0 | CZ38: 0 | DB38: 0 | DD38: 0 | DE38: 0
A39: Самойловский | B39: =F39+J39+N39+R39+V39+Z39+AD39+AH39+AL39+AP39+AT39+AX39+BB39+BF39+BJ39+BN39+BR39+BV39+BZ39+CD39+CH39+CL39+CP39+CT39+CX39+DB39 -> 0 | C39: =G39+K39+O39+S39+W39+AA39+AE39+AI39+AM39+AQ39+AU39+AY39+BC39+BG39+BK39+BO39+BS39+BW39+CA39+CE39+CI39+CM39+CQ39+CU39+CY39+DD39 -> 18997.3 | D39: =H39+L39+P39+T39+X39+AB39+AF39+AJ39+AN39+AR39+AV39+AZ39+BD39+BH39+BL39+BP39+BT39+BX39+CB39+CF39+CJ39+CN39+CR39+CV39+CZ39+DE39 -> 18023.927 | E39: =D39/C39% -> 94.876256 | F39: 0 | G39: 0 | H39: 0 | J39: 0 | K39: 0 | L39: 0 | N39: 0 | O39: 0 | P39: 0 | R39: 0 | S39: 0 | T39: 0 | V39: 0 | W39: 0 | X39: 0 | Z39: 0 | AA39: 0 | AB39: 0 | AD39: 0 | AE39: 0 | AF39: 0 | AH39: 0 | AI39: 0 | AJ39: 0 | AL39: 0 | AM39: 1500 | AN39: 1500 | AO39: =AN39/AM39% -> 100 | AP39: 0 | AQ39: 5108.8 | AR39: 5108.8 | AS39: =AR39/AQ39% -> 100 | AT39: 0 | AU39: 0 | AV39: 0 | AX39: 0 | AY39: 0 | AZ39: 0 | BB39: 0 | BC39: 8095.3 | BD39: 7121.9269 | BE39: =BD39/BC39% -> 87.976071 | BF39: 0 | BG39: 2247 | BH39: 2247 | BI39: =BH39/BG39% -> 100 | BJ39: 0 | BK39: 0 | BL39: 0 | BN39: 0 | BO39: 0 | BP39: 0 | BR39: 0 | BS39: 0 | BT39: 0 | BV39: 0 | BW39: 0 | BX39: 0 | BZ39: 0 | CA39: 16.6 | CB39: 16.6 | CC39: =CB39/CA39% -> 100 | CD39: 0 | CE39: 100 | CF39: 100 | CG39: =CF39/CE39% -> 100 | CH39: 0 | CI39: 91.6 | CJ39: 91.6 | CK39: =CJ39/CI39% -> 100 | CL39: 0 | CM39: 0 | CN39: 0 | CP39: 0 | CQ39: 0 | CR39: 0 | CT39: 0 | CU39: 1258 | CV39: 1258 | CW39: =CV39/CU39% -> 100 | CX39: 0 | CY39: 0 | CZ39: 0 | DB39: 0 | DD39: 580 | DE39: 580 | DF39: =DE39/DD39% -> 100
A40: Саратовский | B40: =F40+J40+N40+R40+V40+Z40+AD40+AH40+AL40+AP40+AT40+AX40+BB40+BF40+BJ40+BN40+BR40+BV40+BZ40+CD40+CH40+CL40+CP40+CT40+CX40+DB40 -> 0 | C40: =G40+K40+O40+S40+W40+AA40+AE40+AI40+AM40+AQ40+AU40+AY40+BC40+BG40+BK40+BO40+BS40+BW40+CA40+CE40+CI40+CM40+CQ40+CU40+CY40+DD40 -> 44482.542 | D40: =H40+L40+P40+T40+X40+AB40+AF40+AJ40+AN40+AR40+AV40+AZ40+BD40+BH40+BL40+BP40+BT40+BX40+CB40+CF40+CJ40+CN40+CR40+CV40+CZ40+DE40 -> 43222.688 | E40: =D40/C40% -> 97.167756 | F40: 0 | G40: 0 | H40: 0 | J40: 0 | K40: 0 | L40: 0 | N40: 0 | O40: 0 | P40: 0 | R40: 0 | S40: 0 | T40: 0 | V40: 0 | W40: 0 | X40: 0 | Z40: 0 | AA40: 1300 | AB40: 1300 | AC40: =AB40/AA40% -> 100 | AD40: 0 | AE40: 0 | AF40: 0 | AH40: 0 | AI40: 0 | AJ40: 0 | AL40: 0 | AM40: 2100 | AN40: 2100 | AO40: =AN40/AM40% -> 100 | AP40: 0 | AQ40: 3564.7 | AR40: 3564.7 | AS40: =AR40/AQ40% -> 100 | AT40: 0 | AU40: 0 | AV40: 0 | AX40: 0 | AY40: 0 | AZ40: 0 | BB40: 0 | BC40: 10371.2 | BD40: 9731.7475 | BE40: =BD40/BC40% -> 93.834344 | BF40: 0 | BG40: 3969.2 | BH40: 3969.2 | BI40: =BH40/BG40% -> 100 | BJ40: 0 | BK40: 0 | BL40: 0 | BN40: 0 | BO40: 0 | BP40: 0 | BR40: 0 | BS40: 0 | BT40: 0 | BV40: 0 | BW40: 463.485 | BX40: 0 | BY40: =BX40/BW40% -> 0 | BZ40: 0 | CA40: 45.7 | CB40: 45.7 | CC40: =CB40/CA40% -> 100 | CD40: 0 | CE40: 0 | CF40: 0 | CH40: 0 | CI40: 91.6 | CJ40: 91.6 | CK40: =CJ40/CI40% -> 100 | CL40: 0 | CM40: 50 | CN40: 50 | CO40: =CN40/CM40% -> 100 | CP40: 0 | CQ40: 0 | CR40: 0 | CT40: 0 | CU40: 21863.9 | CV40: 21863.9 | CW40: =CV40/CU40% -> 100 | CX40: 0 | CY40: 0 | CZ40: 0 | DB40: 0 | DD40: 662.7573 | DE40: 505.84062 | DF40: =DE40/DD40% -> 76.323659
A41: Советский | B41: =F41+J41+N41+R41+V41+Z41+AD41+AH41+AL41+AP41+AT41+AX41+BB41+BF41+BJ41+BN41+BR41+BV41+BZ41+CD41+CH41+CL41+CP41+CT41+CX41+DB41 -> 0 | C41: =G41+K41+O41+S41+W41+AA41+AE41+AI41+AM41+AQ41+AU41+AY41+BC41+BG41+BK41+BO41+BS41+BW41+CA41+CE41+CI41+CM41+CQ41+CU41+CY41+DD41 -> 72988.4 | D41: =H41+L41+P41+T41+X41+AB41+AF41+AJ41+AN41+AR41+AV41+AZ41+BD41+BH41+BL41+BP41+BT41+BX41+CB41+CF41+CJ41+CN41+CR41+CV41+CZ41+DE41 -> 72184.229 | E41: =D41/C41% -> 98.89822 | F41: 0 | G41: 0 | H41: 0 | J41: 0 | K41: 0 | L41: 0 | N41: 0 | O41: 0 | P41: 0 | R41: 0 | S41: 0 | T41: 0 | V41: 0 | W41: 0 | X41: 0 | Z41: 0 | AA41: 1100 | AB41: 1100 | AC41: =AB41/AA41% -> 100 | AD41: 0 | AE41: 0 | AF41: 0 | AH41: 0 | AI41: 0 | AJ41: 0 | AL41: 0 | AM41: 0 | AN41: 0 | AP41: 0 | AQ41: 4779.3 | AR41: 4779.3 | AS41: =AR41/AQ41% -> 100 | AT41: 0 | AU41: 0 | AV41: 0 | AX41: 0 | AY41: 0 | AZ41: 0 | BB41: 0 | BC41: 3155.3 | BD41: 3155.3 | BE41: =BD41/BC41% -> 100 | BF41: 0 | BG41: 0 | BH41: 0 | BJ41: 0 | BK41: 0 | BL41: 0 | BN41: 0 | BO41: 0 | BP41: 0 | BR41: 0 | BS41: 0 | BT41: 0 | BV41: 0 | BW41: 2709.6 | BX41: 1905.4286 | BY41: =BX41/BW41% -> 70.321397 | BZ41: 0 | CA41: 24.1 | CB41: 24.1 | CC41: =CB41/CA41% -> 100 | CD41: 0 | CE41: 100 | CF41: 100 | CG41: =CF41/CE41% -> 100 | CH41: 0 | CI41: 91.6 | CJ41: 91.6 | CK41: =CJ41/CI41% -> 100 | CL41: 0 | CM41: 50 | CN41: 50 | CO41: =CN41/CM41% -> 100 | CP41: 0 | CQ41: 0 | CR41: 0 | CT41: 0 | CU41: 60821 | CV41: 60821 | CW41: =CV41/CU41% -> 100 | CX41: 0 | CY41: 0 | CZ41: 0 | DB41: 0 | DD41: 157.5003 | DE41: 157.5 | DF41: =DE41/DD41% -> 99.99981
A42: Татищевский | B42: =F42+J42+N42+R42+V42+Z42+AD42+AH42+AL42+AP42+AT42+AX42+BB42+BF42+BJ42+BN42+BR42+BV42+BZ42+CD42+CH42+CL42+CP42+CT42+CX42+DB42 -> 0 | C42: =G42+K42+O42+S42+W42+AA42+AE42+AI42+AM42+AQ42+AU42+AY42+BC42+BG42+BK42+BO42+BS42+BW42+CA42+CE42+CI42+CM42+CQ42+CU42+CY42+DD42 -> 47617.727 | D42: =H42+L42+P42+T42+X42+AB42+AF42+AJ42+AN42+AR42+AV42+AZ42+BD42+BH42+BL42+BP42+BT42+BX42+CB42+CF42+CJ42+CN42+CR42+CV42+CZ42+DE42 -> 46243.399 | E42: =D42/C42% -> 97.113832 | F42: 0 | G42: 0 | H42: 0 | J42: 0 | K42: 0 | L42: 0 | N42: 0 | O42: 0 | P42: 0 | R42: 0 | S42: 0 | T42: 0 | V42: 0 | W42: 0 | X42: 0 | Z42: 0 | AA42: 1000 | AB42: 1000 | AC42: =AB42/AA42% -> 100 | AD42: 0 | AE42: 1481 | AF42: 1481 | AG42: =AF42/AE42% -> 100 | AH42: 0 | AI42: 0 | AJ42: 0 | AL42: 0 | AM42: 2500 | AN42: 2500 | AO42: =AN42/AM42% -> 100 | AP42: 0 | AQ42: 3756 | AR42: 3756 | AS42: =AR42/AQ42% -> 100 | AT42: 0 | AU42: 0 | AV42: 0 | AX42: 0 | AY42: 0 | AZ42: 0 | BB42: 0 | BC42: 8612.5 | BD42: 8612.4994 | BE42: =BD42/BC42% -> 99.999993 | BF42: 0 | BG42: 3418.6 | BH42: 3418.6 | BI42: =BH42/BG42% -> 100 | BJ42: 0 | BK42: 0 | BL42: 0 | BN42: 0 | BO42: 0 | BP42: 0 | BR42: 0 | BS42: 0 | BT42: 0 | BV42: 0 | BW42: 0 | BX42: 0 | BZ42: 0 | CA42: 38.1 | CB42: 38.1 | CC42: =CB42/CA42% -> 100 | CD42: 0 | CE42: 0 | CF42: 0 | CH42: 0 | CI42: 91.6 | CJ42: 91.6 | CK42: =CJ42/CI42% -> 100 | CL42: 0 | CM42: 0 | CN42: 0 | CP42: 0 | CQ42: 0 | CR42: 0 | CT42: 0 | CU42: 24758.6 | CV42: 24758.6 | CW42: =CV42/CU42% -> 100 | CX42: 0 | CY42: 587 | CZ42: 587 | DA42: =CZ42/CY42% -> 100 | DB42: 0 | DD42: 1374.327 | DE42: 0
A43: Турковский | B43: =F43+J43+N43+R43+V43+Z43+AD43+AH43+AL43+AP43+AT43+AX43+BB43+BF43+BJ43+BN43+BR43+BV43+BZ43+CD43+CH43+CL43+CP43+CT43+CX43+DB43 -> 0 | C43: =G43+K43+O43+S43+W43+AA43+AE43+AI43+AM43+AQ43+AU43+AY43+BC43+BG43+BK43+BO43+BS43+BW43+CA43+CE43+CI43+CM43+CQ43+CU43+CY43+DD43 -> 14030.418 | D43: =H43+L43+P43+T43+X43+AB43+AF43+AJ43+AN43+AR43+AV43+AZ43+BD43+BH43+BL43+BP43+BT43+BX43+CB43+CF43+CJ43+CN43+CR43+CV43+CZ43+DE43 -> 14021.047 | E43: =D43/C43% -> 99.933209 | F43: 0 | G43: 0 | H43: 0 | J43: 0 | K43: 0 | L43: 0 | N43: 0 | O43: 0 | P43: 0 | R43: 0 | S43: 0 | T43: 0 | V43: 0 | W43: 0 | X43: 0 | Z43: 0 | AA43: 1300 | AB43: 1300 | AC43: =AB43/AA43% -> 100 | AD43: 0 | AE43: 0 | AF43: 0 | AH43: 0 | AI43: 0 | AJ43: 0 | AL43: 0 | AM43: 2000 | AN43: 2000 | AO43: =AN43/AM43% -> 100 | AP43: 0 | AQ43: 3062.5 | AR43: 3053.2 | AS43: =AR43/AQ43% -> 99.696327 | AT43: 0 | AU43: 0 | AV43: 0 | AX43: 0 | AY43: 0 | AZ43: 0 | BB43: 0 | BC43: 4138.2 | BD43: 4138.129 | BE43: =BD43/BC43% -> 99.998284 | BF43: 0 | BG43: 0 | BH43: 0 | BJ43: 0 | BK43: 0 | BL43: 0 | BN43: 0 | BO43: 0 | BP43: 0 | BR43: 0 | BS43: 0 | BT43: 0 | BV43: 0 | BW43: 0 | BX43: 0 | BZ43: 0 | CA43: 10.1 | CB43: 10.1 | CC43: =CB43/CA43% -> 100 | CD43: 0 | CE43: 100 | CF43: 100 | CG43: =CF43/CE43% -> 100 | CH43: 0 | CI43: 91.6 | CJ43: 91.6 | CK43: =CJ43/CI43% -> 100 | CL43: 0 | CM43: 50 | CN43: 50 | CO43: =CN43/CM43% -> 100 | CP43: 0 | CQ43: 0 | CR43: 0 | CT43: 0 | CU43: 2557.9 | CV43: 2557.9 | CW43: =CV43/CU43% -> 100 | CX43: 0 | CY43: 0 | CZ43: 0 | DB43: 0 | DD43: 720.118 | DE43: 720.118 | DF43: =DE43/DD43% -> 100
A44: Федоровский | B44: =F44+J44+N44+R44+V44+Z44+AD44+AH44+AL44+AP44+AT44+AX44+BB44+BF44+BJ44+BN44+BR44+BV44+BZ44+CD44+CH44+CL44+CP44+CT44+CX44+DB44 -> 0 | C44: =G44+K44+O44+S44+W44+AA44+AE44+AI44+AM44+AQ44+AU44+AY44+BC44+BG44+BK44+BO44+BS44+BW44+CA44+CE44+CI44+CM44+CQ44+CU44+CY44+DD44 -> 43839 | D44: =H44+L44+P44+T44+X44+AB44+AF44+AJ44+AN44+AR44+AV44+AZ44+BD44+BH44+BL44+BP44+BT44+BX44+CB44+CF44+CJ44+CN44+CR44+CV44+CZ44+DE44 -> 43552.793 | E44: =D44/C44% -> 99.347142 | F44: 0 | G44: 0 | H44: 0 | J44: 0 | K44: 0 | L44: 0 | N44: 0 | O44: 0 | P44: 0 | R44: 0 | S44: 0 | T44: 0 | V44: 0 | W44: 0 | X44: 0 | Z44: 0 | AA44: 0 | AB44: 0 | AD44: 0 | AE44: 0 | AF44: 0 | AH44: 0 | AI44: 0 | AJ44: 0 | AL44: 0 | AM44: 2000 | AN44: 2000 | AO44: =AN44/AM44% -> 100 | AP44: 0 | AQ44: 11245.1 | AR44: 11245.1 | AS44: =AR44/AQ44% -> 100 | AT44: 0 | AU44: 0 | AV44: 0 | AX44: 0 | AY44: 0 | AZ44: 0 | BB44: 0 | BC44: 4215.7 | BD44: 3929.4934 | BE44: =BD44/BC44% -> 93.210936 | BF44: 0 | BG44: 0 | BH44: 0 | BJ44: 0 | BK44: 0 | BL44: 0 | BN44: 0 | BO44: 0 | BP44: 0 | BR44: 0 | BS44: 0 | BT44: 0 | BV44: 0 | BW44: 0 | BX44: 0 | BZ44: 0 | CA44: 17.5 | CB44: 17.5 | CC44: =CB44/CA44% -> 100 | CD44: 0 | CE44: 100 | CF44: 100 | CG44: =CF44/CE44% -> 100 | CH44: 0 | CI44: 91.6 | CJ44: 91.6 | CK44: =CJ44/CI44% -> 100 | CL44: 0 | CM44: 0 | CN44: 0 | CP44: 0 | CQ44: 0 | CR44: 0 | CT44: 0 | CU44: 26038.6 | CV44: 26038.6 | CW44: =CV44/CU44% -> 100 | CX44: 0 | CY44: 0 | CZ44: 0 | DB44: 0 | DD44: 130.5 | DE44: 130.5 | DF44: =DE44/DD44% -> 100
A45: Хвалынский | B45: =F45+J45+N45+R45+V45+Z45+AD45+AH45+AL45+AP45+AT45+AX45+BB45+BF45+BJ45+BN45+BR45+BV45+BZ45+CD45+CH45+CL45+CP45+CT45+CX45+DB45 -> 0 | C45: =G45+K45+O45+S45+W45+AA45+AE45+AI45+AM45+AQ45+AU45+AY45+BC45+BG45+BK45+BO45+BS45+BW45+CA45+CE45+CI45+CM45+CQ45+CU45+CY45+DD45 -> 22962.287 | D45: =H45+L45+P45+T45+X45+AB45+AF45+AJ45+AN45+AR45+AV45+AZ45+BD45+BH45+BL45+BP45+BT45+BX45+CB45+CF45+CJ45+CN45+CR45+CV45+CZ45+DE45 -> 22138.6 | E45: =D45/C45% -> 96.41287 | F45: 0 | G45: 0 | H45: 0 | J45: 0 | K45: 0 | L45: 0 | N45: 0 | O45: 0 | P45: 0 | R45: 0 | S45: 0 | T45: 0 | V45: 0 | W45: 0 | X45: 0 | Z45: 0 | AA45: 0 | AB45: 0 | AD45: 0 | AE45: 0 | AF45: 0 | AH45: 0 | AI45: 0 | AJ45: 0 | AL45: 0 | AM45: 2500 | AN45: 2500 | AO45: =AN45/AM45% -> 100 | AP45: 0 | AQ45: 10714.8 | AR45: 10714.69 | AS45: =AR45/AQ45% -> 99.998973 | AT45: 0 | AU45: 0 | AV45: 0 | AX45: 0 | AY45: 0 | AZ45: 0 | BB45: 0 | BC45: 4862.3 | BD45: 4226.778 | BE45: =BD45/BC45% -> 86.929601 | BF45: 0 | BG45: 0 | BH45: 0 | BJ45: 0 | BK45: 0 | BL45: 0 | BN45: 0 | BO45: 0 | BP45: 0 | BR45: 0 | BS45: 762.28342 | BT45: 762.28342 | BU45: =BT45/BS45% -> 100 | BV45: 0 | BW45: 842.4475 | BX45: 654.3925 | BY45: =BX45/BW45% -> 77.677541 | BZ45: 0 | CA45: 20.3 | CB45: 20.3 | CC45: =CB45/CA45% -> 100 | CD45: 0 | CE45: 100 | CF45: 100 | CG45: =CF45/CE45% -> 100 | CH45: 0 | CI45: 91.6 | CJ45: 91.6 | CK45: =CJ45/CI45% -> 100 | CL45: 0 | CM45: 50 | CN45: 50 | CO45: =CN45/CM45% -> 100 | CP45: 0 | CQ45: 0 | CR45: 0 | CT45: 0 | CU45: 2639.9 | CV45: 2639.9 | CW45: =CV45/CU45% -> 100 | CX45: 0 | CY45: 0 | CZ45: 0 | DB45: 0 | DD45: 378.656 | DE45: 378.656 | DF45: =DE45/DD45% -> 100
A46: Энгельсский | B46: =F46+J46+N46+R46+V46+Z46+AD46+AH46+AL46+AP46+AT46+AX46+BB46+BF46+BJ46+BN46+BR46+BV46+BZ46+CD46+CH46+CL46+CP46+CT46+CX46+DB46 -> 0 | C46: =G46+K46+O46+S46+W46+AA46+AE46+AI46+AM46+AQ46+AU46+AY46+BC46+BG46+BK46+BO46+BS46+BW46+CA46+CE46+CI46+CM46+CQ46+CU46+CY46+DD46 -> 1282442.4 | D46: =H46+L46+P46+T46+X46+AB46+AF46+AJ46+AN46+AR46+AV46+AZ46+BD46+BH46+BL46+BP46+BT46+BX46+CB46+CF46+CJ46+CN46+CR46+CV46+CZ46+DE46 -> 1203846.5 | E46: =D46/C46% -> 93.871389 | F46: 0 | G46: 0 | H46: 0 | J46: 0 | K46: 0 | L46: 0 | N46: 0 | O46: 0 | P46: 0 | R46: 0 | S46: 583363.26 | T46: 581712.86 | U46: =T46/S46% -> 99.71709 | V46: 0 | W46: 0 | X46: 0 | Z46: 0 | AA46: 0 | AB46: 0 | AD46: 0 | AE46: 1481 | AF46: 1481 | AG46: =AF46/AE46% -> 100 | AH46: 0 | AI46: 0 | AJ46: 0 | AL46: 0 | AM46: 2200 | AN46: 2200 | AO46: =AN46/AM46% -> 100 | AP46: 0 | AQ46: 33400.3 | AR46: 33400.3 | AS46: =AR46/AQ46% -> 100 | AT46: 0 | AU46: 0 | AV46: 0 | AX46: 0 | AY46: 269630 | AZ46: 269630 | BA46: =AZ46/AY46% -> 100 | BB46: 0 | BC46: 8793.6 | BD46: 8793.5997 | BE46: =BD46/BC46% -> 99.999996 | BF46: 0 | BG46: 168567.12 | BH46: 92164.128 | BI46: =BH46/BG46% -> 54.675034 | BJ46: 0 | BK46: 0 | BL46: 0 | BN46: 0 | BO46: 67638.1 | BP46: 67638.095 | BQ46: =BP46/BO46% -> 99.999993 | BR46: 0 | BS46: 0 | BT46: 0 | BV46: 0 | BW46: 15803.177 | BX46: 15260.66 | BY46: =BX46/BW46% -> 96.567044 | BZ46: 0 | CA46: 280 | CB46: 280 | CC46: =CB46/CA46% -> 100 | CD46: 0 | CE46: 100 | CF46: 100 | CG46: =CF46/CE46% -> 100 | CH46: 0 | CI46: 91.6 | CJ46: 91.6 | CK46: =CJ46/CI46% -> 100 | CL46: 0 | CM46: 50 | CN46: 50 | CO46: =CN46/CM46% -> 100 | CP46: 0 | CQ46: 0 | CR46: 0 | CT46: 0 | CU46: 130000 | CV46: 130000 | CW46: =CV46/CU46% -> 100 | CX46: 0 | CY46: 0 | CZ46: 0 | DB46: 0 | DD46: 1044.2062 | DE46: 1044.2062 | DF46: =DE46/DD46% -> 100
A47: Городские округа области: | B47: =SUM(B48:B51) -> 0 | C47: =SUM(C48:C51) -> 3615096 | D47: =SUM(D48:D51) -> 3522411.7 | F47: =SUM(F48:F51) -> 0 | G47: =SUM(G48:G51) -> 0 | H47: =SUM(H48:H51) -> 0 | J47: =SUM(J48:J51) -> 0 | K47: =SUM(K48:K51) -> 2507 | L47: =SUM(L48:L51) -> 2507 | N47: =SUM(N48:N51) -> 0 | O47: =SUM(O48:O51) -> 0 | P47: =SUM(P48:P51) -> 0 | R47: =SUM(R48:R51) -> 0 | S47: =SUM(S48:S51) -> 1206622.4 | T47: =SUM(T48:T51) -> 1160639.1 | V47: =SUM(V48:V51) -> 0 | W47: =SUM(W48:W51) -> 0 | X47: =SUM(X48:X51) -> 0 | Z47: =SUM(Z48:Z51) -> 0 | AA47: =SUM(AA48:AA51) -> 0 | AB47: =SUM(AB48:AB51) -> 0 | AD47: =SUM(AD48:AD51) -> 0 | AE47: =SUM(AE48:AE51) -> 2962 | AF47: =SUM(AF48:AF51) -> 2962 | AH47: =SUM(AH48:AH51) -> 0 | AI47: =SUM(AI48:AI51) -> 454458.3 | AJ47: =SUM(AJ48:AJ51) -> 454458.3 | AL47: =SUM(AL48:AL51) -> 0 | AM47: =SUM(AM48:AM51) -> 0 | AN47: =SUM(AN48:AN51) -> 0 | AP47: =SUM(AP48:AP51) -> 0 | AQ47: =SUM(AQ48:AQ51) -> 8298.9 | AR47: =SUM(AR48:AR51) -> 8298.9 | AT47: =SUM(AT48:AT51) -> 0 | AU47: =SUM(AU48:AU51) -> 730369 | AV47: =SUM(AV48:AV51) -> 730369 | AX47: =SUM(AX48:AX51) -> 0 | AY47: =SUM(AY48:AY51) -> 0 | AZ47: =SUM(AZ48:AZ51) -> 0 | BB47: =SUM(BB48:BB51) -> 0 | BC47: =SUM(BC48:BC51) -> 0 | BD47: =SUM(BD48:BD51) -> 0 | BF47: =SUM(BF48:BF51) -> 0 | BG47: =SUM(BG48:BG51) -> 0 | BH47: =SUM(BH48:BH51) -> 0 | BJ47: =SUM(BJ48:BJ51) -> 0 | BK47: =SUM(BK48:BK51) -> 701080.8 | BL47: =SUM(BL48:BL51) -> 669996.68 | BN47: =SUM(BN48:BN51) -> 0 | BO47: =SUM(BO48:BO51) -> 392690.4 | BP47: =SUM(BP48:BP51) -> 378012.78 | BR47: =SUM(BR48:BR51) -> 0 | BS47: =SUM(BS48:BS51) -> 0 | BT47: =SUM(BT48:BT51) -> 0 | BV47: =SUM(BV48:BV51) -> 0 | BW47: =SUM(BW48:BW51) -> 11138.068 | BX47: =SUM(BX48:BX51) -> 10198.834 | BZ47: =SUM(BZ48:BZ51) -> 0 | CA47: =SUM(CA48:CA51) -> 780.6 | CB47: =SUM(CB48:CB51) -> 780.6 | CD47: =SUM(CD48:CD51) -> 0 | CE47: =SUM(CE48:CE51) -> 0 | CF47: =SUM(CF48:CF51) -> 0 | CH47: =SUM(CH48:CH51) -> 0 | CI47: =SUM(CI48:CI51) -> 0 | CJ47: =SUM(CJ48:CJ51) -> 0 | CL47: =SUM(CL48:CL51) -> 0 | CM47: =SUM(CM48:CM51) -> 0 | CN47: =SUM(CN48:CN51) -> 0 | CP47: =SUM(CP48:CP51) -> 0 | CQ47: =SUM(CQ48:CQ51) -> 0 | CR47: =SUM(CR48:CR51) -> 0 | CT47: =SUM(CT48:CT51) -> 0 | CU47: =SUM(CU48:CU51) -> 104188.5 | CV47: =SUM(CV48:CV51) -> 104188.5 | CX47: =SUM(CX48:CX51) -> 0 | CY47: =SUM(CY48:CY51) -> 0 | CZ47: =SUM(CZ48:CZ51) -> 0 | DB47: =SUM(DB48:DB51) -> 0 | DD47: =SUM(DD48:DD51) -> 0 | DE47: =SUM(DE48:DE51) -> 0
A48: г. Саратов | B48: =F48+J48+N48+R48+V48+Z48+AD48+AH48+AL48+AP48+AT48+AX48+BB48+BF48+BJ48+BN48+BR48+BV48+BZ48+CD48+CH48+CL48+CP48+CT48+CX48+DB48 -> 0 | C48: =G48+K48+O48+S48+W48+AA48+AE48+AI48+AM48+AQ48+AU48+AY48+BC48+BG48+BK48+BO48+BS48+BW48+CA48+CE48+CI48+CM48+CQ48+CU48+CY48+DD48 -> 3604873.5 | D48: =H48+L48+P48+T48+X48+AB48+AF48+AJ48+AN48+AR48+AV48+AZ48+BD48+BH48+BL48+BP48+BT48+BX48+CB48+CF48+CJ48+CN48+CR48+CV48+CZ48+DE48 -> 3512189.2 | E48: =D48/C48% -> 97.428917 | F48: 0 | G48: 0 | H48: 0 | J48: 0 | K48: 1499 | L48: 1499 | M48: =L48/K48% -> 100 | N48: 0 | O48: 0 | P48: 0 | R48: 0 | S48: 1206622.4 | T48: 1160639.1 | U48: =T48/S48% -> 96.189089 | V48: 0 | W48: 0 | X48: 0 | Z48: 0 | AA48: 0 | AB48: 0 | AD48: 0 | AE48: 2962 | AF48: 2962 | AG48: =AF48/AE48% -> 100 | AH48: 0 | AI48: 454458.3 | AJ48: 454458.3 | AK48: =AJ48/AI48% -> 100 | AL48: 0 | AM48: 0 | AN48: 0 | AP48: 0 | AQ48: 3762.3 | AR48: 3762.3 | AS48: =AR48/AQ48% -> 100 | AT48: 0 | AU48: 730369 | AV48: 730369 | AW48: =AV48/AU48% -> 100 | AX48: 0 | AY48: 0 | AZ48: 0 | BB48: 0 | BC48: 0 | BD48: 0 | BF48: 0 | BG48: 0 | BH48: 0 | BJ48: 0 | BK48: 701080.8 | BL48: 669996.68 | BM48: =BL48/BK48% -> 95.566257 | BN48: 0 | BO48: 392690.4 | BP48: 378012.78 | BQ48: =BP48/BO48% -> 96.262291 | BR48: 0 | BS48: 0 | BT48: 0 | BV48: 0 | BW48: 10645.168 | BX48: 9705.9344 | BY48: =BX48/BW48% -> 91.176905 | BZ48: 0 | CA48: 780.6 | CB48: 780.6 | CC48: =CB48/CA48% -> 100 | CD48: 0 | CE48: 0 | CF48: 0 | CH48: 0 | CI48: 0 | CJ48: 0 | CL48: 0 | CM48: 0 | CN48: 0 | CP48: 0 | CQ48: 0 | CR48: 0 | CT48: 0 | CU48: 100003.5 | CV48: 100003.5 | CW48: =CV48/CU48% -> 100 | CX48: 0 | CY48: 0 | CZ48: 0 | DB48: 0 | DD48: 0 | DE48: 0
A49: ЗАТО Михайловский | B49: =F49+J49+N49+R49+V49+Z49+AD49+AH49+AL49+AP49+AT49+AX49+BB49+BF49+BJ49+BN49+BR49+BV49+BZ49+CD49+CH49+CL49+CP49+CT49+CX49+DB49 -> 0 | C49: =G49+K49+O49+S49+W49+AA49+AE49+AI49+AM49+AQ49+AU49+AY49+BC49+BG49+BK49+BO49+BS49+BW49+CA49+CE49+CI49+CM49+CQ49+CU49+CY49+DD49 -> 2758 | D49: =H49+L49+P49+T49+X49+AB49+AF49+AJ49+AN49+AR49+AV49+AZ49+BD49+BH49+BL49+BP49+BT49+BX49+CB49+CF49+CJ49+CN49+CR49+CV49+CZ49+DE49 -> 2758 | E49: =D49/C49% -> 100 | F49: 0 | G49: 0 | H49: 0 | J49: 0 | K49: 0 | L49: 0 | N49: 0 | O49: 0 | P49: 0 | R49: 0 | S49: 0 | T49: 0 | V49: 0 | W49: 0 | X49: 0 | Z49: 0 | AA49: 0 | AB49: 0 | AD49: 0 | AE49: 0 | AF49: 0 | AH49: 0 | AI49: 0 | AJ49: 0 | AL49: 0 | AM49: 0 | AN49: 0 | AP49: 0 | AQ49: 0 | AR49: 0 | AT49: 0 | AU49: 0 | AV49: 0 | AX49: 0 | AY49: 0 | AZ49: 0 | BB49: 0 | BC49: 0 | BD49: 0 | BF49: 0 | BG49: 0 | BH49: 0 | BJ49: 0 | BK49: 0 | BL49: 0 | BN49: 0 | BO49: 0 | BP49: 0 | BR49: 0 | BS49: 0 | BT49: 0 | BV49: 0 | BW49: 0 | BX49: 0 | BZ49: 0 | CA49: 0 | CB49: 0 | CD49: 0 | CE49: 0 | CF49: 0 | CH49: 0 | CI49: 0 | CJ49: 0 | CL49: 0 | CM49: 0 | CN49: 0 | CP49: 0 | CQ49: 0 | CR49: 0 | CT49: 0 | CU49: 2758 | CV49: 2758 | CW49: =CV49/CU49% -> 100 | CX49: 0 | CY49: 0 | CZ49: 0 | DB49: 0 | DD49: 0 | DE49: 0
A50: ЗАТО Светлый | B50: =F50+J50+N50+R50+V50+Z50+AD50+AH50+AL50+AP50+AT50+AX50+BB50+BF50+BJ50+BN50+BR50+BV50+BZ50+CD50+CH50+CL50+CP50+CT50+CX50+DB50 -> 0 | C50: =G50+K50+O50+S50+W50+AA50+AE50+AI50+AM50+AQ50+AU50+AY50+BC50+BG50+BK50+BO50+BS50+BW50+CA50+CE50+CI50+CM50+CQ50+CU50+CY50+DD50 -> 3852.3 | D50: =H50+L50+P50+T50+X50+AB50+AF50+AJ50+AN50+AR50+AV50+AZ50+BD50+BH50+BL50+BP50+BT50+BX50+CB50+CF50+CJ50+CN50+CR50+CV50+CZ50+DE50 -> 3852.3 | E50: =D50/C50% -> 100 | F50: 0 | G50: 0 | H50: 0 | J50: 0 | K50: 0 | L50: 0 | N50: 0 | O50: 0 | P50: 0 | R50: 0 | S50: 0 | T50: 0 | V50: 0 | W50: 0 | X50: 0 | Z50: 0 | AA50: 0 | AB50: 0 | AD50: 0 | AE50: 0 | AF50: 0 | AH50: 0 | AI50: 0 | AJ50: 0 | AL50: 0 | AM50: 0 | AN50: 0 | AP50: 0 | AQ50: 1932.4 | AR50: 1932.4 | AS50: =AR50/AQ50% -> 100 | AT50: 0 | AU50: 0 | AV50: 0 | AX50: 0 | AY50: 0 | AZ50: 0 | BB50: 0 | BC50: 0 | BD50: 0 | BF50: 0 | BG50: 0 | BH50: 0 | BJ50: 0 | BK50: 0 | BL50: 0 | BN50: 0 | BO50: 0 | BP50: 0 | BR50: 0 | BS50: 0 | BT50: 0 | BV50: 0 | BW50: 492.9 | BX50: 492.9 | BY50: =BX50/BW50% -> 100 | BZ50: 0 | CA50: 0 | CB50: 0 | CD50: 0 | CE50: 0 | CF50: 0 | CH50: 0 | CI50: 0 | CJ50: 0 | CL50: 0 | CM50: 0 | CN50: 0 | CP50: 0 | CQ50: 0 | CR50: 0 | CT50: 0 | CU50: 1427 | CV50: 1427 | CW50: =CV50/CU50% -> 100 | CX50: 0 | CY50: 0 | CZ50: 0 | DB50: 0 | DD50: 0 | DE50: 0
A51: ЗАТО Шиханы | B51: =F51+J51+N51+R51+V51+Z51+AD51+AH51+AL51+AP51+AT51+AX51+BB51+BF51+BJ51+BN51+BR51+BV51+BZ51+CD51+CH51+CL51+CP51+CT51+CX51+DB51 -> 0 | C51: =G51+K51+O51+S51+W51+AA51+AE51+AI51+AM51+AQ51+AU51+AY51+BC51+BG51+BK51+BO51+BS51+BW51+CA51+CE51+CI51+CM51+CQ51+CU51+CY51+DD51 -> 3612.2 | D51: =H51+L51+P51+T51+X51+AB51+AF51+AJ51+AN51+AR51+AV51+AZ51+BD51+BH51+BL51+BP51+BT51+BX51+CB51+CF51+CJ51+CN51+CR51+CV51+CZ51+DE51 -> 3612.2 | E51: =D51/C51% -> 100 | F51: 0 | G51: 0 | H51: 0 | J51: 0 | K51: 1008 | L51: 1008 | M51: =L51/K51% -> 100 | N51: 0 | O51: 0 | P51: 0 | R51: 0 | S51: 0 | T51: 0 | V51: 0 | W51: 0 | X51: 0 | Z51: 0 | AA51: 0 | AB51: 0 | AD51: 0 | AE51: 0 | AF51: 0 | AH51: 0 | AI51: 0 | AJ51: 0 | AL51: 0 | AM51: 0 | AN51: 0 | AP51: 0 | AQ51: 2604.2 | AR51: 2604.2 | AS51: =AR51/AQ51% -> 100 | AT51: 0 | AU51: 0 | AV51: 0 | AX51: 0 | AY51: 0 | AZ51: 0 | BB51: 0 | BC51: 0 | BD51: 0 | BF51: 0 | BG51: 0 | BH51: 0 | BJ51: 0 | BK51: 0 | BL51: 0 | BN51: 0 | BO51: 0 | BP51: 0 | BR51: 0 | BS51: 0 | BT51: 0 | BV51: 0 | BW51: 0 | BX51: 0 | BZ51: 0 | CA51: 0 | CB51: 0 | CD51: 0 | CE51: 0 | CF51: 0 | CH51: 0 | CI51: 0 | CJ51: 0 | CL51: 0 | CM51: 0 | CN51: 0 | CP51: 0 | CQ51: 0 | CR51: 0 | CT51: 0 | CU51: 0 | CV51: 0 | CX51: 0 | CY51: 0 | CZ51: 0 | DB51: 0 | DD51: 0 | DE51: 0
A52: Не распределено**** | B52: =F52+J52+N52+R52+V52+Z52+AD52+AH52+AL52+AP52+AT52+AX52+BB52+BF52+BJ52+BN52+BR52+BV52+BZ52+CD52+CH52+CL52+CP52+CT52+CX52+DB52 -> 258634.6 | C52: =G52+K52+O52+S52+W52+AA52+AE52+AI52+AM52+AQ52+AU52+AY52+BC52+BG52+BK52+BO52+BS52+BW52+CA52+CE52+CI52+CM52+CQ52+CU52+CY52+DD52+DC52 -> 13.13978 | BB52: 258634.6 | BW52: =46.15/1000 -> 0.04615 | DC52: =19947-DD53 -> 13.09363
A53: ИТОГО | B53: =F53+J53+N53+R53+V53+Z53+AD53+AH53+AL53+AP53+AT53+AX53+BB53+BF53+BJ53+BN53+BR53+BV53+BZ53+CD53+CH53+CL53+CP53+CT53+CX53+DB53 -> 263494.6 | C53: =G53+K53+O53+S53+W53+AA53+AE53+AI53+AM53+AQ53+AU53+AY53+BC53+BG53+BK53+BO53+BS53+BW53+CA53+CE53+CI53+CM53+CQ53+CU53+CY53+DD53+DC53 -> 7035472.1 | D53: =H53+L53+P53+T53+X53+AB53+AF53+AJ53+AN53+AR53+AV53+AZ53+BD53+BH53+BL53+BP53+BT53+BX53+CB53+CF53+CJ53+CN53+CR53+CV53+CZ53+DE53 -> 6832630.6 | E53: =D53/C53% -> 97.116875 | F53: =SUM(F9:F46,F48:F51) -> 4860 | G53: =SUM(G9:G46,G48:G51) -> 4860 | H53: =SUM(H9:H46,H48:H51) -> 4860 | I53: =H53/G53% -> 100 | J53: =SUM(J9:J46,J48:J51) -> 0 | K53: =SUM(K9:K46,K48:K51) -> 19128.2 | L53: =SUM(L9:L46,L48:L51) -> 19015.507 | M53: =L53/K53% -> 99.410854 | N53: =SUM(N9:N46,N48:N51) -> 0 | O53: =SUM(O9:O46,O48:O51) -> 11858.5 | P53: =SUM(P9:P46,P48:P51) -> 11302.911 | Q53: =P53/O53% -> 95.314848 | R53: =SUM(R9:R46,R48:R51) -> 0 | S53: =SUM(S9:S46,S48:S51) -> 1801306.3 | T53: =SUM(T9:T46,T48:T51) -> 1752905 | U53: =T53/S53% -> 97.312988 | V53: =SUM(V9:V46,V48:V51) -> 0 | W53: =SUM(W9:W46,W48:W51) -> 15690 | X53: =SUM(X9:X46,X48:X51) -> 15690 | Y53: =X53/W53% -> 100 | Z53: =SUM(Z9:Z46,Z48:Z51) -> 0 | AA53: =SUM(AA9:AA46,AA48:AA51) -> 23032 | AB53: =SUM(AB9:AB46,AB48:AB51) -> 23032 | AC53: =AB53/AA53% -> 100 | AD53: =SUM(AD9:AD46,AD48:AD51) -> 0 | AE53: =SUM(AE9:AE46,AE48:AE51) -> 10367 | AF53: =SUM(AF9:AF46,AF48:AF51) -> 10367 | AG53: =AF53/AE53% -> 100 | AH53: =SUM(AH9:AH46,AH48:AH51) -> 0 | AI53: =SUM(AI9:AI46,AI48:AI51) -> 454458.3 | AJ53: =SUM(AJ9:AJ46,AJ48:AJ51) -> 454458.3 | AK53: =AJ53/AI53% -> 100 | AM53: =SUM(AM9:AM46,AM48:AM51) -> 49042 | AN53: =SUM(AN9:AN46,AN48:AN51) -> 49042 | AO53: =AN53/AM53% -> 100 | AP53: =SUM(AP9:AP46,AP48:AP51) -> 0 | AQ53: =SUM(AQ9:AQ46,AQ48:AQ51) -> 390335.8 | AR53: =SUM(AR9:AR46,AR48:AR51) -> 388373.56 | AS53: =AR53/AQ53% -> 99.497295 | AT53: =SUM(AT9:AT46,AT48:AT51) -> 0 | AU53: =SUM(AU9:AU46,AU48:AU51) -> 730369 | AV53: =SUM(AV9:AV46,AV48:AV51) -> 730369 | AW53: =AV53/AU53% -> 100 | AX53: =SUM(AX9:AX46,AX48:AX51) -> 0 | AY53: =SUM(AY9:AY46,AY48:AY51) -> 269630 | AZ53: =SUM(AZ9:AZ46,AZ48:AZ51) -> 269630 | BA53: =AZ53/AY53% -> 100 | BB53: =BB52 -> 258634.6 | BC53: =SUM(BC9:BC46,BC48:BC51) -> 258634.6 | BD53: =SUM(BD9:BD46,BD48:BD51) -> 244783.85 | BE53: =BD53/BC53% -> 94.644665 | BF53: =SUM(BF9:BF46,BF48:BF51) -> 0 | BG53: =SUM(BG9:BG46,BG48:BG51) -> 255654.2 | BH53: =SUM(BH9:BH46,BH48:BH51) -> 175859.78 | BI53: =BH53/BG53% -> 68.788143 | BJ53: =SUM(BJ9:BJ46,BJ48:BJ51) -> 0 | BK53: =SUM(BK9:BK46,BK48:BK51) -> 701080.8 | BL53: =SUM(BL9:BL46,BL48:BL51) -> 669996.68 | BM53: =BL53/BK53% -> 95.566257 | BN53: =SUM(BN9:BN46,BN48:BN51) -> 0 | BO53: =SUM(BO9:BO46,BO48:BO51) -> 588792.3 | BP53: =SUM(BP9:BP46,BP48:BP51) -> 568503.67 | BQ53: =BP53/BO53% -> 96.554197 | BR53: =SUM(BR9:BR46,BR48:BR51) -> 0 | BS53: =SUM(BS9:BS46,BS48:BS51) -> 17092.92 | BT53: =SUM(BT9:BT46,BT48:BT51) -> 17092.92 | BU53: =BT53/BS53% -> 100 | BV53: =SUM(BV9:BV46,BV48:BV51) -> 0 | BW53: =SUM(BW9:BW46,BW48:BW51)+BW52 -> 65573.846 | BX53: =SUM(BX9:BX46,BX48:BX51) -> 61632.84 | BY53: =BX53/BW53% -> 93.989973 | BZ53: =SUM(BZ9:BZ46,BZ48:BZ51) -> 0 | CA53: =SUM(CA9:CA46,CA48:CA51) -> 2242.7 | CB53: =SUM(CB9:CB46,CB48:CB51) -> 2242.7 | CC53: =CB53/CA53% -> 100 | CD53: =SUM(CD9:CD46,CD48:CD51) -> 0 | CE53: =SUM(CE9:CE46,CE48:CE51) -> 2500 | CF53: =SUM(CF9:CF46,CF48:CF51) -> 2500 | CG53: =CF53/CE53% -> 100 | CH53: =SUM(CH9:CH46,CH48:CH51) -> 0 | CI53: =SUM(CI9:CI46,CI48:CI51) -> 3755.4 | CJ53: =SUM(CJ9:CJ46,CJ48:CJ51) -> 3755.4 | CK53: =CJ53/CI53% -> 100 | CL53: =SUM(CL9:CL46,CL48:CL51) -> 0 | CM53: =SUM(CM9:CM46,CM48:CM51) -> 1100 | CN53: =SUM(CN9:CN46,CN48:CN51) -> 1100 | CO53: =CN53/CM53% -> 100 | CP53: =SUM(CP9:CP46,CP48:CP51) -> 0 | CQ53: =SUM(CQ9:CQ46,CQ48:CQ51) -> 8675 | CR53: =SUM(CR9:CR46,CR48:CR51) -> 8675 | CS53: =CR53/CQ53% -> 100 | CT53: =SUM(CT9:CT46,CT48:CT51) -> 0 | CU53: =SUM(CU9:CU46,CU48:CU51) -> 1329759.2 | CV53: =SUM(CV9:CV46,CV48:CV51) -> 1329759.2 | CW53: =CV53/CU53% -> 100 | CX53: =SUM(CX9:CX46,CX48:CX51) -> 0 | CY53: =SUM(CY9:CY46,CY48:CY51) -> 587 | CZ53: =SUM(CZ9:CZ46,CZ48:CZ51) -> 587 | DA53: =CZ53/CY53% -> 100 | DB53: =SUM(DB9:DB46,DB48:DB51) -> 0 | DC53: =DC52 -> 13.09363 | DD53: =SUM(DD9:DD46,DD48:DD51) -> 19933.906 | DE53: =SUM(DE9:DE46,DE48:DE51) -> 17096.33 | DF53: =DE53/DD53% -> 85.765079
B55: * Закон Саратовской области «Об областном бюджете на 2017 год и на плановый период 2018 и 2019 годов» в редакции от 12.12.2016 года
B56: ** Закон Саратовской области «Об областном бюджете на 2017 год и на плановый период 2018 и 2019 годов» в редакции от 20.12.2017 года
B57: *** в соответствии с бюджетной росписью (с распределением, утвержденным правовым актом Правительства области)
B58: **** заполняется, если в законе о бюджете утверждена общая сумма межбюджетного трансферта, но отсутствует распределение по муниципальным образованиям

Sheet Субвенции
AU1: Продолжение таблицы | BR1: Продолжение таблицы | CQ1: Продолжение таблицы | CZ1: Продолжение таблицы
B3: Сведения о предоставлении из бюджета Саратовской области субвенций муниципальным образованиям за 2017 год | AA3: Сведения о предоставлении из бюджета Саратовской области субвенций муниципальным образованиям за 2017 год | AX3: Сведения о предоставлении из бюджета Саратовской области субвенций муниципальным образованиям за 2017 год | BV3: Сведения о предоставлении из бюджета Саратовской области субвенций муниципальным образованиям за 2017 год | CT3: Сведения о предоставлении из бюджета Саратовской области субвенций
CT4: муниципальным образованиям за 2017 год
X6: тыс.рублей | AV6: тыс.рублей | BT6: тыс.рублей | CR6: тыс.рублей | CZ6: тыс.рублей
A7: Наименование муниципальных образований | B7: Субвенции, всего | F7: в том числе | Z7: в том числе | AX7: в том числе | BV7: в том числе | CT7: в том числе
F8: на финансовое обеспечение образовательной деятельности муниципальных дошкольных образовательных организаций | J8: на компенсацию родительской платы за присмотр и уход за детьми в образовательных организациях, реализующих основную общеобразовательную программу дошкольного образования | N8: на организацию предоставления компенсации родительской платы и расходы по оплате услуг почтовой связи и банковских услуг, оказываемых банками, по выплате за присмотр и уход за детьми в образовательных организациях, реализующих основную общеобразовательную программу дошкольного образования | R8: на финансовое обеспечение образовательной деятельности муниципальных общеобразовательных учреждений | V8: на предоставление субсидии частным общеобразовательным организациям, осуществляющим образовательную деятельность по имеющим государственную аккредитацию основным общеобразовательным программам, на возмещение затрат на обеспечение образовательной деятельности | Z8: на осуществление переданных полномочий по предоставлению субсидии частным общеобразовательным организациям, осуществляющим образовательную деятельность по имеющим государственную аккредитацию основным общеобразовательным программам, на возмещение затрат на обеспечение образовательной деятельности | AD8: на предоставление субсидии частным дошкольным образовательным организациям на возмещение затрат на обеспечение образовательной деятельности | AH8: на организацию осуществления переданных полномочий по предоставлению субсидии частным дошкольным образовательным организациям на возмещение затрат на обеспечение образовательной деятельности | AL8: на предоставление питания отдельным категориям обучающихся в муниципальных образовательных организациях, реализующих образовательные программы начального общего, основного общего и среднего общего образования | AP8: на частичное финансирование расходов на присмотр и уход за детьми дошкольного возраста в муниципальных образовательных организациях, реализующих основную общеобразовательную программу дошкольного образования | AT8: на организацию предоставления питания отдельным категориям обучающихся в муниципальных образовательных организациях, реализующих образовательные программы начального общего, основного общего и среднего общего образования, и частичное финансирование расходов на присмотр и уход за детьми дошкольного возраста в муниципальных образовательных организациях, реализующих основную общеобразовательную программу дошкольного образования | AX8: на осуществление органами местного самоуправления государственных полномочий по созданию и организации деятельности комиссий по делам несовершеннолетних и защите их прав | BB8: на осуществление органами местного самоуправления отдельных государственных полномочий по санкционированию финансовыми органами муниципальных образований области кассовых выплат получателям средств областного бюджета, областным государственным автономным и бюджетным учреждениям, иным юридическим лицам, не являющимся участниками бюджетного процесса, расположенным на территориях муниципальных образований области | BF8: на исполнение государственных полномочий по расчету и предоставлению дотаций бюджетам поселений | BJ8: на осуществление органами местного самоуправления государственных полномочий по предоставлению гражданам субсидий на оплату жилого помещения и коммунальных услуг | BN8: на осуществление органами местного самоуправления государственных полномочий по организации предоставления гражданам субсидий на оплату жилого помещения и коммунальных услуг | BR8: на осуществление органами местного самоуправления отдельных государственных полномочий по осуществлению деятельности по опеке и попечительству в отношении несовершеннолетних граждан в части расходов на оплату труда, уплату страховых взносов по обязательному социальному страхованию в государственные внебюджетные фонды Российской Федерации, обеспечение деятельности штатных работников | BV8: на осуществление органами местного самоуправления отдельных государственных полномочий по осуществлению деятельности по опеке и попечительству в отношении несовершеннолетних граждан в части расходов на обеспечение деятельности по сохранению, содержанию и ремонту пустующих жилых помещений, закрепленных за детьми-сиротами и детьми, оставшимися без попечения родителей | BZ8: на осуществление органами местного самоуправления отдельных государственных полномочий по осуществлению деятельности по опеке и попечительству в отношении совершеннолетних граждан | CD8: на осуществление органами местного самоуправления государственных полномочий по образованию и обеспечению деятельности административных комиссий, определению перечня должностных лиц, уполномоченных составлять протоколы об административных правонарушениях | CH8: на осуществление органами местного самоуправления отдельных государственных полномочий по государственному управлению охраной труда | CL8: на осуществление органами местного самоуправления отдельных государственных полномочий по проведению мероприятий по отлову и содержанию безнадзорных животных | CP8: на осуществление органами местного самоуправления отдельных государственных полномочий по организации проведения мероприятий по отлову и содержанию безнадзорных животных | CT8: на осуществление органами местного самоуправления поселений и органами местного самоуправления городских округов полномочий по первичному воинскому учету на территориях, где отсутствуют военные комиссариаты | CX8: на осуществление государственных полномочий по составлению (изменению) списков кандидатов в присяжные заседатели федеральных судов общей юрисдикции в Российской Федерации
B9: первоначаль-ный бюджет* | C9: уточненный бюджет** | D9: исполнено | E9: % исполнения | F9: первоначаль-ный бюджет* | G9: уточненный бюджет** | H9: исполнено | I9: % исполнения | J9: первоначаль-ный бюджет* | K9: уточненный бюджет** | L9: исполнено | M9: % исполнения | N9: первоначаль-ный бюджет* | O9: уточненный бюджет** | P9: исполнено | Q9: % исполнения | R9: первоначаль-ный бюджет* | S9: уточненный бюджет** | T9: исполнено | U9: % исполнения | V9: первоначаль-ный бюджет* | W9: уточненный бюджет** | X9: исполнено | Y9: % исполнения | Z9: первоначаль-ный бюджет* | AA9: уточненный бюджет** | AB9: исполнено | AC9: % исполнения | AD9: первоначаль-ный бюджет* | AE9: уточненный бюджет** | AF9: исполнено | AG9: % исполнения | AH9: первоначаль-ный бюджет* | AI9: уточненный бюджет** | AJ9: исполнено | AK9: % исполнения | AL9: первоначаль-ный бюджет* | AM9: уточненный бюджет** | AN9: исполнено | AO9: % исполнения | AP9: первоначаль-ный бюджет* | AQ9: уточненный бюджет** | AR9: исполнено | AS9: % исполнения | AT9: первоначаль-ный бюджет* | AU9: уточненный бюджет** | AV9: исполнено | AW9: % исполнения | AX9: первоначаль-ный бюджет* | AY9: уточненный бюджет** | AZ9: исполнено | BA9: % исполнения | BB9: первоначаль-ный бюджет* | BC9: уточненный бюджет** | BD9: исполнено | BE9: % исполнения | BF9: первоначаль-ный бюджет* | BG9: уточненный бюджет** | BH9: исполнено | BI9: % исполнения | BJ9: первоначаль-ный бюджет* | BK9: уточненный бюджет** | BL9: исполнено | BM9: % исполнения | BN9: первоначаль-ный бюджет* | BO9: уточненный бюджет** | BP9: исполнено | BQ9: % исполнения | BR9: первоначаль-ный бюджет* | BS9: уточненный бюджет** | BT9: исполнено | BU9: % исполнения | BV9: первоначаль-ный бюджет* | BW9: уточненный бюджет** | BX9: исполнено | BY9: % исполнения | BZ9: первоначаль-ный бюджет* | CA9: уточненный бюджет** | CB9: исполнено | CC9: % исполнения | CD9: первоначаль-ный бюджет* | CE9: уточненный бюджет** | CF9: исполнено | CG9: % исполнения | CH9: первоначаль-ный бюджет* | CI9: уточненный бюджет** | CJ9: исполнено | CK9: % исполнения | CL9: первоначаль-ный бюджет* | CM9: уточненный бюджет** | CN9: исполнено | CO9: % исполнения | CP9: первоначаль-ный бюджет* | CQ9: уточненный бюджет** | CR9: исполнено | CS9: % исполнения | CT9: первоначаль-ный бюджет* | CU9: уточненный бюджет** | CV9: исполнено | CW9: % исполнения | CX9: первоначаль-ный бюджет* | CY9: уточненный бюджет** | CZ9: исполнено | DA9: % исполнения
A10: Муниципальные районы области: | B10: =SUM(B11:B48) -> 11650978 | C10: =SUM(C11:C48) -> 11737649 | D10: =SUM(D11:D48) -> 11721620 | E10: =D10/C10% -> 99.863437 | F10: =SUM(F11:F48) -> 2722737 | G10: =SUM(G11:G48) -> 2711983.1 | H10: =SUM(H11:H48) -> 2708578.5 | I10: =H10/G10% -> 99.874463 | J10: =SUM(J11:J48) -> 182244.4 | K10: =SUM(K11:K48) -> 243716.7 | L10: =SUM(L11:L48) -> 243539.39 | M10: =L10/K10% -> 99.927248 | N10: =SUM(N11:N48) -> 9723 | O10: =SUM(O11:O48) -> 10905.8 | P10: =SUM(P11:P48) -> 10799.088 | Q10: =P10/O10% -> 99.021514 | R10: =SUM(R11:R48) -> 7774391.7 | S10: =SUM(S11:S48) -> 7864967.2 | T10: =SUM(T11:T48) -> 7863674.8 | U10: =T10/S10% -> 99.983568 | V10: =SUM(V11:V48) -> 24658 | W10: =SUM(W11:W48) -> 26011.9 | X10: =SUM(X11:X48) -> 26011.9 | Y10: =X10/W10% -> 100 | Z10: =SUM(Z11:Z48) -> 246.6 | AA10: =SUM(AA11:AA48) -> 248.7 | AB10: =SUM(AB11:AB48) -> 248.7 | AC10: =AB10/AA10% -> 100 | AD10: =SUM(AD11:AD48) -> 9451.7 | AE10: =SUM(AE11:AE48) -> 9451.7 | AF10: =SUM(AF11:AF48) -> 9451.7 | AG10: =AF10/AE10% -> 100 | AH10: =SUM(AH11:AH48) -> 94.5 | AI10: =SUM(AI11:AI48) -> 94.5 | AJ10: =SUM(AJ11:AJ48) -> 94.5 | AK10: =AJ10/AI10% -> 100 | AL10: =SUM(AL11:AL48) -> 196026 | AM10: =SUM(AM11:AM48) -> 192741.8 | AN10: =SUM(AN11:AN48) -> 190393.95 | AO10: =AN10/AM10% -> 98.781865 | AP10: =SUM(AP11:AP48) -> 57948.8 | AQ10: =SUM(AQ11:AQ48) -> 58726.7 | AR10: =SUM(AR11:AR48) -> 56775.416 | AS10: =AR10/AQ10% -> 96.677348 | AT10: =SUM(AT11:AT48) -> 10502 | AU10: =SUM(AU11:AU48) -> 10630 | AV10: =SUM(AV11:AV48) -> 10603.371 | AW10: =AV10/AU10% -> 99.749492 | AX10: =SUM(AX11:AX48) -> 13307.3 | AY10: =SUM(AY11:AY48) -> 13307.3 | AZ10: =SUM(AZ11:AZ48) -> 13260.832 | BA10: =AZ10/AY10% -> 99.650809 | BB10: =SUM(BB11:BB48) -> 7279.5 | BC10: =SUM(BC11:BC48) -> 7279.5 | BD10: =SUM(BD11:BD48) -> 7104.9804 | BE10: =BD10/BC10% -> 97.602588 | BF10: =SUM(BF11:BF48) -> 69310.7 | BG10: =SUM(BG11:BG48) -> 69239.1 | BH10: =SUM(BH11:BH48) -> 69239.1 | BI10: =BH10/BG10% -> 100 | BJ10: =SUM(BJ11:BJ48) -> 455394.2 | BK10: =SUM(BK11:BK48) -> 400481.44 | BL10: =SUM(BL11:BL48) -> 397338.59 | BM10: =BL10/BK10% -> 99.215232 | BN10: =SUM(BN11:BN48) -> 23790.9 | BO10: =SUM(BO11:BO48) -> 23790.9 | BP10: =SUM(BP11:BP48) -> 23604.216 | BQ10: =BP10/BO10% -> 99.215314 | BR10: =SUM(BR11:BR48) -> 26738.1 | BS10: =SUM(BS11:BS48) -> 26738.1 | BT10: =SUM(BT11:BT48) -> 26535.488 | BU10: =BT10/BS10% -> 99.242234 | BV10: =SUM(BV11:BV48) -> 1003.7 | BW10: =SUM(BW11:BW48) -> 715.2 | BX10: =SUM(BX11:BX48) -> 602.50913 | BY10: =BX10/BW10% -> 84.243447 | BZ10: =SUM(BZ11:BZ48) -> 10710.6 | CA10: =SUM(CA11:CA48) -> 10710.6 | CB10: =SUM(CB11:CB48) -> 10575.8 | CC10: =CB10/CA10% -> 98.741436 | CD10: =SUM(CD11:CD48) -> 8889.4 | CE10: =SUM(CE11:CE48) -> 8889.4 | CF10: =SUM(CF11:CF48) -> 8624.7629 | CG10: =CF10/CE10% -> 97.023004 | CH10: =SUM(CH11:CH48) -> 8008.6 | CI10: =SUM(CI11:CI48) -> 8008.6 | CJ10: =SUM(CJ11:CJ48) -> 8001.8651 | CK10: =CJ10/CI10% -> 99.915905 | CL10: =SUM(CL11:CL48) -> 3068.7 | CM10: =SUM(CM11:CM48) -> 3068.7 | CN10: =SUM(CN11:CN48) -> 756.622 | CO10: =CN10/CM10% -> 24.656108 | CP10: =SUM(CP11:CP48) -> 44.3 | CQ10: =SUM(CQ11:CQ48) -> 44.3 | CR10: =SUM(CR11:CR48) -> 13.436 | CS10: =CR10/CQ10% -> 30.329571 | CT10: =SUM(CT11:CT48) -> 35408.1 | CU10: =SUM(CU11:CU48) -> 35408.1 | CV10: =SUM(CV11:CV48) -> 35341.994 | CW10: =CV10/CU10% -> 99.813304 | CX10: =SUM(CX11:CX48) -> 0 | CY10: =SUM(CY11:CY48) -> 489.9 | CZ10: =SUM(CZ11:CZ48) -> 448.30741 | DA10: =CZ10/CY10% -> 91.509984
A11: Александрово-Гайский | B11: =F11+J11+N11+R11+V11+Z11+AD11+AH11+AL11+AP11+AT11+AX11+BB11+BF11+BJ11+BN11+BR11+BV11+BZ11+CD11+CH11+CL11+CP11+CT11+CX11 -> 181406.8 | C11: =G11+K11+O11+S11+W11+AA11+AE11+AI11+AM11+AQ11+AU11+AY11+BC11+BG11+BK11+BO11+BS11+BW11+CA11+CE11+CI11+CM11+CQ11+CU11+CY11 -> 177821.1 | D11: =H11+L11+P11+T11+X11+AB11+AF11+AJ11+AN11+AR11+AV11+AZ11+BD11+BH11+BL11+BP11+BT11+BX11+CB11+CF11+CJ11+CN11+CR11+CV11+CZ11 -> 177561.09 | E11: =D11/C11% -> 99.853783 | F11: 23535.6 | G11: 21275.8 | H11: 21275.8 | I11: =H11/G11% -> 100 | J11: 1125.5 | K11: 923.1 | L11: 923.1 | M11: =L11/K11% -> 100 | N11: 81.5 | O11: 81.5 | P11: 81.5 | Q11: =P11/O11% -> 100 | R11: 147205.1 | S11: 147205.1 | T11: 147205.1 | U11: =T11/S11% -> 100 | V11: 0 | W11: 0 | X11: 0 | Z11: 0 | AA11: 0 | AB11: 0 | AD11: 0 | AE11: 0 | AF11: 0 | AH11: 0 | AI11: 0 | AJ11: 0 | AL11: 3464.1 | AM11: 3021.5 | AN11: 3021.5 | AO11: =AN11/AM11% -> 100 | AP11: 926.3 | AQ11: 828.9 | AR11: 828.9 | AS11: =AR11/AQ11% -> 100 | AT11: 157.3 | AU11: 157.3 | AV11: 157.3 | AX11: 228.6 | AY11: 228.6 | AZ11: 228.6 | BA11: =AZ11/AY11% -> 100 | BB11: 0 | BC11: 0 | BD11: 0 | BF11: 677.2 | BG11: 677.2 | BH11: 677.2 | BI11: =BH11/BG11% -> 100 | BJ11: 2199.3 | BK11: 1611.3 | BL11: 1525.3946 | BM11: =BL11/BK11% -> 94.668563 | BN11: 221.8 | BO11: 221.8 | BP11: 221.8 | BQ11: =BP11/BO11% -> 100 | BR11: 209.8 | BS11: 209.8 | BT11: 209.8 | BU11: =BT11/BS11% -> 100 | BV11: 0 | BW11: 0 | BX11: 0 | BZ11: 231.9 | CA11: 231.9 | CB11: 231.9 | CC11: =CB11/CA11% -> 100 | CD11: 220 | CE11: 220 | CF11: 220 | CG11: =CF11/CE11% -> 100 | CH11: 219.8 | CI11: 219.8 | CJ11: 219.8 | CK11: =CJ11/CI11% -> 100 | CL11: 171.6 | CM11: 171.6 | CN11: 0 | CO11: =CN11/CM11% -> 0 | CP11: 2.5 | CQ11: 2.5 | CR11: 0 | CS11: =CR11/CQ11% -> 0 | CT11: 528.9 | CU11: 528.9 | CV11: 528.9 | CW11: =CV11/CU11% -> 100 | CX11: 0 | CY11: 4.5 | CZ11: 4.5 | DA11: =CZ11/CY11% -> 100
A12: Аркадакский | B12: =F12+J12+N12+R12+V12+Z12+AD12+AH12+AL12+AP12+AT12+AX12+BB12+BF12+BJ12+BN12+BR12+BV12+BZ12+CD12+CH12+CL12+CP12+CT12+CX12 -> 172412.9 | C12: =G12+K12+O12+S12+W12+AA12+AE12+AI12+AM12+AQ12+AU12+AY12+BC12+BG12+BK12+BO12+BS12+BW12+CA12+CE12+CI12+CM12+CQ12+CU12+CY12 -> 176444.4 | D12: =H12+L12+P12+T12+X12+AB12+AF12+AJ12+AN12+AR12+AV12+AZ12+BD12+BH12+BL12+BP12+BT12+BX12+CB12+CF12+CJ12+CN12+CR12+CV12+CZ12 -> 176381.97 | E12: =D12/C12% -> 99.964619 | F12: 24941.6 | G12: 26041.9 | H12: 26041.9 | I12: =H12/G12% -> 100 | J12: 1225.3 | K12: 1712.8 | L12: 1712.8 | M12: =L12/K12% -> 100 | N12: 113.2 | O12: 126.5 | P12: 126.5 | Q12: =P12/O12% -> 100 | R12: 133022.8 | S12: 136123.7 | T12: 136123.7 | U12: =T12/S12% -> 100 | V12: 0 | W12: 0 | X12: 0 | Z12: 0 | AA12: 0 | AB12: 0 | AD12: 0 | AE12: 0 | AF12: 0 | AH12: 0 | AI12: 0 | AJ12: 0 | AL12: 3630 | AM12: 3630 | AN12: 3630 | AO12: =AN12/AM12% -> 100 | AP12: 1013.6 | AQ12: 1013.6 | AR12: 1013.6 | AS12: =AR12/AQ12% -> 100 | AT12: 138.8 | AU12: 138.8 | AV12: 138.8 | AX12: 203.8 | AY12: 203.8 | AZ12: 203.8 | BA12: =AZ12/AY12% -> 100 | BB12: 0 | BC12: 0 | BD12: 0 | BF12: 979.6 | BG12: 979.6 | BH12: 979.6 | BI12: =BH12/BG12% -> 100 | BJ12: 4795.5 | BK12: 4125.5 | BL12: 4108.5327 | BM12: =BL12/BK12% -> 99.58872 | BN12: 197 | BO12: 197 | BP12: 197 | BQ12: =BP12/BO12% -> 100 | BR12: 370.1 | BS12: 370.1 | BT12: 370.1 | BU12: =BT12/BS12% -> 100 | BV12: 13.1 | BW12: 4.7 | BX12: 4.439 | BY12: =BX12/BW12% -> 94.446809 | BZ12: 207.1 | CA12: 207.1 | CB12: 207.1 | CC12: =CB12/CA12% -> 100 | CD12: 195.2 | CE12: 195.2 | CF12: 195.2 | CG12: =CF12/CE12% -> 100 | CH12: 195 | CI12: 195 | CJ12: 195 | CK12: =CJ12/CI12% -> 100 | CL12: 44.6 | CM12: 44.6 | CN12: 0 | CO12: =CN12/CM12% -> 0 | CP12: 0.6 | CQ12: 0.6 | CR12: 0 | CS12: =CR12/CQ12% -> 0 | CT12: 1126 | CU12: 1126 | CV12: 1126 | CW12: =CV12/CU12% -> 100 | CX12: 0 | CY12: 7.9 | CZ12: 7.9 | DA12: =CZ12/CY12% -> 100
A13: Аткарский | B13: =F13+J13+N13+R13+V13+Z13+AD13+AH13+AL13+AP13+AT13+AX13+BB13+BF13+BJ13+BN13+BR13+BV13+BZ13+CD13+CH13+CL13+CP13+CT13+CX13 -> 277274.8 | C13: =G13+K13+O13+S13+W13+AA13+AE13+AI13+AM13+AQ13+AU13+AY13+BC13+BG13+BK13+BO13+BS13+BW13+CA13+CE13+CI13+CM13+CQ13+CU13+CY13 -> 285820 | D13: =H13+L13+P13+T13+X13+AB13+AF13+AJ13+AN13+AR13+AV13+AZ13+BD13+BH13+BL13+BP13+BT13+BX13+CB13+CF13+CJ13+CN13+CR13+CV13+CZ13 -> 285628.12 | E13: =D13/C13% -> 99.932868 | F13: 29124.8 | G13: 29124.8 | H13: 29124.8 | I13: =H13/G13% -> 100 | J13: 2847.9 | K13: 4397.2 | L13: 4397.2 | M13: =L13/K13% -> 100 | N13: 215.3 | O13: 252.4 | P13: 252.4 | Q13: =P13/O13% -> 100 | R13: 227912.9 | S13: 235264.1 | T13: 235264.1 | U13: =T13/S13% -> 100 | V13: 0 | W13: 0 | X13: 0 | Z13: 0 | AA13: 0 | AB13: 0 | AD13: 0 | AE13: 0 | AF13: 0 | AH13: 0 | AI13: 0 | AJ13: 0 | AL13: 5096.8 | AM13: 5740.7 | AN13: 5740.7 | AO13: =AN13/AM13% -> 100 | AP13: 983.4 | AQ13: 932.7 | AR13: 932.7 | AS13: =AR13/AQ13% -> 100 | AT13: 185 | AU13: 195.5 | AV13: 195.5 | AX13: 382.1 | AY13: 382.1 | AZ13: 382.1 | BA13: =AZ13/AY13% -> 100 | BB13: 0 | BC13: 0 | BD13: 0 | BF13: 1740.5 | BG13: 1740.5 | BH13: 1740.5 | BI13: =BH13/BG13% -> 100 | BJ13: 6272.4 | BK13: 5272.4 | BL13: 5198.1246 | BM13: =BL13/BK13% -> 98.591242 | BN13: 197 | BO13: 197 | BP13: 197 | BQ13: =BP13/BO13% -> 100 | BR13: 555.1 | BS13: 555.1 | BT13: 555.1 | BU13: =BT13/BS13% -> 100 | BV13: 8.6 | BW13: 0 | BX13: 0 | BZ13: 414.3 | CA13: 414.3 | CB13: 414.3 | CC13: =CB13/CA13% -> 100 | CD13: 195.2 | CE13: 195.2 | CF13: 195.2 | CG13: =CF13/CE13% -> 100 | CH13: 195 | CI13: 195 | CJ13: 195 | CK13: =CJ13/CI13% -> 100 | CL13: 115.9 | CM13: 115.9 | CN13: 0 | CO13: =CN13/CM13% -> 0 | CP13: 1.7 | CQ13: 1.7 | CR13: 0 | CS13: =CR13/CQ13% -> 0 | CT13: 830.9 | CU13: 830.9 | CV13: 830.9 | CW13: =CV13/CU13% -> 100 | CX13: 0 | CY13: 12.5 | CZ13: 12.5 | DA13: =CZ13/CY13% -> 100
A14: Базарно-Карабулакский | B14: =F14+J14+N14+R14+V14+Z14+AD14+AH14+AL14+AP14+AT14+AX14+BB14+BF14+BJ14+BN14+BR14+BV14+BZ14+CD14+CH14+CL14+CP14+CT14+CX14 -> 246183.8 | C14: =G14+K14+O14+S14+W14+AA14+AE14+AI14+AM14+AQ14+AU14+AY14+BC14+BG14+BK14+BO14+BS14+BW14+CA14+CE14+CI14+CM14+CQ14+CU14+CY14 -> 249352.84 | D14: =H14+L14+P14+T14+X14+AB14+AF14+AJ14+AN14+AR14+AV14+AZ14+BD14+BH14+BL14+BP14+BT14+BX14+CB14+CF14+CJ14+CN14+CR14+CV14+CZ14 -> 249207.89 | E14: =D14/C14% -> 99.941868 | F14: 56020.6 | G14: 56020.6 | H14: 56020.6 | I14: =H14/G14% -> 100 | J14: 2584.7 | K14: 4548.9 | L14: 4548.9 | M14: =L14/K14% -> 100 | N14: 167 | O14: 187.8 | P14: 187.8 | Q14: =P14/O14% -> 100 | R14: 168993.9 | S14: 168993.9 | T14: 168993.9 | U14: =T14/S14% -> 100 | V14: 0 | W14: 0 | X14: 0 | Z14: 0 | AA14: 0 | AB14: 0 | AD14: 0 | AE14: 0 | AF14: 0 | AH14: 0 | AI14: 0 | AJ14: 0 | AL14: 5781.9 | AM14: 5781.9 | AN14: 5781.9 | AO14: =AN14/AM14% -> 100 | AP14: 1808.3 | AQ14: 1808.3 | AR14: 1808.3 | AS14: =AR14/AQ14% -> 100 | AT14: 138.8 | AU14: 138.8 | AV14: 138.8 | AX14: 203.8 | AY14: 203.8 | AZ14: 203.8 | BA14: =AZ14/AY14% -> 100 | BB14: 0 | BC14: 0 | BD14: 0 | BF14: 1246.3 | BG14: 1246.3 | BH14: 1246.3 | BI14: =BH14/BG14% -> 100 | BJ14: 6371.3 | BK14: 7545.9415 | BL14: 7446.1883 | BM14: =BL14/BK14% -> 98.678055 | BN14: 197 | BO14: 197 | BP14: 197 | BQ14: =BP14/BO14% -> 100 | BR14: 370.1 | BS14: 370.1 | BT14: 370.1 | BU14: =BT14/BS14% -> 100 | BV14: 0 | BW14: 0 | BX14: 0 | BZ14: 621.3 | CA14: 621.3 | CB14: 621.3 | CC14: =CB14/CA14% -> 100 | CD14: 195.2 | CE14: 195.2 | CF14: 195.2 | CG14: =CF14/CE14% -> 100 | CH14: 195 | CI14: 195 | CJ14: 195 | CK14: =CJ14/CI14% -> 100 | CL14: 44.6 | CM14: 44.6 | CN14: 0 | CO14: =CN14/CM14% -> 0 | CP14: 0.6 | CQ14: 0.6 | CR14: 0 | CS14: =CR14/CQ14% -> 0 | CT14: 1243.4 | CU14: 1243.4 | CV14: 1243.4 | CW14: =CV14/CU14% -> 100 | CX14: 0 | CY14: 9.4 | CZ14: 9.4 | DA14: =CZ14/CY14% -> 100
A15: Балаковский | B15: =F15+J15+N15+R15+V15+Z15+AD15+AH15+AL15+AP15+AT15+AX15+BB15+BF15+BJ15+BN15+BR15+BV15+BZ15+CD15+CH15+CL15+CP15+CT15+CX15 -> 1337052.9 | C15: =G15+K15+O15+S15+W15+AA15+AE15+AI15+AM15+AQ15+AU15+AY15+BC15+BG15+BK15+BO15+BS15+BW15+CA15+CE15+CI15+CM15+CQ15+CU15+CY15 -> 1363679.8 | D15: =H15+L15+P15+T15+X15+AB15+AF15+AJ15+AN15+AR15+AV15+AZ15+BD15+BH15+BL15+BP15+BT15+BX15+CB15+CF15+CJ15+CN15+CR15+CV15+CZ15 -> 1363356.3 | E15: =D15/C15% -> 99.976278 | F15: 396735.6 | G15: 426547.2 | H15: 426546.75 | I15: =H15/G15% -> 99.999894 | J15: 34764 | K15: 47574.9 | L15: 47574.9 | M15: =L15/K15% -> 100 | N15: 1489.9 | O15: 1797.3 | P15: 1794.0499 | Q15: =P15/O15% -> 99.819168 | R15: 733130 | S15: 742410 | T15: 742409.83 | U15: =T15/S15% -> 99.999978 | V15: 0 | W15: 0 | X15: 0 | Z15: 0 | AA15: 0 | AB15: 0 | AD15: 0 | AE15: 0 | AF15: 0 | AH15: 0 | AI15: 0 | AJ15: 0 | AL15: 19956.8 | AM15: 17172.6 | AN15: 17156.596 | AO15: =AN15/AM15% -> 99.906807 | AP15: 7049.6 | AQ15: 7392.8 | AR15: 7392.8 | AS15: =AR15/AQ15% -> 100 | AT15: 1541.1 | AU15: 1753.7 | AV15: 1749.2496 | AX15: 899.9 | AY15: 899.9 | AZ15: 897.27468 | BA15: =AZ15/AY15% -> 99.708265 | BB15: 1292.8 | BC15: 1292.8 | BD15: 1285.0287 | BE15: =BD15/BC15% -> 99.398881 | BF15: 9089.9 | BG15: 9059.9 | BH15: 9059.9 | BI15: =BH15/BG15% -> 100 | BJ15: 119268.6 | BK15: 95918.6 | BL15: 95877.319 | BM15: =BL15/BK15% -> 99.956962 | BN15: 5387.8 | BO15: 5387.8 | BP15: 5387.8 | BQ15: =BP15/BO15% -> 100 | BR15: 3826.1 | BS15: 3826.1 | BT15: 3798.8403 | BU15: =BT15/BS15% -> 99.287532 | BV15: 158.7 | BW15: 118.1 | BX15: 116.85355 | BY15: =BX15/BW15% -> 98.944581 | BZ15: 703.9 | CA15: 703.9 | CB15: 699.86505 | CC15: =CB15/CA15% -> 99.426772 | CD15: 668.3 | CE15: 668.3 | CF15: 667.7925 | CG15: =CF15/CE15% -> 99.924061 | CH15: 445.1 | CI15: 445.1 | CJ15: 445.1 | CK15: =CJ15/CI15% -> 100 | CL15: 180.4 | CM15: 180.4 | CN15: 0 | CO15: =CN15/CM15% -> 0 | CP15: 2.7 | CQ15: 2.7 | CR15: 0 | CS15: =CR15/CQ15% -> 0 | CT15: 461.7 | CU15: 461.7 | CV15: 461.7 | CW15: =CV15/CU15% -> 100 | CX15: 0 | CY15: 66 | CZ15: 34.65641 | DA15: =CZ15/CY15% -> 52.509712
A16: Балашовский | B16: =F16+J16+N16+R16+V16+Z16+AD16+AH16+AL16+AP16+AT16+AX16+BB16+BF16+BJ16+BN16+BR16+BV16+BZ16+CD16+CH16+CL16+CP16+CT16+CX16 -> 707385.5 | C16: =G16+K16+O16+S16+W16+AA16+AE16+AI16+AM16+AQ16+AU16+AY16+BC16+BG16+BK16+BO16+BS16+BW16+CA16+CE16+CI16+CM16+CQ16+CU16+CY16 -> 711858.6 | D16: =H16+L16+P16+T16+X16+AB16+AF16+AJ16+AN16+AR16+AV16+AZ16+BD16+BH16+BL16+BP16+BT16+BX16+CB16+CF16+CJ16+CN16+CR16+CV16+CZ16 -> 708557.96 | E16: =D16/C16% -> 99.536335 | F16: 180343.9 | G16: 180343.9 | H16: 180343.9 | I16: =H16/G16% -> 100 | J16: 7643.5 | K16: 7143.3 | L16: 7143.2031 | M16: =L16/K16% -> 99.998643 | N16: 473.8 | O16: 473.8 | P16: 473.8 | Q16: =P16/O16% -> 100 | R16: 436034.1 | S16: 441895 | T16: 441895 | U16: =T16/S16% -> 100 | V16: 0 | W16: 0 | X16: 0 | Z16: 0 | AA16: 0 | AB16: 0 | AD16: 0 | AE16: 0 | AF16: 0 | AH16: 0 | AI16: 0 | AJ16: 0 | AL16: 13569.7 | AM16: 12945.7 | AN16: 11989.582 | AO16: =AN16/AM16% -> 92.614394 | AP16: 5837.3 | AQ16: 5837.3 | AR16: 4005.498 | AS16: =AR16/AQ16% -> 68.619019 | AT16: 661 | AU16: 661 | AV16: 661 | AX16: 608.9 | AY16: 608.9 | AZ16: 608.9 | BA16: =AZ16/AY16% -> 100 | BB16: 1237.7 | BC16: 1237.7 | BD16: 1130.8388 | BE16: =BD16/BC16% -> 91.366144 | BF16: 4624.5 | BG16: 4624.5 | BH16: 4624.5 | BI16: =BH16/BG16% -> 100 | BJ16: 49017.3 | BK16: 48717.3 | BL16: 48675.272 | BM16: =BL16/BK16% -> 99.913731 | BN16: 2721.2 | BO16: 2721.2 | BP16: 2545.1877 | BQ16: =BP16/BO16% -> 93.531812 | BR16: 1627.1 | BS16: 1627.1 | BT16: 1627.0807 | BU16: =BT16/BS16% -> 99.998814 | BV16: 54.2 | BW16: 54.2 | BX16: 54.2 | BY16: =BX16/BW16% -> 100 | BZ16: 225.5 | CA16: 225.5 | CB16: 225.5 | CC16: =CB16/CA16% -> 100 | CD16: 427.2 | CE16: 427.2 | CF16: 427.2 | CG16: =CF16/CE16% -> 100 | CH16: 213.4 | CI16: 213.4 | CJ16: 213.4 | CK16: =CJ16/CI16% -> 100 | CL16: 185 | CM16: 185 | CN16: 0 | CO16: =CN16/CM16% -> 0 | CP16: 2.7 | CQ16: 2.7 | CR16: 0 | CS16: =CR16/CQ16% -> 0 | CT16: 1877.5 | CU16: 1877.5 | CV16: 1877.5 | CW16: =CV16/CU16% -> 100 | CX16: 0 | CY16: 36.4 | CZ16: 36.4 | DA16: =CZ16/CY16% -> 100
A17: Балтайский | B17: =F17+J17+N17+R17+V17+Z17+AD17+AH17+AL17+AP17+AT17+AX17+BB17+BF17+BJ17+BN17+BR17+BV17+BZ17+CD17+CH17+CL17+CP17+CT17+CX17 -> 101649.5 | C17: =G17+K17+O17+S17+W17+AA17+AE17+AI17+AM17+AQ17+AU17+AY17+BC17+BG17+BK17+BO17+BS17+BW17+CA17+CE17+CI17+CM17+CQ17+CU17+CY17 -> 102254.1 | D17: =H17+L17+P17+T17+X17+AB17+AF17+AJ17+AN17+AR17+AV17+AZ17+BD17+BH17+BL17+BP17+BT17+BX17+CB17+CF17+CJ17+CN17+CR17+CV17+CZ17 -> 102149.3 | E17: =D17/C17% -> 99.897515 | F17: 17091.4 | G17: 17997.3 | H17: 17997.3 | I17: =H17/G17% -> 100 | J17: 1144 | K17: 1327.2 | L17: 1327.2 | M17: =L17/K17% -> 100 | N17: 71.1 | O17: 77.6 | P17: 77.6 | Q17: =P17/O17% -> 100 | R17: 75369.1 | S17: 75324.6 | T17: 75324.57 | U17: =T17/S17% -> 99.99996 | V17: 0 | W17: 0 | X17: 0 | Z17: 0 | AA17: 0 | AB17: 0 | AD17: 0 | AE17: 0 | AF17: 0 | AH17: 0 | AI17: 0 | AJ17: 0 | AL17: 1942.7 | AM17: 1942.7 | AN17: 1942.7 | AO17: =AN17/AM17% -> 100 | AP17: 582.7 | AQ17: 582.7 | AR17: 582.7 | AS17: =AR17/AQ17% -> 100 | AT17: 46.3 | AU17: 46.3 | AV17: 46.3 | AX17: 203.8 | AY17: 203.8 | AZ17: 203.8 | BA17: =AZ17/AY17% -> 100 | BB17: 0 | BC17: 0 | BD17: 0 | BF17: 487.3 | BG17: 487.3 | BH17: 487.3 | BI17: =BH17/BG17% -> 100 | BJ17: 3157.2 | BK17: 2707.2 | BL17: 2647.6347 | BM17: =BL17/BK17% -> 97.799746 | BN17: 197 | BO17: 197 | BP17: 197 | BQ17: =BP17/BO17% -> 100 | BR17: 185 | BS17: 185 | BT17: 185 | BU17: =BT17/BS17% -> 100 | BV17: 0 | BW17: 0 | BX17: 0 | BZ17: 207.1 | CA17: 207.1 | CB17: 207.1 | CC17: =CB17/CA17% -> 100 | CD17: 195.2 | CE17: 195.2 | CF17: 195.2 | CG17: =CF17/CE17% -> 100 | CH17: 195 | CI17: 195 | CJ17: 195 | CK17: =CJ17/CI17% -> 100 | CL17: 44.6 | CM17: 44.6 | CN17: 0 | CO17: =CN17/CM17% -> 0 | CP17: 0.6 | CQ17: 0.6 | CR17: 0 | CS17: =CR17/CQ17% -> 0 | CT17: 529.4 | CU17: 529.4 | CV17: 529.4 | CW17: =CV17/CU17% -> 100 | CX17: 0 | CY17: 3.5 | CZ17: 3.5 | DA17: =CZ17/CY17% -> 100
A18: Вольский | B18: =F18+J18+N18+R18+V18+Z18+AD18+AH18+AL18+AP18+AT18+AX18+BB18+BF18+BJ18+BN18+BR18+BV18+BZ18+CD18+CH18+CL18+CP18+CT18+CX18 -> 624175.4 | C18: =G18+K18+O18+S18+W18+AA18+AE18+AI18+AM18+AQ18+AU18+AY18+BC18+BG18+BK18+BO18+BS18+BW18+CA18+CE18+CI18+CM18+CQ18+CU18+CY18 -> 626651.6 | D18: =H18+L18+P18+T18+X18+AB18+AF18+AJ18+AN18+AR18+AV18+AZ18+BD18+BH18+BL18+BP18+BT18+BX18+CB18+CF18+CJ18+CN18+CR18+CV18+CZ18 -> 625464.41 | E18: =D18/C18% -> 99.81055 | F18: 202586.7 | G18: 199765.6 | H18: 199696.28 | I18: =H18/G18% -> 99.965299 | J18: 11456.5 | K18: 17335.4 | L18: 17330.457 | M18: =L18/K18% -> 99.971486 | N18: 684.8 | O18: 754.6 | P18: 718.59172 | Q18: =P18/O18% -> 95.228163 | R18: 345374.6 | S18: 350423.9 | T18: 350220.32 | U18: =T18/S18% -> 99.941904 | V18: 0 | W18: 0 | X18: 0 | Z18: 0 | AA18: 0 | AB18: 0 | AD18: 0 | AE18: 0 | AF18: 0 | AH18: 0 | AI18: 0 | AJ18: 0 | AL18: 10772.4 | AM18: 9531 | AN18: 9530.972 | AO18: =AN18/AM18% -> 99.999706 | AP18: 5119.1 | AQ18: 5119.1 | AR18: 5119.1 | AS18: =AR18/AQ18% -> 100 | AT18: 661 | AU18: 584.7 | AV18: 562.60733 | AX18: 608.9 | AY18: 608.9 | AZ18: 608.9 | BA18: =AZ18/AY18% -> 100 | BB18: 1237.7 | BC18: 1237.7 | BD18: 1177.8129 | BE18: =BD18/BC18% -> 95.16142 | BF18: 3856.6 | BG18: 3856.6 | BH18: 3856.6 | BI18: =BH18/BG18% -> 100 | BJ18: 35580.9 | BK18: 31130.9 | BL18: 30627.069 | BM18: =BL18/BK18% -> 98.381572 | BN18: 1731.7 | BO18: 1731.7 | BP18: 1730.6876 | BQ18: =BP18/BO18% -> 99.941537 | BR18: 1627.1 | BS18: 1627.1 | BT18: 1561.1231 | BU18: =BT18/BS18% -> 95.945121 | BV18: 154.7 | BW18: 191.4 | BX18: 137.5293 | BY18: =BX18/BW18% -> 71.854389 | BZ18: 676.4 | CA18: 676.4 | CB18: 676.4 | CC18: =CB18/CA18% -> 100 | CD18: 427.2 | CE18: 427.2 | CF18: 427.2 | CG18: =CF18/CE18% -> 100 | CH18: 213.4 | CI18: 213.4 | CJ18: 213.4 | CK18: =CJ18/CI18% -> 100 | CL18: 111.4 | CM18: 111.4 | CN18: 0 | CO18: =CN18/CM18% -> 0 | CP18: 1.7 | CQ18: 1.7 | CR18: 0 | CS18: =CR18/CQ18% -> 0 | CT18: 1292.6 | CU18: 1292.6 | CV18: 1239.063 | CW18: =CV18/CU18% -> 95.858193 | CX18: 0 | CY18: 30.3 | CZ18: 30.3 | DA18: =CZ18/CY18% -> 100
A19: Воскресенский | B19: =F19+J19+N19+R19+V19+Z19+AD19+AH19+AL19+AP19+AT19+AX19+BB19+BF19+BJ19+BN19+BR19+BV19+BZ19+CD19+CH19+CL19+CP19+CT19+CX19 -> 102815.4 | C19: =G19+K19+O19+S19+W19+AA19+AE19+AI19+AM19+AQ19+AU19+AY19+BC19+BG19+BK19+BO19+BS19+BW19+CA19+CE19+CI19+CM19+CQ19+CU19+CY19 -> 98484.4 | D19: =H19+L19+P19+T19+X19+AB19+AF19+AJ19+AN19+AR19+AV19+AZ19+BD19+BH19+BL19+BP19+BT19+BX19+CB19+CF19+CJ19+CN19+CR19+CV19+CZ19 -> 97739.348 | E19: =D19/C19% -> 99.243482 | F19: 17032.2 | G19: 17303.5 | H19: 16798.281 | I19: =H19/G19% -> 97.080252 | J19: 859.6 | K19: 784.6 | L19: 784.6 | M19: =L19/K19% -> 100 | N19: 66.2 | O19: 66.2 | P19: 66.1934 | Q19: =P19/O19% -> 99.99003 | R19: 80033.7 | S19: 75553 | T19: 75526.337 | U19: =T19/S19% -> 99.96471 | V19: 0 | W19: 0 | X19: 0 | Z19: 0 | AA19: 0 | AB19: 0 | AD19: 0 | AE19: 0 | AF19: 0 | AH19: 0 | AI19: 0 | AJ19: 0 | AL19: 1475.2 | AM19: 1475.2 | AN19: 1471.6531 | AO19: =AN19/AM19% -> 99.759566 | AP19: 297.2 | AQ19: 297.2 | AR19: 295.57 | AS19: =AR19/AQ19% -> 99.451548 | AT19: 46.3 | AU19: 46.3 | AV19: 46.3 | AX19: 203.8 | AY19: 203.8 | AZ19: 191.90777 | BA19: =AZ19/AY19% -> 94.164755 | BB19: 0 | BC19: 0 | BD19: 0 | BF19: 518.2 | BG19: 518.2 | BH19: 518.2 | BI19: =BH19/BG19% -> 100 | BJ19: 796.8 | BK19: 746.8 | BL19: 737.80472 | BM19: =BL19/BK19% -> 98.79549 | BN19: 197 | BO19: 197 | BP19: 197 | BQ19: =BP19/BO19% -> 100 | BR19: 185 | BS19: 185 | BT19: 184.13076 | BU19: =BT19/BS19% -> 99.530141 | BV19: 0 | BW19: 0 | BX19: 0 | BZ19: 207.1 | CA19: 207.1 | CB19: 207.1 | CC19: =CB19/CA19% -> 100 | CD19: 195.2 | CE19: 195.2 | CF19: 54.16931 | CG19: =CF19/CE19% -> 27.750671 | CH19: 195 | CI19: 195 | CJ19: 195 | CK19: =CJ19/CI19% -> 100 | CL19: 44.6 | CM19: 44.6 | CN19: 0 | CO19: =CN19/CM19% -> 0 | CP19: 0.6 | CQ19: 0.6 | CR19: 0 | CS19: =CR19/CQ19% -> 0 | CT19: 461.7 | CU19: 461.7 | CV19: 461.7 | CW19: =CV19/CU19% -> 100 | CX19: 0 | CY19: 3.4 | CZ19: 3.4 | DA19: =CZ19/CY19% -> 100
A20: Дергачевский | B20: =F20+J20+N20+R20+V20+Z20+AD20+AH20+AL20+AP20+AT20+AX20+BB20+BF20+BJ20+BN20+BR20+BV20+BZ20+CD20+CH20+CL20+CP20+CT20+CX20 -> 174015.3 | C20: =G20+K20+O20+S20+W20+AA20+AE20+AI20+AM20+AQ20+AU20+AY20+BC20+BG20+BK20+BO20+BS20+BW20+CA20+CE20+CI20+CM20+CQ20+CU20+CY20 -> 178165.6 | D20: =H20+L20+P20+T20+X20+AB20+AF20+AJ20+AN20+AR20+AV20+AZ20+BD20+BH20+BL20+BP20+BT20+BX20+CB20+CF20+CJ20+CN20+CR20+CV20+CZ20 -> 177928.37 | E20: =D20/C20% -> 99.86685 | F20: 30767.4 | G20: 31619.9 | H20: 31619.9 | I20: =H20/G20% -> 100 | J20: 2772.5 | K20: 2772.5 | L20: 2772.5 | M20: =L20/K20% -> 100 | N20: 153 | O20: 153 | P20: 153 | Q20: =P20/O20% -> 100 | R20: 128113.1 | S20: 132238.1 | T20: 132238.1 | U20: =T20/S20% -> 100 | V20: 0 | W20: 0 | X20: 0 | Z20: 0 | AA20: 0 | AB20: 0 | AD20: 0 | AE20: 0 | AF20: 0 | AH20: 0 | AI20: 0 | AJ20: 0 | AL20: 2539.8 | AM20: 3008.6 | AN20: 3008.6 | AO20: =AN20/AM20% -> 100 | AP20: 607.1 | AQ20: 706.5 | AR20: 706.5 | AS20: =AR20/AQ20% -> 100 | AT20: 92.5 | AU20: 92.5 | AV20: 92.5 | AX20: 203.8 | AY20: 203.8 | AZ20: 203.8 | BA20: =AZ20/AY20% -> 100 | BB20: 0 | BC20: 0 | BD20: 0 | BF20: 812.6 | BG20: 812.6 | BH20: 812.6 | BI20: =BH20/BG20% -> 100 | BJ20: 5861.7 | BK20: 4491.7 | BL20: 4367.5724 | BM20: =BL20/BK20% -> 97.236512 | BN20: 197 | BO20: 197 | BP20: 197 | BQ20: =BP20/BO20% -> 100 | BR20: 370.1 | BS20: 370.1 | BT20: 370.1 | BU20: =BT20/BS20% -> 100 | BV20: 32.6 | BW20: 0 | BX20: 0 | BZ20: 207.1 | CA20: 207.1 | CB20: 207.1 | CC20: =CB20/CA20% -> 100 | CD20: 195.2 | CE20: 195.2 | CF20: 195.2 | CG20: =CF20/CE20% -> 100 | CH20: 195 | CI20: 195 | CJ20: 195 | CK20: =CJ20/CI20% -> 100 | CL20: 111.4 | CM20: 111.4 | CN20: 0 | CO20: =CN20/CM20% -> 0 | CP20: 1.7 | CQ20: 1.7 | CR20: 0 | CS20: =CR20/CQ20% -> 0 | CT20: 781.7 | CU20: 781.7 | CV20: 781.7 | CW20: =CV20/CU20% -> 100 | CX20: 0 | CY20: 7.2 | CZ20: 7.2 | DA20: =CZ20/CY20% -> 100
A21: Духовницкий | B21: =F21+J21+N21+R21+V21+Z21+AD21+AH21+AL21+AP21+AT21+AX21+BB21+BF21+BJ21+BN21+BR21+BV21+BZ21+CD21+CH21+CL21+CP21+CT21+CX21 -> 103161.1 | C21: =G21+K21+O21+S21+W21+AA21+AE21+AI21+AM21+AQ21+AU21+AY21+BC21+BG21+BK21+BO21+BS21+BW21+CA21+CE21+CI21+CM21+CQ21+CU21+CY21 -> 104267 | D21: =H21+L21+P21+T21+X21+AB21+AF21+AJ21+AN21+AR21+AV21+AZ21+BD21+BH21+BL21+BP21+BT21+BX21+CB21+CF21+CJ21+CN21+CR21+CV21+CZ21 -> 104114.09 | E21: =D21/C21% -> 99.853345 | F21: 17585.8 | G21: 17822.6 | H21: 17822.6 | I21: =H21/G21% -> 100 | J21: 884.1 | K21: 1113.2 | L21: 1113.2 | M21: =L21/K21% -> 100 | N21: 81.2 | O21: 90.4 | P21: 90.4 | Q21: =P21/O21% -> 100 | R21: 76679.3 | S21: 77479.8 | T21: 77479.8 | U21: =T21/S21% -> 100 | V21: 0 | W21: 0 | X21: 0 | Z21: 0 | AA21: 0 | AB21: 0 | AD21: 0 | AE21: 0 | AF21: 0 | AH21: 0 | AI21: 0 | AJ21: 0 | AL21: 1704.4 | AM21: 1978.1 | AN21: 1978.1 | AO21: =AN21/AM21% -> 100 | AP21: 548 | AQ21: 750.4 | AR21: 750.4 | AS21: =AR21/AQ21% -> 100 | AT21: 46.3 | AU21: 46.3 | AV21: 46.3 | AX21: 203.8 | AY21: 203.8 | AZ21: 203.8 | BA21: =AZ21/AY21% -> 100 | BB21: 0 | BC21: 0 | BD21: 0 | BF21: 513 | BG21: 513 | BH21: 513 | BI21: =BH21/BG21% -> 100 | BJ21: 3244.7 | BK21: 2594.7 | BL21: 2572.8874 | BM21: =BL21/BK21% -> 99.159341 | BN21: 197 | BO21: 197 | BP21: 197 | BQ21: =BP21/BO21% -> 100 | BR21: 185 | BS21: 185 | BT21: 185 | BU21: =BT21/BS21% -> 100 | BV21: 0 | BW21: 0 | BX21: 0 | BZ21: 207.1 | CA21: 207.1 | CB21: 207.1 | CC21: =CB21/CA21% -> 100 | CD21: 195.2 | CE21: 195.2 | CF21: 195.2 | CG21: =CF21/CE21% -> 100 | CH21: 195 | CI21: 195 | CJ21: 195 | CK21: =CJ21/CI21% -> 100 | CL21: 129.2 | CM21: 129.2 | CN21: 0 | CO21: =CN21/CM21% -> 0 | CP21: 1.9 | CQ21: 1.9 | CR21: 0 | CS21: =CR21/CQ21% -> 0 | CT21: 560.1 | CU21: 560.1 | CV21: 560.1 | CW21: =CV21/CU21% -> 100 | CX21: 0 | CY21: 4.2 | CZ21: 4.2 | DA21: =CZ21/CY21% -> 100
A22: Екатериновский | B22: =F22+J22+N22+R22+V22+Z22+AD22+AH22+AL22+AP22+AT22+AX22+BB22+BF22+BJ22+BN22+BR22+BV22+BZ22+CD22+CH22+CL22+CP22+CT22+CX22 -> 175759.3 | C22: =G22+K22+O22+S22+W22+AA22+AE22+AI22+AM22+AQ22+AU22+AY22+BC22+BG22+BK22+BO22+BS22+BW22+CA22+CE22+CI22+CM22+CQ22+CU22+CY22 -> 174780.1 | D22: =H22+L22+P22+T22+X22+AB22+AF22+AJ22+AN22+AR22+AV22+AZ22+BD22+BH22+BL22+BP22+BT22+BX22+CB22+CF22+CJ22+CN22+CR22+CV22+CZ22 -> 174652.48 | E22: =D22/C22% -> 99.926985 | F22: 27510.5 | G22: 25394.7 | H22: 25394.7 | I22: =H22/G22% -> 100 | J22: 1533.6 | K22: 2321.1 | L22: 2321.1 | M22: =L22/K22% -> 100 | N22: 88 | O22: 100.9 | P22: 100.9 | Q22: =P22/O22% -> 100 | R22: 136320.8 | S22: 138550.7 | T22: 138550.7 | U22: =T22/S22% -> 100 | V22: 0 | W22: 0 | X22: 0 | Z22: 0 | AA22: 0 | AB22: 0 | AD22: 0 | AE22: 0 | AF22: 0 | AH22: 0 | AI22: 0 | AJ22: 0 | AL22: 3113.8 | AM22: 2514.3 | AN22: 2514.3 | AO22: =AN22/AM22% -> 100 | AP22: 711.1 | AQ22: 711.1 | AR22: 711.1 | AS22: =AR22/AQ22% -> 100 | AT22: 92.5 | AU22: 92.5 | AV22: 92.5 | AX22: 203.8 | AY22: 203.8 | AZ22: 203.8 | BA22: =AZ22/AY22% -> 100 | BB22: 0 | BC22: 0 | BD22: 0 | BF22: 804 | BG22: 804 | BH22: 804 | BI22: =BH22/BG22% -> 100 | BJ22: 3371.9 | BK22: 2071.9 | BL22: 1989.4839 | BM22: =BL22/BK22% -> 96.022196 | BN22: 197 | BO22: 197 | BP22: 197 | BQ22: =BP22/BO22% -> 100 | BR22: 185 | BS22: 185 | BT22: 185 | BU22: =BT22/BS22% -> 100 | BV22: 0 | BW22: 0 | BX22: 0 | BZ22: 207.1 | CA22: 207.1 | CB22: 207.1 | CC22: =CB22/CA22% -> 100 | CD22: 195.2 | CE22: 195.2 | CF22: 195.2 | CG22: =CF22/CE22% -> 100 | CH22: 195 | CI22: 195 | CJ22: 195 | CK22: =CJ22/CI22% -> 100 | CL22: 44.6 | CM22: 44.6 | CN22: 0 | CO22: =CN22/CM22% -> 0 | CP22: 0.6 | CQ22: 0.6 | CR22: 0 | CS22: =CR22/CQ22% -> 0 | CT22: 984.8 | CU22: 984.8 | CV22: 984.8 | CW22: =CV22/CU22% -> 100 | CX22: 0 | CY22: 5.8 | CZ22: 5.8 | DA22: =CZ22/CY22% -> 100
A23: Ершовский | B23: =F23+J23+N23+R23+V23+Z23+AD23+AH23+AL23+AP23+AT23+AX23+BB23+BF23+BJ23+BN23+BR23+BV23+BZ23+CD23+CH23+CL23+CP23+CT23+CX23 -> 362586.7 | C23: =G23+K23+O23+S23+W23+AA23+AE23+AI23+AM23+AQ23+AU23+AY23+BC23+BG23+BK23+BO23+BS23+BW23+CA23+CE23+CI23+CM23+CQ23+CU23+CY23 -> 365572.6 | D23: =H23+L23+P23+T23+X23+AB23+AF23+AJ23+AN23+AR23+AV23+AZ23+BD23+BH23+BL23+BP23+BT23+BX23+CB23+CF23+CJ23+CN23+CR23+CV23+CZ23 -> 364769.06 | E23: =D23/C23% -> 99.780196 | F23: 86607.5 | G23: 77133.3 | H23: 76443.812 | I23: =H23/G23% -> 99.106109 | J23: 4543.7 | K23: 6291.9 | L23: 6291.9 | M23: =L23/K23% -> 100 | N23: 247.6 | O23: 272.6 | P23: 272.6 | Q23: =P23/O23% -> 100 | R23: 252148.9 | S23: 263442.5 | T23: 263442.5 | U23: =T23/S23% -> 100 | V23: 0 | W23: 0 | X23: 0 | Z23: 0 | AA23: 0 | AB23: 0 | AD23: 0 | AE23: 0 | AF23: 0 | AH23: 0 | AI23: 0 | AJ23: 0 | AL23: 5508.1 | AM23: 5096.8 | AN23: 5096.8 | AO23: =AN23/AM23% -> 100 | AP23: 1814.5 | AQ23: 2000 | AR23: 2000 | AS23: =AR23/AQ23% -> 100 | AT23: 323.8 | AU23: 323.8 | AV23: 323.8 | AX23: 382.1 | AY23: 382.1 | AZ23: 382.1 | BA23: =AZ23/AY23% -> 100 | BB23: 739.5 | BC23: 739.5 | BD23: 739.5 | BE23: =BD23/BC23% -> 100 | BF23: 1618.5 | BG23: 1603.9 | BH23: 1603.9 | BI23: =BH23/BG23% -> 100 | BJ23: 5764.4 | BK23: 5384.4 | BL23: 5272.8283 | BM23: =BL23/BK23% -> 97.927871 | BN23: 565.4 | BO23: 565.4 | BP23: 565.4 | BQ23: =BP23/BO23% -> 100 | BR23: 740.1 | BS23: 740.1 | BT23: 740.1 | BU23: =BT23/BS23% -> 100 | BV23: 0 | BW23: 0 | BX23: 0 | BZ23: 207.1 | CA23: 207.1 | CB23: 207.1 | CC23: =CB23/CA23% -> 100 | CD23: 195.2 | CE23: 195.2 | CF23: 195.2 | CG23: =CF23/CE23% -> 100 | CH23: 195 | CI23: 195 | CJ23: 195 | CK23: =CJ23/CI23% -> 100 | CL23: 49 | CM23: 49 | CN23: 46.55 | CO23: =CN23/CM23% -> 95 | CP23: 0.7 | CQ23: 0.7 | CR23: 0.665 | CS23: =CR23/CQ23% -> 95 | CT23: 935.6 | CU23: 935.6 | CV23: 935.6 | CW23: =CV23/CU23% -> 100 | CX23: 0 | CY23: 13.7 | CZ23: 13.7 | DA23: =CZ23/CY23% -> 100
A24: Ивантеевский | B24: =F24+J24+N24+R24+V24+Z24+AD24+AH24+AL24+AP24+AT24+AX24+BB24+BF24+BJ24+BN24+BR24+BV24+BZ24+CD24+CH24+CL24+CP24+CT24+CX24 -> 155605.5 | C24: =G24+K24+O24+S24+W24+AA24+AE24+AI24+AM24+AQ24+AU24+AY24+BC24+BG24+BK24+BO24+BS24+BW24+CA24+CE24+CI24+CM24+CQ24+CU24+CY24 -> 157918.7 | D24: =H24+L24+P24+T24+X24+AB24+AF24+AJ24+AN24+AR24+AV24+AZ24+BD24+BH24+BL24+BP24+BT24+BX24+CB24+CF24+CJ24+CN24+CR24+CV24+CZ24 -> 157897.28 | E24: =D24/C24% -> 99.986437 | F24: 32543.6 | G24: 32543.6 | H24: 32543.6 | I24: =H24/G24% -> 100 | J24: 1994.9 | K24: 2833.8 | L24: 2833.8 | M24: =L24/K24% -> 100 | N24: 118.1 | O24: 132.9 | P24: 132.9 | Q24: =P24/O24% -> 100 | R24: 113057.3 | S24: 115212.3 | T24: 115212.3 | U24: =T24/S24% -> 100 | V24: 0 | W24: 0 | X24: 0 | Z24: 0 | AA24: 0 | AB24: 0 | AD24: 0 | AE24: 0 | AF24: 0 | AH24: 0 | AI24: 0 | AJ24: 0 | AL24: 2602.5 | AM24: 2502.5 | AN24: 2502.5 | AO24: =AN24/AM24% -> 100 | AP24: 1016.6 | AQ24: 1016.6 | AR24: 1016.6 | AS24: =AR24/AQ24% -> 100 | AT24: 92.5 | AU24: 92.5 | AV24: 92.5 | AX24: 203.8 | AY24: 203.8 | AZ24: 203.8 | BA24: =AZ24/AY24% -> 100 | BB24: 0 | BC24: 0 | BD24: 0 | BF24: 596.7 | BG24: 596.7 | BH24: 596.7 | BI24: =BH24/BG24% -> 100 | BJ24: 1396.8 | BK24: 796.8 | BL24: 778.79583 | BM24: =BL24/BK24% -> 97.740441 | BN24: 197 | BO24: 197 | BP24: 197 | BQ24: =BP24/BO24% -> 100 | BR24: 185 | BS24: 185 | BT24: 185 | BU24: =BT24/BS24% -> 100 | BV24: 0 | BW24: 0 | BX24: 0 | BZ24: 207.1 | CA24: 207.1 | CB24: 207.1 | CC24: =CB24/CA24% -> 100 | CD24: 195.2 | CE24: 195.2 | CF24: 195.2 | CG24: =CF24/CE24% -> 100 | CH24: 195 | CI24: 195 | CJ24: 195 | CK24: =CJ24/CI24% -> 100 | CL24: 66.8 | CM24: 66.8 | CN24: 63.436 | CO24: =CN24/CM24% -> 94.964072 | CP24: 1 | CQ24: 1 | CR24: 0.95 | CS24: =CR24/CQ24% -> 95 | CT24: 935.6 | CU24: 935.6 | CV24: 935.6 | CW24: =CV24/CU24% -> 100 | CX24: 0 | CY24: 4.5 | CZ24: 4.5 | DA24: =CZ24/CY24% -> 100
A25: Калининский | B25: =F25+J25+N25+R25+V25+Z25+AD25+AH25+AL25+AP25+AT25+AX25+BB25+BF25+BJ25+BN25+BR25+BV25+BZ25+CD25+CH25+CL25+CP25+CT25+CX25 -> 258099.7 | C25: =G25+K25+O25+S25+W25+AA25+AE25+AI25+AM25+AQ25+AU25+AY25+BC25+BG25+BK25+BO25+BS25+BW25+CA25+CE25+CI25+CM25+CQ25+CU25+CY25 -> 257675.5 | D25: =H25+L25+P25+T25+X25+AB25+AF25+AJ25+AN25+AR25+AV25+AZ25+BD25+BH25+BL25+BP25+BT25+BX25+CB25+CF25+CJ25+CN25+CR25+CV25+CZ25 -> 257528.72 | E25: =D25/C25% -> 99.943036 | F25: 32334.3 | G25: 32334.3 | H25: 32334.3 | I25: =H25/G25% -> 100 | J25: 1921.7 | K25: 2251.1 | L25: 2251.1 | M25: =L25/K25% -> 100 | N25: 152.7 | O25: 168.4 | P25: 168.4 | Q25: =P25/O25% -> 100 | R25: 210431.8 | S25: 210431.8 | T25: 210431.8 | U25: =T25/S25% -> 100 | V25: 0 | W25: 0 | X25: 0 | Z25: 0 | AA25: 0 | AB25: 0 | AD25: 0 | AE25: 0 | AF25: 0 | AH25: 0 | AI25: 0 | AJ25: 0 | AL25: 4070.7 | AM25: 4070.7 | AN25: 4070.7 | AO25: =AN25/AM25% -> 100 | AP25: 1027.2 | AQ25: 1027.2 | AR25: 1027.2 | AS25: =AR25/AQ25% -> 100 | AT25: 185 | AU25: 185 | AV25: 185 | AX25: 382.1 | AY25: 382.1 | AZ25: 382.1 | BA25: =AZ25/AY25% -> 100 | BB25: 0 | BC25: 0 | BD25: 0 | BF25: 1335.3 | BG25: 1335.3 | BH25: 1335.3 | BI25: =BH25/BG25% -> 100 | BJ25: 3917.4 | BK25: 3137.4 | BL25: 3047.119 | BM25: =BL25/BK25% -> 97.122426 | BN25: 197 | BO25: 197 | BP25: 197 | BQ25: =BP25/BO25% -> 100 | BR25: 555.1 | BS25: 555.1 | BT25: 555.1 | BU25: =BT25/BS25% -> 100 | BV25: 0 | BW25: 0 | BX25: 0 | BZ25: 207.1 | CA25: 207.1 | CB25: 207.1 | CC25: =CB25/CA25% -> 100 | CD25: 195.2 | CE25: 195.2 | CF25: 195.2 | CG25: =CF25/CE25% -> 100 | CH25: 195 | CI25: 195 | CJ25: 195 | CK25: =CJ25/CI25% -> 100 | CL25: 55.7 | CM25: 55.7 | CN25: 0 | CO25: =CN25/CM25% -> 0 | CP25: 0.8 | CQ25: 0.8 | CR25: 0 | CS25: =CR25/CQ25% -> 0 | CT25: 935.6 | CU25: 935.6 | CV25: 935.6 | CW25: =CV25/CU25% -> 100 | CX25: 0 | CY25: 10.7 | CZ25: 10.7 | DA25: =CZ25/CY25% -> 100
A26: Красноармейский | B26: =F26+J26+N26+R26+V26+Z26+AD26+AH26+AL26+AP26+AT26+AX26+BB26+BF26+BJ26+BN26+BR26+BV26+BZ26+CD26+CH26+CL26+CP26+CT26+CX26 -> 316528.8 | C26: =G26+K26+O26+S26+W26+AA26+AE26+AI26+AM26+AQ26+AU26+AY26+BC26+BG26+BK26+BO26+BS26+BW26+CA26+CE26+CI26+CM26+CQ26+CU26+CY26 -> 319950.3 | D26: =H26+L26+P26+T26+X26+AB26+AF26+AJ26+AN26+AR26+AV26+AZ26+BD26+BH26+BL26+BP26+BT26+BX26+CB26+CF26+CJ26+CN26+CR26+CV26+CZ26 -> 319762.13 | E26: =D26/C26% -> 99.941186 | F26: 53876.5 | G26: 54904 | H26: 54904 | I26: =H26/G26% -> 100 | J26: 4089.2 | K26: 2965.2 | L26: 2965.2 | M26: =L26/K26% -> 100 | N26: 235.7 | O26: 235.7 | P26: 235.7 | Q26: =P26/O26% -> 100 | R26: 224113.5 | S26: 229224.5 | T26: 229224.5 | U26: =T26/S26% -> 100 | V26: 0 | W26: 0 | X26: 0 | Z26: 0 | AA26: 0 | AB26: 0 | AD26: 0 | AE26: 0 | AF26: 0 | AH26: 0 | AI26: 0 | AJ26: 0 | AL26: 4701.9 | AM26: 4696.1 | AN26: 4696.1 | AO26: =AN26/AM26% -> 100 | AP26: 1886.2 | AQ26: 1886.2 | AR26: 1886.2 | AS26: =AR26/AQ26% -> 100 | AT26: 231.3 | AU26: 231.3 | AV26: 231.3 | AX26: 382.1 | AY26: 382.1 | AZ26: 382.1 | BA26: =AZ26/AY26% -> 100 | BB26: 0 | BC26: 0 | BD26: 0 | BF26: 1994.3 | BG26: 1994.3 | BH26: 1994.3 | BI26: =BH26/BG26% -> 100 | BJ26: 20928.3 | BK26: 19328.3 | BL26: 19174.821 | BM26: =BL26/BK26% -> 99.205934 | BN26: 1373.9 | BO26: 1373.9 | BP26: 1373.9 | BQ26: =BP26/BO26% -> 100 | BR26: 740.1 | BS26: 740.1 | BT26: 740.1 | BU26: =BT26/BS26% -> 100 | BV26: 0 | BW26: 0 | BX26: 0 | BZ26: 414.3 | CA26: 414.3 | CB26: 414.3 | CC26: =CB26/CA26% -> 100 | CD26: 195.2 | CE26: 195.2 | CF26: 195.2 | CG26: =CF26/CE26% -> 100 | CH26: 195 | CI26: 195 | CJ26: 195 | CK26: =CJ26/CI26% -> 100 | CL26: 62.4 | CM26: 62.4 | CN26: 28.605 | CO26: =CN26/CM26% -> 45.841346 | CP26: 0.9 | CQ26: 0.9 | CR26: 0 | CS26: =CR26/CQ26% -> 0 | CT26: 1108 | CU26: 1108 | CV26: 1108 | CW26: =CV26/CU26% -> 100 | CX26: 0 | CY26: 12.8 | CZ26: 12.8 | DA26: =CZ26/CY26% -> 100
A27: Краснокутский | B27: =F27+J27+N27+R27+V27+Z27+AD27+AH27+AL27+AP27+AT27+AX27+BB27+BF27+BJ27+BN27+BR27+BV27+BZ27+CD27+CH27+CL27+CP27+CT27+CX27 -> 271048.3 | C27: =G27+K27+O27+S27+W27+AA27+AE27+AI27+AM27+AQ27+AU27+AY27+BC27+BG27+BK27+BO27+BS27+BW27+CA27+CE27+CI27+CM27+CQ27+CU27+CY27 -> 271890.2 | D27: =H27+L27+P27+T27+X27+AB27+AF27+AJ27+AN27+AR27+AV27+AZ27+BD27+BH27+BL27+BP27+BT27+BX27+CB27+CF27+CJ27+CN27+CR27+CV27+CZ27 -> 271434.47 | E27: =D27/C27% -> 99.832383 | F27: 69340.5 | G27: 68008.8 | H27: 67868.769 | I27: =H27/G27% -> 99.794099 | J27: 3903.9 | K27: 5861.5 | L27: 5861.5 | M27: =L27/K27% -> 100 | N27: 243.9 | O27: 253.7 | P27: 253.7 | Q27: =P27/O27% -> 100 | R27: 169706.3 | S27: 168729.8 | T27: 168554.57 | U27: =T27/S27% -> 99.896148 | V27: 10544.9 | W27: 10544.9 | X27: 10544.9 | Y27: =X27/W27% -> 100 | Z27: 105.4 | AA27: 105.4 | AB27: 105.4 | AC27: =AB27/AA27% -> 100 | AD27: 0 | AE27: 0 | AF27: 0 | AH27: 0 | AI27: 0 | AJ27: 0 | AL27: 4984.9 | AM27: 6059.5 | AN27: 6059.5 | AO27: =AN27/AM27% -> 100 | AP27: 2046.4 | AQ27: 2194.6 | AR27: 2194.6 | AS27: =AR27/AQ27% -> 100 | AT27: 231.3 | AU27: 231.3 | AV27: 231.3 | AX27: 382.1 | AY27: 382.1 | AZ27: 382.1 | BA27: =AZ27/AY27% -> 100 | BB27: 0 | BC27: 0 | BD27: 0 | BF27: 1462.1 | BG27: 1462.1 | BH27: 1462.1 | BI27: =BH27/BG27% -> 100 | BJ27: 5413.1 | BK27: 5363.1 | BL27: 5267.8743 | BM27: =BL27/BK27% -> 98.224429 | BN27: 381.3 | BO27: 381.3 | BP27: 381.3 | BQ27: =BP27/BO27% -> 100 | BR27: 555.1 | BS27: 555.1 | BT27: 555.1 | BU27: =BT27/BS27% -> 100 | BV27: 15.1 | BW27: 15.1 | BX27: 15.0528 | BY27: =BX27/BW27% -> 99.687417 | BZ27: 207.1 | CA27: 207.1 | CB27: 207.1 | CC27: =CB27/CA27% -> 100 | CD27: 195.2 | CE27: 195.2 | CF27: 195.2 | CG27: =CF27/CE27% -> 100 | CH27: 195 | CI27: 195 | CJ27: 195 | CK27: =CJ27/CI27% -> 100 | CL27: 44.6 | CM27: 44.6 | CN27: 0 | CO27: =CN27/CM27% -> 0 | CP27: 0.6 | CQ27: 0.6 | CR27: 0 | CS27: =CR27/CQ27% -> 0 | CT27: 1089.5 | CU27: 1089.5 | CV27: 1089.5 | CW27: =CV27/CU27% -> 100 | CX27: 0 | CY27: 9.9 | CZ27: 9.9 | DA27: =CZ27/CY27% -> 100
A28: Краснопартизанский | B28: =F28+J28+N28+R28+V28+Z28+AD28+AH28+AL28+AP28+AT28+AX28+BB28+BF28+BJ28+BN28+BR28+BV28+BZ28+CD28+CH28+CL28+CP28+CT28+CX28 -> 103973.3 | C28: =G28+K28+O28+S28+W28+AA28+AE28+AI28+AM28+AQ28+AU28+AY28+BC28+BG28+BK28+BO28+BS28+BW28+CA28+CE28+CI28+CM28+CQ28+CU28+CY28 -> 110761.1 | D28: =H28+L28+P28+T28+X28+AB28+AF28+AJ28+AN28+AR28+AV28+AZ28+BD28+BH28+BL28+BP28+BT28+BX28+CB28+CF28+CJ28+CN28+CR28+CV28+CZ28 -> 110551.02 | E28: =D28/C28% -> 99.810331 | F28: 25059.7 | G28: 25059.7 | H28: 25059.199 | I28: =H28/G28% -> 99.998003 | J28: 908.7 | K28: 1152.5 | L28: 1055.3254 | M28: =L28/K28% -> 91.568364 | N28: 84.1 | O28: 95.8 | P28: 28.91979 | Q28: =P28/O28% -> 30.187672 | R28: 69853.1 | S28: 77181.1 | T28: 77180.85 | U28: =T28/S28% -> 99.999676 | V28: 0 | W28: 0 | X28: 0 | Z28: 0 | AA28: 0 | AB28: 0 | AD28: 0 | AE28: 0 | AF28: 0 | AH28: 0 | AI28: 0 | AJ28: 0 | AL28: 1755.5 | AM28: 1755.5 | AN28: 1755.484 | AO28: =AN28/AM28% -> 99.999089 | AP28: 648.3 | AQ28: 648.3 | AR28: 648.299 | AS28: =AR28/AQ28% -> 99.999846 | AT28: 46.3 | AU28: 46.3 | AV28: 46.3 | AX28: 203.8 | AY28: 203.8 | AZ28: 203.77299 | BA28: =AZ28/AY28% -> 99.986747 | BB28: 0 | BC28: 0 | BD28: 0 | BF28: 483 | BG28: 483 | BH28: 483 | BI28: =BH28/BG28% -> 100 | BJ28: 3598.5 | BK28: 2798.5 | BL28: 2798.5 | BM28: =BL28/BK28% -> 100 | BN28: 197 | BO28: 197 | BP28: 196.97 | BQ28: =BP28/BO28% -> 99.984772 | BR28: 185 | BS28: 185 | BT28: 185 | BU28: =BT28/BS28% -> 100 | BV28: 0 | BW28: 0 | BX28: 0 | BZ28: 207.1 | CA28: 207.1 | CB28: 207.09999 | CC28: =CB28/CA28% -> 99.999995 | CD28: 195.2 | CE28: 195.2 | CF28: 195.19996 | CG28: =CF28/CE28% -> 99.99998 | CH28: 195 | CI28: 195 | CJ28: 195 | CK28: =CJ28/CI28% -> 100 | CL28: 44.6 | CM28: 44.6 | CN28: 0 | CO28: =CN28/CM28% -> 0 | CP28: 0.6 | CQ28: 0.6 | CR28: 0 | CS28: =CR28/CQ28% -> 0 | CT28: 307.8 | CU28: 307.8 | CV28: 307.8 | CW28: =CV28/CU28% -> 100 | CX28: 0 | CY28: 4.3 | CZ28: 4.3 | DA28: =CZ28/CY28% -> 100
A29: Лысогорский | B29: =F29+J29+N29+R29+V29+Z29+AD29+AH29+AL29+AP29+AT29+AX29+BB29+BF29+BJ29+BN29+BR29+BV29+BZ29+CD29+CH29+CL29+CP29+CT29+CX29 -> 174920.8 | C29: =G29+K29+O29+S29+W29+AA29+AE29+AI29+AM29+AQ29+AU29+AY29+BC29+BG29+BK29+BO29+BS29+BW29+CA29+CE29+CI29+CM29+CQ29+CU29+CY29 -> 171062.9 | D29: =H29+L29+P29+T29+X29+AB29+AF29+AJ29+AN29+AR29+AV29+AZ29+BD29+BH29+BL29+BP29+BT29+BX29+CB29+CF29+CJ29+CN29+CR29+CV29+CZ29 -> 170967.92 | E29: =D29/C29% -> 99.944476 | F29: 27934.5 | G29: 24540.5 | H29: 24540.5 | I29: =H29/G29% -> 100 | J29: 1152.5 | K29: 1032.8 | L29: 1032.8 | M29: =L29/K29% -> 100 | N29: 106.7 | O29: 106.7 | P29: 106.7 | Q29: =P29/O29% -> 100 | R29: 136835 | S29: 136835 | T29: 136835 | U29: =T29/S29% -> 100 | V29: 0 | W29: 0 | X29: 0 | Z29: 0 | AA29: 0 | AB29: 0 | AD29: 0 | AE29: 0 | AF29: 0 | AH29: 0 | AI29: 0 | AJ29: 0 | AL29: 3542.7 | AM29: 3542.7 | AN29: 3542.7 | AO29: =AN29/AM29% -> 100 | AP29: 926.6 | AQ29: 926.6 | AR29: 926.6 | AS29: =AR29/AQ29% -> 100 | AT29: 92.5 | AU29: 92.5 | AV29: 92.49993 | AX29: 203.8 | AY29: 203.8 | AZ29: 203.8 | BA29: =AZ29/AY29% -> 100 | BB29: 0 | BC29: 0 | BD29: 0 | BF29: 836.2 | BG29: 836.2 | BH29: 836.2 | BI29: =BH29/BG29% -> 100 | BJ29: 1423.2 | BK29: 1073.2 | BL29: 1016.6184 | BM29: =BL29/BK29% -> 94.727766 | BN29: 197 | BO29: 197 | BP29: 197 | BQ29: =BP29/BO29% -> 100 | BR29: 185 | BS29: 185 | BT29: 185 | BU29: =BT29/BS29% -> 100 | BV29: 0 | BW29: 0 | BX29: 0 | BZ29: 207.1 | CA29: 207.1 | CB29: 207.1 | CC29: =CB29/CA29% -> 100 | CD29: 195.2 | CE29: 195.2 | CF29: 195.2 | CG29: =CF29/CE29% -> 100 | CH29: 195 | CI29: 195 | CJ29: 195 | CK29: =CJ29/CI29% -> 100 | CL29: 37.9 | CM29: 37.9 | CN29: 0 | CO29: =CN29/CM29% -> 0 | CP29: 0.5 | CQ29: 0.5 | CR29: 0 | CS29: =CR29/CQ29% -> 0 | CT29: 849.4 | CU29: 849.4 | CV29: 849.4 | CW29: =CV29/CU29% -> 100 | CX29: 0 | CY29: 5.8 | CZ29: 5.8 | DA29: =CZ29/CY29% -> 100
A30: Марксовский | B30: =F30+J30+N30+R30+V30+Z30+AD30+AH30+AL30+AP30+AT30+AX30+BB30+BF30+BJ30+BN30+BR30+BV30+BZ30+CD30+CH30+CL30+CP30+CT30+CX30 -> 504084.2 | C30: =G30+K30+O30+S30+W30+AA30+AE30+AI30+AM30+AQ30+AU30+AY30+BC30+BG30+BK30+BO30+BS30+BW30+CA30+CE30+CI30+CM30+CQ30+CU30+CY30 -> 499702 | D30: =H30+L30+P30+T30+X30+AB30+AF30+AJ30+AN30+AR30+AV30+AZ30+BD30+BH30+BL30+BP30+BT30+BX30+CB30+CF30+CJ30+CN30+CR30+CV30+CZ30 -> 499574.92 | E30: =D30/C30% -> 99.974569 | F30: 91138.4 | G30: 77549.7 | H30: 77549.7 | I30: =H30/G30% -> 100 | J30: 8513.3 | K30: 10882.6 | L30: 10882.6 | M30: =L30/K30% -> 100 | N30: 402.1 | O30: 436.9 | P30: 436.9 | Q30: =P30/O30% -> 100 | R30: 372587.6 | S30: 381210.3 | T30: 381210.3 | U30: =T30/S30% -> 100 | V30: 0 | W30: 0 | X30: 0 | Z30: 0 | AA30: 0 | AB30: 0 | AD30: 0 | AE30: 0 | AF30: 0 | AH30: 0 | AI30: 0 | AJ30: 0 | AL30: 8276.7 | AM30: 8688.6 | AN30: 8688.6 | AO30: =AN30/AM30% -> 100 | AP30: 2628.4 | AQ30: 2628.4 | AR30: 2628.4 | AS30: =AR30/AQ30% -> 100 | AT30: 436.9 | AU30: 436.9 | AV30: 436.9 | AX30: 581.3 | AY30: 581.3 | AZ30: 581.3 | BA30: =AZ30/AY30% -> 100 | BB30: 0 | BC30: 0 | BD30: 0 | BF30: 2727.3 | BG30: 2727.3 | BH30: 2727.3 | BI30: =BH30/BG30% -> 100 | BJ30: 12686.6 | BK30: 10436.6 | BL30: 10393.819 | BM30: =BL30/BK30% -> 99.590089 | BN30: 1126.8 | BO30: 1126.8 | BP30: 1126.8 | BQ30: =BP30/BO30% -> 100 | BR30: 1165.2 | BS30: 1165.2 | BT30: 1165.2 | BU30: =BT30/BS30% -> 100 | BV30: 66.2 | BW30: 66.2 | BX30: 66.2 | BY30: =BX30/BW30% -> 100 | BZ30: 216.3 | CA30: 216.3 | CB30: 216.3 | CC30: =CB30/CA30% -> 100 | CD30: 204.4 | CE30: 204.4 | CF30: 165.30079 | CG30: =CF30/CE30% -> 80.871228 | CH30: 204.2 | CI30: 204.2 | CJ30: 204.2 | CK30: =CJ30/CI30% -> 100 | CL30: 44.6 | CM30: 44.6 | CN30: 0 | CO30: =CN30/CM30% -> 0 | CP30: 0.6 | CQ30: 0.6 | CR30: 0 | CS30: =CR30/CQ30% -> 0 | CT30: 1077.3 | CU30: 1077.3 | CV30: 1077.3 | CW30: =CV30/CU30% -> 100 | CX30: 0 | CY30: 17.8 | CZ30: 17.8 | DA30: =CZ30/CY30% -> 100
A31: Новобурасский | B31: =F31+J31+N31+R31+V31+Z31+AD31+AH31+AL31+AP31+AT31+AX31+BB31+BF31+BJ31+BN31+BR31+BV31+BZ31+CD31+CH31+CL31+CP31+CT31+CX31 -> 144659.5 | C31: =G31+K31+O31+S31+W31+AA31+AE31+AI31+AM31+AQ31+AU31+AY31+BC31+BG31+BK31+BO31+BS31+BW31+CA31+CE31+CI31+CM31+CQ31+CU31+CY31 -> 144295.8 | D31: =H31+L31+P31+T31+X31+AB31+AF31+AJ31+AN31+AR31+AV31+AZ31+BD31+BH31+BL31+BP31+BT31+BX31+CB31+CF31+CJ31+CN31+CR31+CV31+CZ31 -> 144225.2 | E31: =D31/C31% -> 99.95107 | F31: 28989 | G31: 28989 | H31: 28989 | I31: =H31/G31% -> 100 | J31: 1386.3 | K31: 1798.7 | L31: 1798.7 | M31: =L31/K31% -> 100 | N31: 89.2 | O31: 100.3 | P31: 99.94064 | Q31: =P31/O31% -> 99.641715 | R31: 104664.9 | S31: 104664.9 | T31: 104664.9 | U31: =T31/S31% -> 100 | V31: 0 | W31: 0 | X31: 0 | Z31: 0 | AA31: 0 | AB31: 0 | AD31: 0 | AE31: 0 | AF31: 0 | AH31: 0 | AI31: 0 | AJ31: 0 | AL31: 2381.5 | AM31: 2414.3 | AN31: 2414.3 | AO31: =AN31/AM31% -> 100 | AP31: 729 | AQ31: 654.4 | AR31: 654.3797 | AS31: =AR31/AQ31% -> 99.996898 | AT31: 92.5 | AU31: 92.5 | AV31: 92.5 | AX31: 203.8 | AY31: 203.8 | AZ31: 203.8 | BA31: =AZ31/AY31% -> 100 | BB31: 0 | BC31: 0 | BD31: 0 | BF31: 690 | BG31: 690 | BH31: 690 | BI31: =BH31/BG31% -> 100 | BJ31: 3657.8 | BK31: 2907.8 | BL31: 2884.7264 | BM31: =BL31/BK31% -> 99.206493 | BN31: 197 | BO31: 197 | BP31: 197 | BQ31: =BP31/BO31% -> 100 | BR31: 185 | BS31: 185 | BT31: 185 | BU31: =BT31/BS31% -> 100 | BV31: 0 | BW31: 0 | BX31: 0 | BY31: =BX31/BW31% -> #DIV/0! | BZ31: 207.1 | CA31: 207.1 | CB31: 205.14933 | CC31: =CB31/CA31% -> 99.058102 | CD31: 195.2 | CE31: 195.2 | CF31: 195.2 | CG31: =CF31/CE31% -> 100 | CH31: 195 | CI31: 195 | CJ31: 195 | CK31: =CJ31/CI31% -> 100 | CL31: 44.6 | CM31: 44.6 | CN31: 0 | CO31: =CN31/CM31% -> 0 | CP31: 0.6 | CQ31: 0.6 | CR31: 0 | CS31: =CR31/CQ31% -> 0 | CT31: 751 | CU31: 751 | CV31: 751 | CW31: =CV31/CU31% -> 100 | CX31: 0 | CY31: 4.6 | CZ31: 4.6 | DA31: =CZ31/CY31% -> 100
A32: Новоузенский | B32: =F32+J32+N32+R32+V32+Z32+AD32+AH32+AL32+AP32+AT32+AX32+BB32+BF32+BJ32+BN32+BR32+BV32+BZ32+CD32+CH32+CL32+CP32+CT32+CX32 -> 248466 | C32: =G32+K32+O32+S32+W32+AA32+AE32+AI32+AM32+AQ32+AU32+AY32+BC32+BG32+BK32+BO32+BS32+BW32+CA32+CE32+CI32+CM32+CQ32+CU32+CY32 -> 248918.6 | D32: =H32+L32+P32+T32+X32+AB32+AF32+AJ32+AN32+AR32+AV32+AZ32+BD32+BH32+BL32+BP32+BT32+BX32+CB32+CF32+CJ32+CN32+CR32+CV32+CZ32 -> 248790.21 | E32: =D32/C32% -> 99.948422 | F32: 64409.8 | G32: 64717.4 | H32: 64717.4 | I32: =H32/G32% -> 100 | J32: 2345.7 | K32: 3104.7 | L32: 3104.7 | M32: =L32/K32% -> 100 | N32: 197.3 | O32: 220.1 | P32: 220.1 | Q32: =P32/O32% -> 100 | R32: 166681.8 | S32: 166681.8 | T32: 166681.8 | U32: =T32/S32% -> 100 | V32: 0 | W32: 0 | X32: 0 | Z32: 0 | AA32: 0 | AB32: 0 | AD32: 0 | AE32: 0 | AF32: 0 | AH32: 0 | AI32: 0 | AJ32: 0 | AL32: 4451.9 | AM32: 4451.9 | AN32: 4451.9 | AO32: =AN32/AM32% -> 100 | AP32: 1132.3 | AQ32: 1132.3 | AR32: 1132.3 | AS32: =AR32/AQ32% -> 100 | AT32: 231.3 | AU32: 231.3 | AV32: 231.3 | AX32: 382.1 | AY32: 382.1 | AZ32: 382.1 | BA32: =AZ32/AY32% -> 100 | BB32: 739.5 | BC32: 739.5 | BD32: 739.5 | BE32: =BD32/BC32% -> 100 | BF32: 1288.3 | BG32: 1288.3 | BH32: 1288.3 | BI32: =BH32/BG32% -> 100 | BJ32: 4099.5 | BK32: 3499.5 | BL32: 3456.3031 | BM32: =BL32/BK32% -> 98.765627 | BN32: 197 | BO32: 197 | BP32: 197 | BQ32: =BP32/BO32% -> 100 | BR32: 555.1 | BS32: 555.1 | BT32: 555.1 | BU32: =BT32/BS32% -> 100 | BV32: 58.7 | BW32: 12.8 | BX32: 12.71268 | BY32: =BX32/BW32% -> 99.317813 | BZ32: 207.1 | CA32: 207.1 | CB32: 207.1 | CC32: =CB32/CA32% -> 100 | CD32: 195.2 | CE32: 195.2 | CF32: 195.2 | CG32: =CF32/CE32% -> 100 | CH32: 195 | CI32: 195 | CJ32: 195 | CK32: =CJ32/CI32% -> 100 | CL32: 160.4 | CM32: 160.4 | CN32: 84.516 | CO32: =CN32/CM32% -> 52.690773 | CP32: 2.4 | CQ32: 2.4 | CR32: 2.28 | CS32: =CR32/CQ32% -> 95 | CT32: 935.6 | CU32: 935.6 | CV32: 935.6 | CW32: =CV32/CU32% -> 100 | CX32: 0 | CY32: 9.1 | CZ32: 0 | DA32: =CZ32/CY32% -> 0
A33: Озинский | B33: =F33+J33+N33+R33+V33+Z33+AD33+AH33+AL33+AP33+AT33+AX33+BB33+BF33+BJ33+BN33+BR33+BV33+BZ33+CD33+CH33+CL33+CP33+CT33+CX33 -> 186118.1 | C33: =G33+K33+O33+S33+W33+AA33+AE33+AI33+AM33+AQ33+AU33+AY33+BC33+BG33+BK33+BO33+BS33+BW33+CA33+CE33+CI33+CM33+CQ33+CU33+CY33 -> 180042.2 | D33: =H33+L33+P33+T33+X33+AB33+AF33+AJ33+AN33+AR33+AV33+AZ33+BD33+BH33+BL33+BP33+BT33+BX33+CB33+CF33+CJ33+CN33+CR33+CV33+CZ33 -> 177551.47 | E33: =D33/C33% -> 98.616583 | F33: 39175.6 | G33: 35888.9 | H33: 34375.445 | I33: =H33/G33% -> 95.782943 | J33: 2450.2 | K33: 3151.9 | L33: 3151.9 | M33: =L33/K33% -> 100 | N33: 152 | O33: 167.2 | P33: 167.2 | Q33: =P33/O33% -> 100 | R33: 134495.2 | S33: 131401.7 | T33: 130517.73 | U33: =T33/S33% -> 99.327274 | V33: 0 | W33: 0 | X33: 0 | Z33: 0 | AA33: 0 | AB33: 0 | AD33: 0 | AE33: 0 | AF33: 0 | AH33: 0 | AI33: 0 | AJ33: 0 | AL33: 3520.8 | AM33: 3520.8 | AN33: 3520.8 | AO33: =AN33/AM33% -> 100 | AP33: 1084.5 | AQ33: 1084.5 | AR33: 1084.5 | AS33: =AR33/AQ33% -> 100 | AT33: 138.8 | AU33: 120 | AV33: 119.95 | AX33: 203.8 | AY33: 203.8 | AZ33: 203.8 | BA33: =AZ33/AY33% -> 100 | BB33: 0 | BC33: 0 | BD33: 0 | BF33: 759 | BG33: 759 | BH33: 759 | BI33: =BH33/BG33% -> 100 | BJ33: 1867.2 | BK33: 1467.2 | BL33: 1421.5199 | BM33: =BL33/BK33% -> 96.886582 | BN33: 197 | BO33: 197 | BP33: 197 | BQ33: =BP33/BO33% -> 100 | BR33: 370.1 | BS33: 370.1 | BT33: 370.1 | BU33: =BT33/BS33% -> 100 | BV33: 76.6 | BW33: 76.6 | BX33: 76.6 | BY33: =BX33/BW33% -> 100 | BZ33: 207.1 | CA33: 207.1 | CB33: 207.1 | CC33: =CB33/CA33% -> 100 | CD33: 195.2 | CE33: 195.2 | CF33: 195.2 | CG33: =CF33/CE33% -> 100 | CH33: 195 | CI33: 195 | CJ33: 195 | CK33: =CJ33/CI33% -> 100 | CL33: 44.6 | CM33: 44.6 | CN33: 9.623 | CO33: =CN33/CM33% -> 21.576233 | CP33: 0.6 | CQ33: 0.6 | CR33: 0.57 | CS33: =CR33/CQ33% -> 95 | CT33: 984.8 | CU33: 984.8 | CV33: 972.2315 | CW33: =CV33/CU33% -> 98.723751 | CX33: 0 | CY33: 6.2 | CZ33: 6.2 | DA33: =CZ33/CY33% -> 100
A34: Перелюбский | B34: =F34+J34+N34+R34+V34+Z34+AD34+AH34+AL34+AP34+AT34+AX34+BB34+BF34+BJ34+BN34+BR34+BV34+BZ34+CD34+CH34+CL34+CP34+CT34+CX34 -> 172863.7 | C34: =G34+K34+O34+S34+W34+AA34+AE34+AI34+AM34+AQ34+AU34+AY34+BC34+BG34+BK34+BO34+BS34+BW34+CA34+CE34+CI34+CM34+CQ34+CU34+CY34 -> 173271.7 | D34: =H34+L34+P34+T34+X34+AB34+AF34+AJ34+AN34+AR34+AV34+AZ34+BD34+BH34+BL34+BP34+BT34+BX34+CB34+CF34+CJ34+CN34+CR34+CV34+CZ34 -> 173184.75 | E34: =D34/C34% -> 99.949821 | F34: 36940.2 | G34: 34579.4 | H34: 34579.4 | I34: =H34/G34% -> 100 | J34: 2050.5 | K34: 2549.6 | L34: 2549.6 | M34: =L34/K34% -> 100 | N34: 106.4 | O34: 118.4 | P34: 118.4 | Q34: =P34/O34% -> 100 | R34: 125793.6 | S34: 127696.1 | T34: 127696.1 | U34: =T34/S34% -> 100 | V34: 0 | W34: 0 | X34: 0 | Z34: 0 | AA34: 0 | AB34: 0 | AD34: 0 | AE34: 0 | AF34: 0 | AH34: 0 | AI34: 0 | AJ34: 0 | AL34: 3655.5 | AM34: 4116.1 | AN34: 4116.1 | AO34: =AN34/AM34% -> 100 | AP34: 1069.4 | AQ34: 1009.4 | AR34: 1009.4 | AS34: =AR34/AQ34% -> 100 | AT34: 92.5 | AU34: 92.5 | AV34: 92.5 | AX34: 203.8 | AY34: 203.8 | AZ34: 203.8 | BA34: =AZ34/AY34% -> 100 | BB34: 0 | BC34: 0 | BD34: 0 | BF34: 580.9 | BG34: 580.9 | BH34: 580.9 | BI34: =BH34/BG34% -> 100 | BJ34: 447.8 | BK34: 397.8 | BL34: 356.05427 | BM34: =BL34/BK34% -> 89.50585 | BN34: 197 | BO34: 197 | BP34: 197 | BQ34: =BP34/BO34% -> 100 | BR34: 185 | BS34: 185 | BT34: 185 | BU34: =BT34/BS34% -> 100 | BV34: 0 | BW34: 0 | BX34: 0 | BZ34: 207.1 | CA34: 207.1 | CB34: 207.1 | CC34: =CB34/CA34% -> 100 | CD34: 195.2 | CE34: 195.2 | CF34: 195.2 | CG34: =CF34/CE34% -> 100 | CH34: 195 | CI34: 195 | CJ34: 195 | CK34: =CJ34/CI34% -> 100 | CL34: 44.6 | CM34: 44.6 | CN34: 0 | CO34: =CN34/CM34% -> 0 | CP34: 0.6 | CQ34: 0.6 | CR34: 0 | CS34: =CR34/CQ34% -> 0 | CT34: 898.6 | CU34: 898.6 | CV34: 898.6 | CW34: =CV34/CU34% -> 100 | CX34: 0 | CY34: 4.6 | CZ34: 4.6 | DA34: =CZ34/CY34% -> 100
A35: Петровский | B35: =F35+J35+N35+R35+V35+Z35+AD35+AH35+AL35+AP35+AT35+AX35+BB35+BF35+BJ35+BN35+BR35+BV35+BZ35+CD35+CH35+CL35+CP35+CT35+CX35 -> 281165.7 | C35: =G35+K35+O35+S35+W35+AA35+AE35+AI35+AM35+AQ35+AU35+AY35+BC35+BG35+BK35+BO35+BS35+BW35+CA35+CE35+CI35+CM35+CQ35+CU35+CY35 -> 283048.8 | D35: =H35+L35+P35+T35+X35+AB35+AF35+AJ35+AN35+AR35+AV35+AZ35+BD35+BH35+BL35+BP35+BT35+BX35+CB35+CF35+CJ35+CN35+CR35+CV35+CZ35 -> 282888.08 | E35: =D35/C35% -> 99.94322 | F35: 64015.3 | G35: 65759.8 | H35: 65759.8 | I35: =H35/G35% -> 100 | J35: 3418.3 | K35: 4817.4 | L35: 4817.4 | M35: =L35/K35% -> 100 | N35: 237.9 | O35: 243.9 | P35: 243.9 | Q35: =P35/O35% -> 100 | R35: 189473.9 | S35: 189473.9 | T35: 189473.9 | U35: =T35/S35% -> 100 | V35: 0 | W35: 0 | X35: 0 | Z35: 0 | AA35: 0 | AB35: 0 | AD35: 0 | AE35: 0 | AF35: 0 | AH35: 0 | AI35: 0 | AJ35: 0 | AL35: 4528.8 | AM35: 4507.4 | AN35: 4507.4 | AO35: =AN35/AM35% -> 100 | AP35: 2263 | AQ35: 2074.6 | AR35: 2074.6 | AS35: =AR35/AQ35% -> 100 | AT35: 231.3 | AU35: 231.3 | AV35: 231.3 | AX35: 382.1 | AY35: 382.1 | AZ35: 382.1 | BA35: =AZ35/AY35% -> 100 | BB35: 739.5 | BC35: 739.5 | BD35: 739.5 | BE35: =BD35/BC35% -> 100 | BF35: 1838.9 | BG35: 1838.9 | BH35: 1838.9 | BI35: =BH35/BG35% -> 100 | BJ35: 11443.1 | BK35: 10373.1 | BL35: 10248.819 | BM35: =BL35/BK35% -> 98.801892 | BN35: 565.4 | BO35: 565.4 | BP35: 565.4 | BQ35: =BP35/BO35% -> 100 | BR35: 555.1 | BS35: 555.1 | BT35: 555.1 | BU35: =BT35/BS35% -> 100 | BV35: 11.3 | BW35: 11.3 | BX35: 10.56456 | BY35: =BX35/BW35% -> 93.491681 | BZ35: 207.1 | CA35: 207.1 | CB35: 207.1 | CC35: =CB35/CA35% -> 100 | CD35: 195.2 | CE35: 195.2 | CF35: 195.2 | CG35: =CF35/CE35% -> 100 | CH35: 195 | CI35: 195 | CJ35: 195 | CK35: =CJ35/CI35% -> 100 | CL35: 93.6 | CM35: 93.6 | CN35: 59.46 | CO35: =CN35/CM35% -> 63.525641 | CP35: 1.4 | CQ35: 1.4 | CR35: 0.99 | CS35: =CR35/CQ35% -> 70.714286 | CT35: 769.5 | CU35: 769.5 | CV35: 769.5 | CW35: =CV35/CU35% -> 100 | CX35: 0 | CY35: 13.3 | CZ35: 12.151 | DA35: =CZ35/CY35% -> 91.360902
A36: Питерский | B36: =F36+J36+N36+R36+V36+Z36+AD36+AH36+AL36+AP36+AT36+AX36+BB36+BF36+BJ36+BN36+BR36+BV36+BZ36+CD36+CH36+CL36+CP36+CT36+CX36 -> 147774.1 | C36: =G36+K36+O36+S36+W36+AA36+AE36+AI36+AM36+AQ36+AU36+AY36+BC36+BG36+BK36+BO36+BS36+BW36+CA36+CE36+CI36+CM36+CQ36+CU36+CY36 -> 143276.6 | D36: =H36+L36+P36+T36+X36+AB36+AF36+AJ36+AN36+AR36+AV36+AZ36+BD36+BH36+BL36+BP36+BT36+BX36+CB36+CF36+CJ36+CN36+CR36+CV36+CZ36 -> 143171.19 | E36: =D36/C36% -> 99.926427 | F36: 38304.5 | G36: 34694.2 | H36: 34694.2 | I36: =H36/G36% -> 100 | J36: 1062.5 | K36: 805.8 | L36: 805.8 | M36: =L36/K36% -> 100 | N36: 96.2 | O36: 96.2 | P36: 96.2 | Q36: =P36/O36% -> 100 | R36: 99553.2 | S36: 99553.2 | T36: 99553.2 | U36: =T36/S36% -> 100 | V36: 0 | W36: 0 | X36: 0 | Z36: 0 | AA36: 0 | AB36: 0 | AD36: 0 | AE36: 0 | AF36: 0 | AH36: 0 | AI36: 0 | AJ36: 0 | AL36: 2678.9 | AM36: 2678.9 | AN36: 2678.9 | AO36: =AN36/AM36% -> 100 | AP36: 491.8 | AQ36: 491.8 | AR36: 491.8 | AS36: =AR36/AQ36% -> 100 | AT36: 92.5 | AU36: 92.5 | AV36: 92.5 | AX36: 203.8 | AY36: 203.8 | AZ36: 203.8 | BA36: =AZ36/AY36% -> 100 | BB36: 0 | BC36: 0 | BD36: 0 | BF36: 714.2 | BG36: 708.5 | BH36: 708.5 | BI36: =BH36/BG36% -> 100 | BJ36: 2579.4 | BK36: 1949.4 | BL36: 1889.187 | BM36: =BL36/BK36% -> 96.911203 | BN36: 197 | BO36: 197 | BP36: 197 | BQ36: =BP36/BO36% -> 100 | BR36: 185 | BS36: 185 | BT36: 185 | BU36: =BT36/BS36% -> 100 | BV36: 0 | BW36: 0 | BX36: 0 | BZ36: 207.1 | CA36: 207.1 | CB36: 207.1 | CC36: =CB36/CA36% -> 100 | CD36: 195.2 | CE36: 195.2 | CF36: 195.2 | CG36: =CF36/CE36% -> 100 | CH36: 195 | CI36: 195 | CJ36: 195 | CK36: =CJ36/CI36% -> 100 | CL36: 44.6 | CM36: 44.6 | CN36: 0 | CO36: =CN36/CM36% -> 0 | CP36: 0.6 | CQ36: 0.6 | CR36: 0 | CS36: =CR36/CQ36% -> 0 | CT36: 972.6 | CU36: 972.6 | CV36: 972.6 | CW36: =CV36/CU36% -> 100 | CX36: 0 | CY36: 5.2 | CZ36: 5.2 | DA36: =CZ36/CY36% -> 100
A37: Пугачевский | B37: =F37+J37+N37+R37+V37+Z37+AD37+AH37+AL37+AP37+AT37+AX37+BB37+BF37+BJ37+BN37+BR37+BV37+BZ37+CD37+CH37+CL37+CP37+CT37+CX37 -> 423350.7 | C37: =G37+K37+O37+S37+W37+AA37+AE37+AI37+AM37+AQ37+AU37+AY37+BC37+BG37+BK37+BO37+BS37+BW37+CA37+CE37+CI37+CM37+CQ37+CU37+CY37 -> 432495.9 | D37: =H37+L37+P37+T37+X37+AB37+AF37+AJ37+AN37+AR37+AV37+AZ37+BD37+BH37+BL37+BP37+BT37+BX37+CB37+CF37+CJ37+CN37+CR37+CV37+CZ37 -> 432281.89 | E37: =D37/C37% -> 99.950518 | F37: 107432.1 | G37: 105106.8 | H37: 105106.8 | I37: =H37/G37% -> 100 | J37: 6602.1 | K37: 8873.9 | L37: 8873.9 | M37: =L37/K37% -> 100 | N37: 375.4 | O37: 412.2 | P37: 412.2 | Q37: =P37/O37% -> 100 | R37: 285841.2 | S37: 294396.4 | T37: 294396.4 | U37: =T37/S37% -> 100 | V37: 0 | W37: 0 | X37: 0 | Z37: 0 | AA37: 0 | AB37: 0 | AD37: 0 | AE37: 0 | AF37: 0 | AH37: 0 | AI37: 0 | AJ37: 0 | AL37: 6723.9 | AM37: 7895.8 | AN37: 7895.8 | AO37: =AN37/AM37% -> 100 | AP37: 1742.1 | AQ37: 1787.6 | AR37: 1787.6 | AS37: =AR37/AQ37% -> 100 | AT37: 388.4 | AU37: 388.4 | AV37: 388.4 | AX37: 581.3 | AY37: 581.3 | AZ37: 581.3 | BA37: =AZ37/AY37% -> 100 | BB37: 0 | BC37: 0 | BD37: 0 | BF37: 2534.2 | BG37: 2525.9 | BH37: 2525.9 | BI37: =BH37/BG37% -> 100 | BJ37: 8030.5 | BK37: 7411.1 | BL37: 7242.2938 | BM37: =BL37/BK37% -> 97.722251 | BN37: 399.6 | BO37: 399.6 | BP37: 399.6 | BQ37: =BP37/BO37% -> 100 | BR37: 971 | BS37: 971 | BT37: 971 | BU37: =BT37/BS37% -> 100 | BV37: 0 | BW37: 0 | BX37: 0 | BZ37: 216.3 | CA37: 216.3 | CB37: 216.3 | CC37: =CB37/CA37% -> 100 | CD37: 204.4 | CE37: 204.4 | CF37: 204.4 | CG37: =CF37/CE37% -> 100 | CH37: 204.2 | CI37: 204.2 | CJ37: 204.2 | CK37: =CJ37/CI37% -> 100 | CL37: 44.6 | CM37: 44.6 | CN37: 0 | CO37: =CN37/CM37% -> 0 | CP37: 0.6 | CQ37: 0.6 | CR37: 0 | CS37: =CR37/CQ37% -> 0 | CT37: 1058.8 | CU37: 1058.8 | CV37: 1058.8 | CW37: =CV37/CU37% -> 100 | CX37: 0 | CY37: 17 | CZ37: 17 | DA37: =CZ37/CY37% -> 100
